Workbook

Sheet Data
B1: ابعاد الواقعه | I1: بيانات الفعل الاحتجاجي | M1: بيانات الفئات المشاركه | Q1: القمع | T1: قتل | V1: اصابه | X1: قبض | Z1: بيانات اخري | AD1: مصادر
A2: الكود | B2: التاريخ | C2: النطاق الزمني | D2: المحافظه | E2: الإقليم الجغرافي | F2: الدائرة/ القسم/المركز | G2: المكان | H2: اسم مميز للواقعة، حسب حدث أو سياق متصل | I2: نوع الفعل الاحتجاجي | J2: تصنيف نوع الفعل الاحتجاجي | K2: سبب الفعل الاحتجاجي | L2: تصنيف سبب الفعل الاحتجاجي | M2: الفئات المنظمة للفعل الاحتجاجي | N2: تصنيف الفئه المنظمه للفعل الاحتجاجي | O2: حجم المشاركة | P2: الجهة المواجهة للفعالية | Q2: فعل قمعي | R2: رد فعل قمعي | S2: جهة القمع | T2: عدد القتلى | U2: بيانات القتلى | V2: عدد الإصابات | W2: بيانات المصابين | X2: عدد حالات القبض | Y2: بيانات حالات القبض | Z2: ردود فعل تالية | AA2: إجراءات قانونية ورسمية | AB2: اتهامات أو مضمون دعاوى قانونية | AC2: ملاحظات | AD2: نص الخبر | AE2: رابط 1 | AF2: رابط 2 | AG2: رابط 3 | AH2: رابط 4 | AI2: رابط 5 | AJ2: رابط 6 | AK2: رابط 7 | AL2: رابط 8
A3: 1 | B3: 46026 | C3: يناير | D3: القاهرة | E3: إقليم القاهرة الكبري | F3: بولاق أبو العلا | G3: مطابع أخبار اليوم | H3: إضر اب عمال مطابع أخبار اليوم | I3: إضراب جزئي عن العمل | J3: إضراب عن العمل | K3: المطالبة بصرف الأجر الإضافي المتأخر منذ 4 أشهر | L3: مطالب اقتصادية | M3: عمال/عاملات | N3: قطاع عام/موظفون | O3: مئات | P3: أصحاب المنشآت | R3: 0 | AD3: للمطالبة بالأجر الإضافي.. وقفة احتجاجية وإضراب جزئي لعمال مطابع أخبار اليوم أخبار وتقارير_ أحمد خليفة منشور الاثنين 5 كانون الثاني/يناير 2026 شارك نظم عمال مطابع مؤسسة أخبار اليوم، أمس الأحد، وقفة احتجاجية أمام مبنى المؤسسة بشارع الصحافة، تزامنًا مع إضراب جزئي عن العمل شهدها مجمع المطابع بالسادس من أكتوبر، للمطالبة بصرف الأجر الإضافي المتأخر منذ 4 أشهر، وفق مصدرين أحدهما عمالي والآخر من صحفيي المؤسسة، تحدثا لـ المنصة. وأوضح المصدر العمالي أن العمال أوقفوا العمل بالمطابع في السادس من أكتوبر وتوافدوا على مبنى المؤسسة بالقاهرة، ما أدى إلى توقف العمل لساعات، فيما كانت قوات من الشرطة تفرض كردونًا أمنيًا حول العمال المحتجين. وأضاف المصدر العمالي، الذي طلب عدم نشر اسمه، أن عمال مطابع أخبار اليوم يعانون من تدني الرواتب التي لا تزيد عن 4 آلاف جنيه، ويعتمدون بشكل أساسي على أجر "المدد الإضافية" والتي لم تصرف منذ أغسطس/آب الماضي، مشيرًا أن إدارة المؤسسة تحتسب الإضافي والبدلات ضمن الأجر مدعية أنها تطبق الحد الأنى للأجور. الأمر نفسه يحدث مع صحفيي المؤسسة، حيث يتم احتساب "بدل التكنولوجيا" ضمن الحد الأدنى للأجور، فيما تتراوح الأجور الفعلية بين 4 و6 آلاف، حسب المصدر الصحفي الذي طلب أيضًا عدم نشر اسمه. وفي واقعة مشابهة، أكدت وزارة العمل في خطاب موجه إلى شركة العامرية للغزل والنسيج، أن احتساب الأجر الإضافي ضمن الحد الأدنى للأجور، مخالف للقانون، وطالبت الشركة بتصحيح آلية احتساب الأجر الإضافي، مؤكدة أن مقابل التشغيل الإضافي يُحتسب على الأجر الشامل للعامل ولا يدخل ضمن الحد الأدنى للأجور. وأضاف الصحفي بأخبار اليوم "لا يتوقف ما يعانيه عمال وصحفيو المؤسسة عند التحايل في تطبيق الحد الأدنى للأجور، حيث توقفت المؤسسة منذ تولى إسلام عفيفي رئاستها، عن تحمل تكلفة العلاج الشهري لأصحاب الأمراض المزمنة كاملًا كما كان متبعًا منذ سنوات"، مشيرًا إلى أن صرف العلاج استمر لبعض الأشخاص من "أصحاب الحظوة والمقربين" على حد وصفه، وتابع "يعيش صحفيو وعمال المؤسسات القومية سنوات عجاف بسبب تدني رواتبهم في ظل ارتفاع الأسعار". ولفت المصدر العمالي أن الوقفات الاحتجاجية المطالبة بالمستحقات المتأخرة لعمال مطابع أخبار اليوم تكررت عدة مرات خلال عام 2025، مشيرًا إلى أنه في إحدى المرات أوقف الأمن أوتوبيس العمال القادم من أكتوبر في الطريق، ومنعهم من الوصول إلى مبنى المؤسسة بشارع الصحافة. | AE3: https://manassa.news/news/29575
A4: 2 | B4: 46026 | C4: يناير | D4: القاهرة | E4: إقليم القاهرة الكبري | F4: بولاق أبو العلا | G4: مطابع أخبار اليوم | H4: إضر اب عمال مطابع أخبار اليوم | I4: وقفة احتجاجية | J4: تظاهرة ميدانية | K4: المطالبة بصرف الأجر الإضافي المتأخر منذ 4 أشهر | L4: مطالب اقتصادية | M4: عمال/عاملات | N4: قطاع عام/موظفون | O4: مئات | P4: أصحاب المنشآت | R4: 0 | AD4: للمطالبة بالأجر الإضافي.. وقفة احتجاجية وإضراب جزئي لعمال مطابع أخبار اليوم أخبار وتقارير_ أحمد خليفة منشور الاثنين 5 كانون الثاني/يناير 2026 شارك نظم عمال مطابع مؤسسة أخبار اليوم، أمس الأحد، وقفة احتجاجية أمام مبنى المؤسسة بشارع الصحافة، تزامنًا مع إضراب جزئي عن العمل شهدها مجمع المطابع بالسادس من أكتوبر، للمطالبة بصرف الأجر الإضافي المتأخر منذ 4 أشهر، وفق مصدرين أحدهما عمالي والآخر من صحفيي المؤسسة، تحدثا لـ المنصة. وأوضح المصدر العمالي أن العمال أوقفوا العمل بالمطابع في السادس من أكتوبر وتوافدوا على مبنى المؤسسة بالقاهرة، ما أدى إلى توقف العمل لساعات، فيما كانت قوات من الشرطة تفرض كردونًا أمنيًا حول العمال المحتجين. وأضاف المصدر العمالي، الذي طلب عدم نشر اسمه، أن عمال مطابع أخبار اليوم يعانون من تدني الرواتب التي لا تزيد عن 4 آلاف جنيه، ويعتمدون بشكل أساسي على أجر "المدد الإضافية" والتي لم تصرف منذ أغسطس/آب الماضي، مشيرًا أن إدارة المؤسسة تحتسب الإضافي والبدلات ضمن الأجر مدعية أنها تطبق الحد الأنى للأجور. الأمر نفسه يحدث مع صحفيي المؤسسة، حيث يتم احتساب "بدل التكنولوجيا" ضمن الحد الأدنى للأجور، فيما تتراوح الأجور الفعلية بين 4 و6 آلاف، حسب المصدر الصحفي الذي طلب أيضًا عدم نشر اسمه. وفي واقعة مشابهة، أكدت وزارة العمل في خطاب موجه إلى شركة العامرية للغزل والنسيج، أن احتساب الأجر الإضافي ضمن الحد الأدنى للأجور، مخالف للقانون، وطالبت الشركة بتصحيح آلية احتساب الأجر الإضافي، مؤكدة أن مقابل التشغيل الإضافي يُحتسب على الأجر الشامل للعامل ولا يدخل ضمن الحد الأدنى للأجور. وأضاف الصحفي بأخبار اليوم "لا يتوقف ما يعانيه عمال وصحفيو المؤسسة عند التحايل في تطبيق الحد الأدنى للأجور، حيث توقفت المؤسسة منذ تولى إسلام عفيفي رئاستها، عن تحمل تكلفة العلاج الشهري لأصحاب الأمراض المزمنة كاملًا كما كان متبعًا منذ سنوات"، مشيرًا إلى أن صرف العلاج استمر لبعض الأشخاص من "أصحاب الحظوة والمقربين" على حد وصفه، وتابع "يعيش صحفيو وعمال المؤسسات القومية سنوات عجاف بسبب تدني رواتبهم في ظل ارتفاع الأسعار". ولفت المصدر العمالي أن الوقفات الاحتجاجية المطالبة بالمستحقات المتأخرة لعمال مطابع أخبار اليوم تكررت عدة مرات خلال عام 2025، مشيرًا إلى أنه في إحدى المرات أوقف الأمن أوتوبيس العمال القادم من أكتوبر في الطريق، ومنعهم من الوصول إلى مبنى المؤسسة بشارع الصحافة. | AE4: https://manassa.news/news/29575
A5: 3 | B5: 46032 | C5: يناير | D5: اسوان | E5: إقليم جنوب الصعيد | F5: إدفو | G5: مصنع السكر | H5: اعتصام عمال السكر | I5: اعتصام | J5: تظاهرة ميدانية | K5: زيادة الرواتب والبدلات والأرباح السنوية وصرفها، إضافة لتثبيت العمال المؤقتين | L5: مطالب اقتصادية | M5: عمال/عاملات | N5: قطاع عام/موظفون | O5: آلاف | P5: أصحاب المنشآت | R5: 0 | AD5: اعتصام عمال السكر في 3 محافظات للمطالبة بزيادة الرواتب والأرباح أخبار وتقارير_ أحمد خليفة منشور السبت 10 كانون الثاني/يناير 2026 شارك نظم عمال مصانع سكر إدفو بأسوان، ودشنا ونجع حمادي وقوص بقنا، والمعدات والتكرير وفينوس وقطاع النقل بمجمع الحوامدية في الجيزة، التابعة لشركة السكر والصناعات التكاملية، اليوم السبت، اعتصامًا داخل مواقع العمل للمطالبة بزيادة الرواتب والبدلات والأرباح السنوية وصرفها، إضافة لتثبيت العمال المؤقتين، وفق عدد من العمال تحدثوا لـ المنصة. وتجمع آلاف العمال المحتجين في ساحات المصانع، وحاول مسؤولو الإدارة تهدئتهم، إلا أن المحتجين رفضوا الاستماع قبل الاستجابة لمطالبهم. أحد العمال لـ المنصة جانب من اعتصام عمال مصنع المعدات بمجمع سكر الحوامدية، 10 يناير 2026 وزار عضو مجلس النواب عن دائرة أبو النمرس والحوامدية النائب مراد أبو الدهب مجمع سكر الحوامدية، واستمع إلى مطالب العمال وتسلم مذكرة بمطالبهم لتسليمها إلى وزير التموين ورئيس الشركة القابضة للصناعات الغذائية، حسبما قال أحد العمال بمجمع الحوامدية لـ المنصة، مضيفًا "رفضنا أي اقتراح بإنهاء الاعتصام إلا بعد الموافقة على مطالبنا بشكل كامل". وقال عامل ثانٍ بسكر دشنا لـ المنصة إن العمال شكلوا لجنة منظمة للاحتجاجات تضم ممثلين من كل المصانع، وأن اللجنة صاغت عددًا من المطالب ودعت العمال للاتفاف حولها والتمسك بها خلال المفاوضات. وأضاف العامل، الذي طلب عدم نشر اسمه، أن المطالب تشمل "تطبيق الحد الأدنى للأجور بأثر رجعي، ورفع نسبة الحافز الشهري إلى 350% وزيادة الأرباح السنوية إلى 60 شهرًا وزيادة بدل الوجبة إلى 1800 جنيه، والبدل النقدي إلى 1500 جنيه، وضم علاوتي 2017 و2018، وتثبيت العاملين بعقود مؤقتة، وإجراء تسوية شاملة للحاصلين على مؤهلات أعلى أثناء الخدمة"، إضافة لعودة الشركة للمساهمة في علاج أسر العاملين كما كان معمولًا به بنسبة 50% من تكلفة الكشف والعلاج، من دون حد أقصي. وأوضح عامل آخر بسكر إدفو لـ المنصة أن الاحتجاجات تفجرت بسبب تأخير صرف الأرباح السنوية حتى الآن، إضافة لعدم تنفيذ أي من مطالب العمال التي رفعوها خلال احتجاجاتهم العام الماضي، مضيفًا "رافضين يعقدوا اجتماع الجمعية العمومية لشركة السكر والصناعات التكاملية، وكل ما نتكلم عن الأرباح يقولولنا روحوا لوزير التموين أو رئيس القابضة". وعقب اندلاع الاحتجاجات اليوم، أعلنت الصفحة الرسمية لشركة السكر والصناعات التكاملية على فيسبوك، أنه تقرر انعقاد الجمعية العمومية للشركة يومى السبت والأحد 17 و18 يناير/كانون الثاني الجاري، وهو ما اعتبره العامل محاولة خداع لإنهاء الاعتصام. إحدى العاملات لـ المنصة جانب من اعتصام عاملات مصنع فينوس بمجمع سكر الحوامدية 10 يناير 2026 وقالت عاملة بمصنع فينوس بمجمع سكر الحوامدية لـ المنصة إن المصنع به عدد من العاملات والعمال بنظام اليومية، وإنهم طالبوا كثيرًا بتحرير عقود عمل لهم، لكن لم يلتفت أحد إلى مطالبهم. وحسب العمال الذين تحدثوا لـ المنصة يعاني عمال مصانع شركة السكر والصناعات التكاملية تدني الرواتب، حيث لم يصل عدد كبير من العمال إلى الحد الأدنى للأجور البالغ 7 آلاف جنيه. وخلال شهري أغسطس/آب وسبتمبر/أيلول من العام الماضي، شهدت مصانع شركة السكر والصناعات التكاملية موجة من الاحتجاجات للمطالبة بزيادة الرواتب، استمرت لأكثر من 3 أسابيع، وبدأت الاحتجاجات حينها في مصنعي إدفو وكوم أمبو بأسوان، ثم لحق بهما مصنع أرمنت بالأقصر ومصنع دشنا بمحافظة قنا، وتبعهم مصنع المعدات بمجمع سكر الحوامدية في الجيزة، قبل أن ينهي عمال المصانع إضراباتهم تباعًا، بعد ضغوط تعرضوا لها من قبل الإدارة والأمن. وتعد شركة السكر والصناعات التكاملية، التي تأسست عام 1956 وتتبع الشركة القابضة للصناعات الغذائية، من أكبر الكيانات الصناعية في هذا القطاع، إذ تمتلك ثمانية مصانع للسكر في صعيد مصر هي أبو قرقاص، جرجا، نجع حمادي، دشنا، قوص، أرمنت، إدفو، كوم أمبو، إلى جانب مجمع الحوامدية الصناعي. | AE5: https://manassa.news/news/29648
A6: 4 | B6: 46032 | C6: يناير | D6: قنا | E6: إقليم جنوب الصعيد | F6: دشنا | G6: مصنع السكر | H6: اعتصام عمال السكر | I6: اعتصام | J6: تظاهرة ميدانية | K6: زيادة الرواتب والبدلات والأرباح السنوية وصرفها، إضافة لتثبيت العمال المؤقتين | L6: مطالب اقتصادية | M6: عمال/عاملات | N6: قطاع عام/موظفون | O6: آلاف | P6: أصحاب المنشآت | R6: 0 | AD6: احتجاجات إيران تتصاعد.. طهران تتهم واشنطن بتأجيجها والولايات المتحدة تعلن "دعم الشعب" أخبار وتقارير_ قسم الأخبار منشور السبت 10 كانون الثاني/يناير 2026 شارك تصاعدت حدّة أكبر موجة احتجاجات تشهدها إيران منذ سنوات، مع دخولها يومها الرابع عشر، وسط مشاهد دامية، وحجب واسع للإنترنت، وتحذيرات عسكرية من "مؤامرات العدو"، في مقابل تأكيد أمريكي على "دعم الشعب الإيراني"، واتهامات رسمية من طهران لواشنطن وإسرائيل بالتحريض على العنف. وشهدت مدن إيرانية كبرى، مساء أمس، تظاهرات حاشدة جديدة ضد الحكومة على خلفية تدهور الأوضاع المعيشية، بعد يوم واحد من احتجاجات واسعة، الخميس، التي شهدت تصعيدًا كبيرًا وصل إلى حد الاشتباكات وقطع الإنترنت. ومساء الخميس، خرجت تظاهرات واسعة في عدد من المدن الكبرى في مقدمتها طهران، وتجمّع محتجون في أحياء متفرقة من العاصمة، مرددين شعارات مناهضة للنظام والمرشد الأعلى علي خامنئي، وسط انتشار أمني مكثف. وامتدت التظاهرات إلى مدن أخرى، حيث شهدت بعض المناطق أعمال عنف واشتباكات محدودة، فيما تحدثت وسائل إعلام رسمية عن إضرام النار في منشآت عامة، واتهمت "مثيري شغب" بالوقوف وراءها. وفي المقابل، بث التلفزيون الرسمي لقطات لجنازات عناصر من قوات الأمن قال إنهم قُتلوا خلال مواجهات مع محتجين. وعقب اتساع رقعة الاحتجاجات، فرضت السلطات قيودًا مشددة على الإنترنت، شملت حجبًا واسعًا للاتصالات، في خطوة بررتها بمحاولة "منع الفوضى"، بينما حذرت منظمات حقوقية من استخدام القوة المفرطة ضد المتظاهرين. والليلة الماضية، قرع محتجون الأواني في حي سعادت آباد شمال غرب طهران، وهتفوا بشعارات مناهضة للحكومة، من بينها "الموت لخامنئي". ولا توجد حصيلة رسمية عن أعداد القتلى والمصابين جراء المظاهرات الإيرانية الأخيرة، لكن منظمة "إيران هيومن رايتس" تشير إلى مقتل 51 متظاهرًا على الأقل بينهم 9 تحت سن الـ18 عامًا. من ناحيته، قال المرشد الإيراني علي خامنئي، أمس، إن "المحتجين يتصرفون نيابةً عن الرئيس الأمريكي دونالد ترمب"، مضيفًا أن "مثيري الشغب يهاجمون الممتلكات العامة"، محذرًا من أن طهران لن تتهاون مع من يتصرفون "كمرتزقة للأجانب". ونقل موقع خامنئي قوله لمجموعة من أنصاره "الشباب العزيز حافظوا على جاهزيتكم ووحدتكم"، مضيفًا أن "الأمة الموحدة تتغلب على أي عدو"، وأكد أن "إيران لن تتسامح مع المرتزقة الذين يعملون لصالح الأجانب". وأضاف في ثاني كلمة له منذ بدء الاحتجاجات، إن "المحتجين الإيرانيين يحطمون شوارعهم من أجل إسعاد رئيس دولة أخرى"، مردفًا بأن "ترامب المتعجرف سوف يسقط، على غرار نظام الشاه الذي حكم إيران حتى انتصار الثورة الإسلامية في عام 1979". في المقابل، أعلن وزير الخارجية الأمريكي ماركو روبيو دعم بلاده "للشعب الإيراني الشجاع"، فيما وجّه الرئيس دونالد ترامب تحذيرًا جديدًا لقادة إيران، قائلُا "من الأفضل ألا تبدأوا بإطلاق النار، لأننا سنطلق النار أيضًا". وتعهّد الجيش الإيراني بحماية "المصالح الوطنية والبنية التحتية الاستراتيجية والممتلكات العامة"، داعيًا المواطنين إلى "اليقظة" لإحباط ما وصفه بـ"مؤامرات العدو". وفي موازاة ذلك، حذّر الحرس الثوري، عبر بيان بثه التلفزيون الرسمي، من أن الحفاظ على أمن البلاد ومكتسبات ثورة 1979 "خط أحمر"، متهمًا "إرهابيين" باستهداف قواعد عسكرية وأمنية خلال الليلتين الماضيتين، ما أسفر عن مقتل مدنيين وعناصر أمن، وإضرام النار في ممتلكات عامة، حسب البيان. ومع استمرار الاحتجاجات، دعا رضا بهلوي، نجل الشاه المخلوع محمد رضا بهلوي الذي أطاحت به ثورة إيران عام 1979، والمقيم في الولايات المتحدة، المتظاهرين إلى "الاستعداد للسيطرة على مراكز المدن"، قائلًا في بوست عبر إكس "هدفنا لم يعد السيطرة على الشوارع فقط، بل الاستعداد للاستيلاء على مراكز المدن والسيطرة عليها". وطالب بهلوي الإيرانيين بالنزول إلى الشوارع مساء اليوم السبت والأحد، مؤكدًا أنه يستعد "للعودة إلى وطني" في يوم قال إنه "قريب جدًا". واتهم السفير الإيراني لدى الأمم المتحدة أمير سعيد إيرواني الولايات المتحدة بالمسؤولية عن "تحوّل الاحتجاجات السلمية إلى أعمال عنف هدامة"، معتبرًا أن واشنطن، بالتنسيق مع إسرائيل، تتدخل في الشؤون الداخلية لإيران عبر التحريض والتشجيع المتعمد على زعزعة الاستقرار. كما اتهم وزير الخارجية الإيراني عباس عراقجي واشنطن بتأجيج الاحتجاجات التي اتسعت رقعتها، وهو ما رد عليه متحدث باسم وزارة الخارجية الأمربكية بأن تصريحه "يعكس محاولة وهمية لصرف الأنظار عن التحديات الجسيمة التي يواجهها النظام الإيراني في الداخل". وانطلقت المظاهرات في إيران قبل نحو أسبوعين احتجاجًا على ارتفاع التضخم وتدهور الأوضاع الاقتصادية، لكنها سرعان ما اتخذت طابعًا سياسيًا. | AE6: https://manassa.news/news/29649
A7: 5 | B7: 46032 | C7: يناير | D7: قنا | E7: إقليم جنوب الصعيد | F7: نجع حمادي | G7: مصنع السكر | H7: اعتصام عمال السكر | I7: اعتصام | J7: تظاهرة ميدانية | K7: زيادة الرواتب والبدلات والأرباح السنوية وصرفها، إضافة لتثبيت العمال المؤقتين | L7: مطالب اقتصادية | M7: عمال/عاملات | N7: قطاع عام/موظفون | O7: آلاف | P7: أصحاب المنشآت | R7: 0 | AD7: الهيئة الوطنية تعلن انتهاء أطول انتخابات برلمانية بنسبة تصويت 32% أخبار وتقارير_ صفاء عصام الدين منشور السبت 10 كانون الثاني/يناير 2026 شارك Also available in English أعلن رئيس الهيئة الوطنية للانتخابات المستشار حازم بدوي، اليوم السبت، النتائج النهائية للانتخابات البرلمانية الأطول في تاريخ الحياة السياسية في مصر. وأوضح بدوي خلال مؤتمر صحفي عقدته الهيئة، أن نسبة المشاركة في العملية الانتخابية بلغت 32.41%، مشيرًا إلى أن إجمالي عدد المقيدين بقاعدة بيانات الناخبين وصل إلى 69.891.913 ناخبًا، فيما أدلى بأصواتهم 22.657.211 ناخبًا. وجاءت نتائج جولة الإعادة في 27 دائرة السابق إلغاؤها بموجب أحكام المحكمة الإدارية العليا، التي أعلنها بدوي اليوم، مطابقة لنتائج الحصر العددي التي أعلنتها اللجان العامة. ومن واقع تتبع نتائج الانتخابات بمراحلها تراجعت المشاركة في بعض دوائر القاهرة والجيزة، حيث حصل بعض المرشحين على المقاعد بنسب اقتربت من 3%، في حين شهدت دوائر الصعيد ومحافظات أخرى إقبالًا أكبر وفقًا للأرقام الرسمية المعلنة. وعلى الرغم مما رصدته المنصة، من مخالفات وخروقات وحشد للناخبين ورشاوى مقابل الإدلاء بأصواتهم لمرشحين بعينهم طوال أيام الانتخابات بمختلف الدوائر، جاءت تصريحات رئيس الهيئة لتعكس مشهدًا مُغايرًا. وقال رئيس الهيئة إن خروج الانتخابات "بهذا الشكل الديمقراطي المكتمل الأركان" لم يكن ليحدث لولا "وعي الشعب وحرصه على حماية الديمقراطية"، إلى جانب دور الهيئات القضائية "في صون الحكم والعدالة، ومؤسسات الدولة التي التزمت الحياد التام وطبقت الدستور والقانون". وأضاف "لم يضق صدرنا بالنقد والملاحظات ولن يضق وقتنا بالتظلمات والشكاوى، بل تصدينا من تلقاء أنفسنا لتجاوزات وممارسات خاطئة رأينا انها قد تؤثر على سلامة الانتخابات". وأشار بدوي إلى أن عمل الهيئة لم ينته بعد انتهاء الانتخابات، موضحًا أن دورها يمتد لتوعية وتثقيف الناخبين والأحزاب والائتلافات السياسية. وأضاف أن الهيئة ستبدأ على الفور في إعداد برامج وقوافل للتوعية في النجوع والقرى والمدن والمدارس والجامعات، بهدف "تحويل المشاركة السياسية إلى ثقافة شعبية دائمة وليس مجرد سلوك يوم الاقتراع". كما أعلن بدوي أن الهيئة ستنظم "برامج تدريبية للمسؤولين في الأحزاب حول إعداد القوائم الانتخابية لتفادي الأخطاء القانونية التي شابت بعض القوائم وأدت إلى استبعادها بقرارات لجان الفحص وأيدتها الأحكام القضائية. يذكر أن نظام القائمة المغلقة المطلقة تعرض لانتقادات عدة، خاصة في ظل غياب قوائم منافسة للقائمة الوطنية من أجل مصر. وكان الرئيس عبد الفتاح السيسي أعلن فض دور الانعقاد البرلماني السادس الخميس الماضي، ومن المتوقع أن تنشر الجريدة الرسمية خلال ساعات قرار رئيس الجمهورية بتعيين أعضاء مجلس النواب بموجب الدستور، على أن يبدأ المجلس عمله خلال أيام بتشكيله الجديد الذي تستحوذ فيه أغلبية المقاعد لحزب مستقبل وطن، يليهم المستقلون، ثم حزب حماة الوطن والجبهة الوطنية، وحزب الشعب الجمهوري. اقرأ أيضا انتخابات الرشاوى.. حتى لو تحدث الرئيس فيما تتساوى أحزاب المعارضة في ترتيبها بين العدل والمصري الديمقراطي، يليهما الوفد، ثم حزب الإصلاح والتنمية، وأخيرًا حزب الوعي الذي فاز بمقعد فردي في الفيوم، مع بقاء عدد من المرشحين خارج القائمة الوطنية من أجل مصر. وسبق أن ألغت الهيئة الوطنية للانتخابات نتائج 19 دائرة انتخابية، بعدما طالب السيسي الهيئة بالتدقيق في المخالفات. | AE7: https://manassa.news/news/29650
A8: 6 | B8: 46032 | C8: يناير | D8: قنا | E8: إقليم جنوب الصعيد | F8: قوص | G8: مصنع السكر | H8: اعتصام عمال السكر | I8: اعتصام | J8: تظاهرة ميدانية | K8: زيادة الرواتب والبدلات والأرباح السنوية وصرفها، إضافة لتثبيت العمال المؤقتين | L8: مطالب اقتصادية | M8: عمال/عاملات | N8: قطاع عام/موظفون | O8: آلاف | P8: أصحاب المنشآت | R8: 0 | AE8: https://manassa.news/news/29651
A9: 7 | B9: 46032 | C9: يناير | D9: الجيزة | E9: إقليم القاهرة الكبري | F9: الحوامدية | G9: مصنع السكر | H9: اعتصام عمال السكر | I9: اعتصام | J9: تظاهرة ميدانية | K9: زيادة الرواتب والبدلات والأرباح السنوية وصرفها، إضافة لتثبيت العمال المؤقتين | L9: مطالب اقتصادية | M9: عمال/عاملات | N9: قطاع عام/موظفون | O9: آلاف | P9: أصحاب المنشآت | R9: 0 | AE9: https://manassa.news/news/29652
A10: 8 | B10: 46034 | C10: يناير | D10: الجيزة | E10: إقليم القاهرة الكبري | F10: الدقي | G10: حزب الوفد | H10: أزمة جريدة الوفد | I10: وقفة احتجاجية | J10: تظاهرة ميدانية | K10: تأخر صرف الرواتب لنحو أسبوع | L10: مطالب اقتصادية | M10: صحفيون/ات | N10: قطاع خاص وباليومية | O10: عشرات | P10: حزب الوفد | R10: 0 | AD10: بعد وقفة احتجاجية.. صحفيو الوفد يصرفون راتب ديسمبر أخبار وتقارير_ أحمد خليفة منشور الاثنين 12 كانون الثاني/يناير 2026 شارك صرف صحفيو جريدة وموقع الوفد راتب شهر ديسمبر/كانون الأول الماضي، بعد وقفة احتجاجية نظمها الصحفيون داخل مقر الحزب بوسط البلد لم تستمر طويلًا، وفق رئيس اللجنة النقابية بجريدة الوفد محمد عادل لـ المنصة. جاءت الوقفة الاحتجاجية قبيل بدء المؤتمر الصحفي للجنة المشرفة على انتخابات رئاسة الوفد لإعلان الكشوف النهائية للمرشحين لرئاسة الحزب. وأضاف عادل أن الراتب تأخر لنحو أسبوع عن الموعد المعتاد، وهو ما أغضب الصحفيين، مشيرًا إلى أن إدارة الحزب استجابت بعد وقفة لم تستمر طويلًا وأعلنت عن صرف الراتب اليوم. وفي شهر أكتوبر/تشرين الأول من العام الماضي، توصل صحفيو جريدة وموقع الوفد، إلى اتفاق مع رئاسة الحزب على تطبيق الحد الأدنى للأجور البالغ 7 آلاف جنيه بعد أربعة أيام من اعتصامهم بمقر الحزب، ما اعتبره نقيب الصحفيين خالد البلشي، حينها "انتصارًا للوفد وصحفييه". وقال صحفي ثاني بجريدة الوفد لـ المنصة، طالبًا عدم نشر اسمه، إنهم ينوون المطالبة بزيادة جديدة للرواتب، عقب انتهاء انتخابات رئاسة الحزب واستلام الرئيس الجديد لمهامه، خاصة في ظل التوقعات بزيادة الحد الأدنى للأجور خلال 2026، مضيفًا "كان من الجيد استجابة الحزب لمطلبنا بزيادة الرواتب العام الماضي، لكن حتى مع بلوغنا للحد الأدنى فإننا نعاني من ارتفاع الأسعار، وعدم قدرتنا على سد احتياجات أسرنا". وفي سياق مشابه، أعلن صحفيو البوابة نيوز في 17 نوفمبر/تشرين الثاني الماضي بدء اعتصام مفتوح للمطالبة بتطبيق الحد الأدنى للأجور، الأمر الذي رفضته الإدارة بداعي عدم قدرتها ماليًا وأصدرت عددها الورقي مطلع الشهر الماضي وكتبت عليه "العدد الأخير"، بعد يوم من إعلانها تصفية الشركة وغلق المؤسسة"، وذلك قبل فض اعتصامهم مساء أمس بالقوة. ونهاية ديسمبر/كانون الأول الماضي، وافق مجلس النقابة بالإجماع على إحالة رئيس مجلس إدارة البوابة نيوز عبد الرحيم علي وابنته داليا رئيسة التحرير إلى التحقيق النقابي على خلفية مسؤوليتهما عن فصل الصحفيين، والامتناع عن تطبيق الحد الأدنى، قبل أن يقرر مجلس النقابة شطب قيده. وفي 5 يناير/كانون الثاني الجاري، مثل تسعة من صحفيي الجريدة وعضوي مجلس النقابة محمود كامل وإيمان عوف أمام نيابة وسط القاهرة، بعد بلاغ قدمه عبد الرحيم علي وابنته داليا بسبب "التظاهر دون ترخيص"، قبل أن تقرر النيابة إخلاء سبيلهم على ذمة التحقيقات. وكانت عضوة مجلس نقابة الصحفيين إيمان عوف كشفت في حديث سابق لـ المنصة أن النقابة بصدد إطلاق حملة لتطبيق الحد الأدنى داخل كافة المؤسسات الصحفية، إضافة إلى ذلك فإن النقابة تناقش فكرة تطوير المؤسسات الصحفية ومحتواها، وتقديم الدعم الفني واللوجستي لتتمكن المؤسسات من الحصول على موارد دائمة. | AE10: https://manassa.news/news/29686
A11: 9 | B11: 46037 | C11: يناير | D11: بورسعيد | E11: إقليم القناه وسيناء | F11: حي الجنوب | G11: المشروعات الصناعية بالمنطقة الاستثمارية في بورسعيد | H11: إضراب عمال المشروعات الصناعية بالمنطقة الاستثمارية في بورسعيد | I11: اعتصام | J11: تظاهرة ميدانية | K11: زيادة عدد ساعات العمل | L11: مطالب اقتصادية | M11: عمال/عاملات | N11: قطاع خاص وباليومية | O11: آلاف | P11: أصحاب المنشآت | R11: 0 | AD11: تصعيد عمالي في بورسعيد: إضراب مرتقب واحتجاجات واسعة رفضًا لزيادة ساعات العمل 15 يناير، 2026 تصعيد عمالي, زيادة ساعات العمل كتب – أحمد سلامة أعلن عمال المشروعات الصناعية بالمنطقة الاستثمارية في بورسعيد عزمهم الدخول في إضراب عن العمل اعتبارًا من يوم السبت المقبل، احتجاجًا على قرار أصدره أصحاب المنشآت بزيادة عدد ساعات العمل اليومية، في خطوة أثارت موجة غضب واسعة داخل المصانع، وعلى رأسها مصانع اللوتس. وأكد العمال أنهم يواصلون الاعتصام داخل مواقع العمل، حيث يتواجدون أمام خطوط الإنتاج دون تشغيل الماكينات، في رسالة احتجاج واضحة على القرار الذي وصفوه بالمجحف، مؤكدين تمسكهم بحقوقهم القانونية ورفضهم لأي إجراءات تمس استقرارهم الوظيفي. وكان أصحاب المشروعات الصناعية قد أصدروا، في 12 يناير الجاري، قرارًا يقضي بزيادة ساعات العمل الفعلية إلى ثماني ساعات يوميًا، دون احتساب فترات الراحة والطعام، على أن يبدأ تطبيقه رسميًا يوم السبت 17 يناير. كما نص القرار على منح العمال زيادة سنوية قدرها 500 جنيه فقط اعتبارًا من أجر يناير 2026. وفور صدور القرار، سادت حالة من التذمر والاحتقان داخل المنطقة الاستثمارية، خاصة بين عمال وعاملات مصانع اللوتس، حيث اعتبروا أن الزيادة المعلنة لا تتناسب مع الأعباء الإضافية الناتجة عن مد ساعات العمل، بل أثارت لديهم مخاوف إضافية، لكون شهر يناير يشهد عادة زيادات سنوية أكبر مما تم الإعلان عنه. واستند قرار المستثمرين إلى القرار الوزاري رقم 289 لسنة 2025، الصادر عن وزير العمل، والذي ينص على تحديد ساعات العمل بالمنشآت الصناعية. غير أن دار الخدمات النقابية والعمالية اعتبرت أن هذا القرار يخالف صراحة المادة (117) من قانون العمل رقم 14 لسنة 2025، التي تقضي بعدم جواز تشغيل العامل أكثر من ثماني ساعات يوميًا أو 48 ساعة أسبوعيًا، مع استثناءات تنظمها قوانين سابقة، أبرزها القانون رقم 133 لسنة 1961، الذي يحدد الحد الأقصى لساعات العمل في المنشآت الصناعية بـ42 ساعة أسبوعيًا. من جانبها، أشارت دار الخدمات النقابية إلى أن هذا النظام كان معمولًا به لعقود طويلة، واستقرت عليه أحكام القضاء والتحكيم في المنازعات العمالية، معتبرة أن القرار الجديد لا يمثل مجرد مخالفة قانونية، بل ينتزع حقًا مكتسبًا للعمال. وحذرت الدار من تداعيات القرار على استقرار بيئة العمل، مؤكدة أن الإشارة في ديباجة القرار الوزاري إلى صدوره بالتشاور مع جهات حكومية عليا تعكس، بحسب وصفها، انحيازًا لإرادة المستثمرين على حساب العمال والقانون. وفي ختام بيانها، أعلنت الدار تضامنها الكامل مع عمال المنطقة الاستثمارية في بورسعيد، ولا سيما عمال مصانع اللوتس، مؤكدة دعمها لمطالبهم بإلغاء القرار وعدم تطبيقه، محذرة من أن تجاهل هذه الاحتجاجات قد يؤدي إلى تصعيد أوسع خلال الأيام المقبلة. | AE11: https://daaarb.com/%d8%aa%d8%b5%d8%b9%d9%8a%d8%af-%d8%b9%d9%85%d8%a7%d9%84%d9%8a-%d9%81%d9%8a-%d8%a8%d9%88%d8%b1%d8%b3%d8%b9%d9%8a%d8%af-%d8%a5%d8%b6%d8%b1%d8%a7%d8%a8-%d9%85%d8%b1%d8%aa%d9%82%d8%a8-%d9%88%d8%a7%d8%ad/
A12: 10 | B12: 46039 | C12: يناير | D12: المنيا | E12: إقليم شمال الصعيد | F12: الأقصاص | G12: شركة مطاحن مصر الوسطى بالمنيا | H12: احتجاجات عمال شركة مطاحن مصر الوسطى | I12: وقفة احتجاجية | J12: تظاهرة ميدانية | K12: تسوية الحقوق المالية المتأخرة وتطبيق الحد الأدنى للأجور ووقف الانتهاكات المرتبطة ببيئة العمل والسلامة المهنية | L12: مطالب اقتصادية | M12: عمال/عاملات | N12: قطاع عام/موظفون | O12: مئات | P12: أصحاب المنشآت | R12: 0 | AD12: متابعة.. عودة احتجاجات عمال شركة مطاحن مصر الوسطى بالمنيا وأنباء عن امتدادها لمحافظات أخرى وسط استمرار تجاهل المطالب ووقوع حالات إغماء بين العمال تتابع المفوضية المصرية بقلق بالغ عودة الاحتجاجات العمالية بشركة مطاحن مصر الوسطى في محافظة المنيا، بعد توقف مؤقت، وذلك على خلفية استمرار عدم الاستجابة للمطالب المشروعة للعمال، وفي مقدمتها تسوية الحقوق المالية المتأخرة، وتطبيق الحد الأدنى للأجور بصورة عادلة وغير شكلية، ووقف الانتهاكات المرتبطة ببيئة العمل والسلامة المهنية. وتشير المعلومات الواردة إلى المفوضية إلى أن موجة الاحتجاجات الحالية تأتي نتيجة تراكم الوعود غير المنفذة، وغياب أي خطوات عملية ملموسة من جانب إدارة الشركة أو الجهات المعنية، فضلًا عن أنباء متداولة عن احتمال عودة الاحتجاجات خلال الأيام المقبلة في محافظات أخرى تتبع نطاق عمل الشركة، في ظل اتساع دائرة الغضب العمالي وتزايد الشعور بانسداد سبل الإنصاف. وفي هذا السياق، تلقت المفوضية بلاغات بشأن تعرض أحد العمال لحالة إغماء خلال الاحتجاجات الأخيرة بالمنيا، في واقعة تعكس مجددًا حجم الضغوط النفسية والمعيشية الواقعة على العمال، واستمرار تجاهل الآثار الإنسانية والاجتماعية المترتبة على تعطيل الحقوق، وهي واقعة لا يمكن فصلها عن السياق الأوسع من الانتهاكات التي سبق للمفوضية رصدها وتوثيقها. وتؤكد المفوضية أن عودة الاحتجاجات تأتي استكمالًا لمسار تصاعدي بدأ منذ سنوات، وبلغ ذروة خطيرة بمحاولة أحد العمال إنهاء حياته خلال مطالبته بحقوقه، وهي الواقعة التي سبق للمفوضية التحذير من دلالاتها الخطيرة، باعتبارها مؤشرًا على وصول أوضاع العمل إلى مستوى غير آمن نفسيًا واجتماعيًا، نتيجة غياب العدالة في الأجور، وانعدام آليات فعالة للتظلم والإنصاف. وتجدد المفوضية التأكيد على أن استمرار تعطيل العلاوات والزيادات السنوية منذ عام 2016، والالتفاف على قرارات الحد الأدنى للأجور عبر الاعتماد المفرط على الحوافز والبدلات المتغيرة، فضلًا عن شكاوى السلامة والصحة المهنية وتكرار الإصابات وعدم توثيق بعضها، كلها ممارسات تمثل انتهاكًا صريحًا للحق في أجر عادل، وبيئة عمل آمنة، والحق في الكرامة الإنسانية، بالمخالفة لأحكام الدستور المصري وقانون العمل والمعايير الدولية ذات الصلة. كما تشدد المفوضية على أن استمرار هذه الانتهاكات داخل شركة تحقق أرباحًا سنوية معلنة، وتؤدي دورًا حيويًا في منظومة الأمن الغذائي، يكشف عن خلل بنيوي في إدارة الموارد وتوزيع العائد، ويطرح تساؤلات جدية حول أولويات الإدارة ومدى التزامها بمسؤولياتها الاجتماعية والقانونية تجاه العاملين. وتجدد المفوضية المصرية مطالبها على النحو التالي: • التدخل العاجل من وزارة العمل والجهات الرقابية المختصة لفتح تحقيق مستقل وشفاف في أسباب عودة الاحتجاجات، ووقائع الإغماء، وكافة الشكاوى المتراكمة. • التسوية الفورية لملف العلاوات والزيادات السنوية المتأخرة منذ 2016 وحتى 2025، وضمها إلى الأجر الأساسي وصرف فروقها بأثر رجعي. • إعادة هيكلة منظومة الأجور بما يضمن حدًا أدنى عادلًا وثابتًا للأجر الأساسي، ووقف التحايل عبر العناصر المتغيرة التي تُفرغ قرارات الأجور من مضمونها. • إلزام الشركة بتطبيق معايير السلامة والصحة المهنية، والتحقيق في وقائع الإصابات، وتوثيقها قانونيًا، وضمان علاج المصابين وصرف كامل مستحقاتهم. • ضمان عدم تعرض أي عامل لأي إجراءات تعسفية أو انتقامية بسبب الاحتجاج السلمي أو المطالبة بالحقوق، ومساءلة أي طرف يثبت تورطه في ذلك. • تفعيل الدور الحقيقي للجنة النقابية في تمثيل العمال والدفاع عن حقوقهم، أو مساءلتها عن تقاعسها المستمر. | AE12: https://www.facebook.com/ecrf.net/posts/pfbid02WzL3hybCkqCTJ9ebALFUVByRgnAEziW6yqR6VnCSzA7FNeMVQeazGzyokUfpFNiLl
A13: 11 | B13: 46040 | C13: يناير | D13: أسيوط | E13: إقليم وسط الصعيد | F13: حي شرق | G13: شركة مطاحن مصر الوسطى | H13: احتجاجات عمال شركة مطاحن مصر الوسطى بأسيوط | I13: وقفة احتجاجية | J13: تظاهرة ميدانية | K13: تطبيق الحد الأدنى للأجور وضم العلاوات المتأخرة منذ عام 2016 وصرف فروق الرواتب بأثر رجعي | L13: مطالب اقتصادية | M13: عمال/عاملات | N13: قطاع عام/موظفون | O13: مئات | P13: أصحاب المنشآت | R13: 0 | AD13: عَ السريع| احتجاجات "مطاحن مصر الوسطى" تصل أسيوط.. وبلاغ للنائب العام ضد أوضاع "سجن بدر 3" الأحد 18 كانون الثاني/يناير 2026 مساء شارك نظم عمال شركة مطاحن مصر الوسطى بقطاع أسيوط وقفة احتجاجية للمطالبة بتطبيق الحد الأدنى للأجور، وضم العلاوات المتأخرة منذ عام 2016، وصرف فروق الرواتب بأثر رجعي، وذلك بعد يوم من تنظيم عمال الشركة في المنيا احتجاجات حملت ذات المطالب. في وقت تقدم مدير المبادرة المصرية للحقوق الشخصية حسام بهجت ببلاغ للنائب العام للمطالبة بفتح تحقيق جنائي حول أوضاع السجناء بمركز إصلاح وتأهيل "بدر 3"، ومدى احترام السجن لحقوقهم. 5 آلاف قتيل في احتجاجات إيران.. وخامنئي يلوم ترامب قسم الأخبار قال مسؤول إيراني، لم تسمه رويترز، اليوم الأحد، إن السلطات تحققت من مقتل ما لا يقل عن 5000 شخص في الاحتجاجات التي شهدتها البلاد، بينهم حوالي 500 من أفراد الأمن، متهمة "الإرهابيين والمشاغبين المسلحين" بقتل "الإيرانيين الأبرياء"، فيما ألقى المرشد الأعلى الإيراني علي خامنئي باللوم على الرئيس الأمريكي دونالد ترامب الذي "شجع المتظاهرين". وأضاف المسؤول الإيراني أن بعضًا من أعنف الاشتباكات والأعلى في عدد القتلى كانت في المناطق الكردية في شمال غرب إيران، وهي منطقة ينشط فيها الانفصاليون الأكراد، وكانت الاشتباكات فيها من بين الأكثر عنفًا في فترات الاضطرابات السابقة. "لا يُتوقع أن يرتفع عدد القتلى النهائي بشكل حاد"، قال المسؤول الإيراني لرويترز، مضيفًا أن "إسرائيل والجماعات المسلحة في الخارج دعمت وزودت أولئك الذين خرجوا إلى الشوارع". وتُلقي السلطات الإيرانية بانتظام باللوم في الاضطرابات على الأعداء الأجانب، بما في ذلك إسرائيل، العدو اللدود للجمهورية الإسلامية، التي شنت ضربات عسكرية عليها في يونيو/حزيران الماضي. كانت منظمة هرانا الحقوقية، ومقرها الولايات المتحدة، أعلنت أمس السبت، أن عدد القتلى بلغ 3308، مع وجود 4382 حالة أخرى قيد المراجعة. وأكدت المنظمة إلقاء القبض على أكثر من 24 ألف شخص. وقالت جماعة "هينجاو" الحقوقية الكردية الإيرانية، ومقرها النرويج، إن بعضًا من أعنف الاشتباكات خلال الاحتجاجات التي اندلعت في أواخر ديسمبر/كانون الأول الماضي كانت في المناطق الكردية في الشمال الغربي. وأمس السبت، أقر خامنئي بمقتل آلاف الإيرانيين خلال أكثر من أسبوعين من الاضطرابات في البلاد، وهي وفيات ألقى باللوم فيها على ترامب، الذي قال إنه "شجع علنًا" المتظاهرين من خلال وعدهم بـ"الدعم العسكري" الأمريكي. في خطاب للأمة، وصف خامنئي ترامب بأنه "مجرم" مسؤول "عن الخسائر والأضرار" خلال الاحتجاجات المناهضة للحكومة التي اندلعت في أواخر ديسمبر الماضي، والتي أشعلها في البداية غضب شعبي بسبب الأوضاع الاقتصادية المتردية. لم يشر خامنئي، البالغ من العمر 86 عامًا، إلى "الأساليب الوحشية التي استخدمتها قوات الأمن الإيرانية في قمع الاحتجاجات". وسبق أن وصف شهود عيان ومنظمات حقوقية قيام القوات الحكومية بإطلاق النار على المتظاهرين في الشوارع ومن أسطح المنازل، حسبما نقلت CNN. في خطابه أمس، قال خامنئي إن "المشاغبين" المتورطين في الاضطرابات ينقسمون إلى فئتين؛ أشخاص مدعومون وممولون ومدربون من قبل الولايات المتحدة وإسرائيل، وشباب متأثرون بهم. وأضاف أن الفئة الأخيرة "أفراد ساذجون تلاعب بهم قادة هذه الاضطرابات". وأوضح أن هؤلاء الشباب ألحقوا أضرارًا بمنشآت الطاقة والمساجد والمؤسسات التعليمية والبنوك والمرافق الطبية ومتاجر البقالة. في مقابلة صباح أمس السبت مع بوليتيكو، قال ترامب إن "خامنئي مذنب، بصفته زعيم دولة"، وذلك بسبب "التدمير الكامل للبلاد واستخدام العنف بمستويات لم يسبق لها مثيل". ودعا ترامب إلى إنهاء حكم خامنئي الذي دام 37 عامًا، وقال "حان الوقت للبحث عن قيادة جديدة في إيران"، وذلك بالتزامن مع تراجع الاحتجاجات الإيرانية. وهدد ترامب مرارًا بالتدخل العسكري. والثلاثاء الماضي، دعا الإيرانيين إلى مواصلة الاحتجاجات و"السيطرة على المؤسسات"، قائلًا إن "المساعدة قادمة"، قبل أن يغير رأيه في اليوم التالي فجأة، قائلًا إنه أُبلغ بأن عمليات القتل قد توقفت. بعد منح الأكراد حقوقهم الوطنية.. الجيش السوري يُخرج "قسد" من أراضٍ بالرقة قسم الأخبار سيطر الجيش السوري على مساحات واسعة من شمال البلاد، وأخرج القوات الكردية من الأراضي التي كانت تتمتع عليها بحكم ذاتي فعلي لأكثر من عقد من الزمان، حسبما قالت الجارديان، وذلك بعدما أصدر الرئيس أحمد الشرع، الجمعة، مرسومًا يمنح أكراد البلاد حقوقًا وطنية، معلنًا الكردية "لغة وطنية". وأعلنت هيئة العمليات في الجيش العربي السوري أن الجيش "سيطر على مدينة الطبقة الاستراتيجية بريف الرقة، بعد طرد ميليشيات PKK (حزب العمال الكردستاني) الإرهابية منها". وكان "الجيش العربي السوري سيطر في وقت سابق على مطار الطبقة والعديد من قرى وبلدات ريف الرقة" حسبما نقلت وكالة الأنباء السورية/سانا، في الساعات الأولى من صباح اليوم الأحد. ولم تنتهِ الأحداث في الرقة عند هذا الحد، إذ نشرت سانا أن "تنظيم قسد (قوات سوريا الديمقراطية) فجر اليوم الأحد الجسر القديم والجسر الجديد على نهر الفرات في مدينة الرقة، ما أدى الى انقطاع المياه عن المدينة بشكل كامل". "بدا أن الحكومة توسع قبضتها على المناطق التي يديرها الأكراد بعد أن أصدر الرئيس السوري أحمد الشرع مرسومًا يعلن فيه اللغة الكردية لغة وطنية ويمنح الأقلية اعترافًا رسميًا" قالت الجارديان، موضحة أن تقدم الجيش يأتي بعد توقف تنفيذ اتفاقية مارس 2025 التي تهدف إلى دمج القوات الكردية في الدولة. وطردت القوات الحكومية القوات الكردية من حيين في حلب الأسبوع الماضي، وسيطرت يوم السبت على منطقة شرق المدينة. لعدة أيام، حشدت القوات السورية قواتها حول مجموعة من القرى الواقعة غرب نهر الفرات المتعرج، ودعت قسد، المتمركزة هناك، إلى إعادة نشر قواتها على الضفة المقابلة للنهر. وتدور اشتباكات بينهما على مواقع استراتيجية وحقول نفطية على طول نهر الفرات، حسب الجارديان. انسحب مقاتلو قسد من المنطقة في وقت مبكر من يوم السبت كبادرة حسن نية، لكنهم اتهموا القوات السورية بانتهاك الاتفاق من خلال مواصلة التوغل شرقًا إلى المدن وحقول النفط غير المشمولة بالاتفاق. وأعلنت قسد أمس أن دمشق "انتهكت الاتفاقات الأخيرة وخانت قواتنا"، واندلعت اشتباكات مع القوات جنوب الطبقة. وفي الوقت نفسه، حث الجيش قوات سوريا الديمقراطية على "الوفاء الفوري بالتزاماتها المعلنة والانسحاب الكامل" شرق النهر. وقال براد كوبر، الذي يرأس القيادة المركزية للجيش الأمريكي، في بيان مكتوب إنه ينبغي على القوات السورية "وقف أي أعمال هجومية" في المناطق الواقعة بين مدينة حلب وبلدة الطبقة التي تبعد حوالي 160 كيلومترًا إلى الشرق. كما دعا الرئيس الفرنسي إيمانويل ماكرون وزعيم كردستان العراق نيجيرفان بارزاني إلى خفض التصعيد ووقف إطلاق النار. وكانت شركة النفط السورية أعلنت أن حقول النفط القريبة في الرصافة وسفيان سيطرت عليها القوات السورية، ويمكن الآن إعادة تشغيلها، حسب الجارديان. وأعلن الجيش السوري عن مقتل أربعة من جنوده في هجمات شنّها مسلحون أكراد، بينما أعلنت قوات سوريا الديمقراطية عن مقتل عدد من مقاتليها دون تحديد عددهم. وتبادل الطرفان الاتهامات بخرق اتفاق الانسحاب، وحسب مصدر أمني سوري لم تسمه الجارديان، حلقت طائرات التحالف بقيادة الولايات المتحدة فوق البلدات المتوترة، وأطلقت قنابل تحذيرية. بعد المنيا.. احتجاجات عمال مطاحن مصر الوسطى للمطالبة بـ"الأدنى للأجور" تصل أسيوط أحمد خليفة نظم عمال شركة مطاحن مصر الوسطى بقطاع أسيوط، اليوم الأحد، وقفة احتجاجية للمطالبة بتطبيق الحد الأدنى للأجور مع مراعاة التدرج الوظيفي، وضم العلاوات المتأخرة منذ عام 2016، وصرف فروق الرواتب بأثر رجعي، وفق ثلاثة عمال تحدثوا لـ المنصة. تأتي الوقفة بعد يوم واحد من تنظيم عمال الشركة في المنيا احتجاجات حملت ذات المطالب. وقال أحد العمال لـ المنصة، طالبًا عدم نشر اسمه، إنهم يعانون من تدني الرواتب والتي لا يزيد متوسطها عن 5 آلاف جنيه، كما "تتحايل" الإدارة، على قرارات الحد الأدنى للأجور المتتالية بضم الحوافز والبدلات المتغيرة إلى الأجر. وحمل العمال خلال الوقفة لافتات مدون عليها مطالبهم، واستغاثوا برئيس الجمهورية لتحقيقها، وحمايتهم من أي إجراءات انتقامية تتخذ ضدهم عقابًا على المطالبة بحقوقهم. وقال عامل ثانٍ لـ المنصة، طالبًا عدم نشر اسمه، إن الرئيس التنفيذي لشركة مطاحن مصر الوسطى المهندس أحمد عشماوي قال للعمال المحتجين "مفيش عامل أخد حكم بالعلاوات وأنا رفضت أنفذه، الشركة مقصرتش في حاجة، لكن بخصوص ضم العلاوات لجميع العاملين، ده مبلغ ضخم 600 مليون جنيه، الفلوس موجودة وحقكم موجود، لكن أنا لازم يجيني قرار، وده هيحصل في وقت قليل وهتصرفوا كلكم". وأضاف أن رئيس الشركة طلب منهم إنهاء وقفتهم والدخول لتشغيل المطاحن فرد عليه العمال "المطاحن شغالة يا ريس والشغل موقفش" رافضين فض الوقفة الاحتجاجية. وعقب لقاء رئيس الشركة بهم ظهر العمال المحتجين في فيديوهات اطلعت عليها المنصة وهم يرددون هتافات منها "هينيمونا.. هيضحوا بينا"، و"واحد اتنين المحافظ فين"، في إشارة إلى هشام أبو النصر محافظ أسيوط. وشكى عامل ثالث مما وصفه بـ"الفساد الإداري" داخل الشركة، قائلًا لـ المنصة "الترقيات معتمدة على المحسوبية، والأهواء الشخصية خاصة في المناصب القيادية، ممكن يتعين واحد درجة ثانية يرأس زميله اللي على الدرجة الأولى، بحجة الكفاءة، في مديرين عموم في الشركة موكل إليهم بدل الإدارة اتنين وزملائهم محرومين من أي ترقية". وشركة مطاحن مصر الوسطى، هي إحدى الشركات التابعة للشركة القابضة للصناعات الغذائية التابعة لوزارة التموين والتجارة الداخلية، وتعمل في تصنيع وتجارة واستيراد وتبخير وصيانة وتعبئة وتجهيز ونقل وتوزيع الحبوب ومنتجاتها وبدائلها، ولها فروع في كل من محافظات الفيوم وبني سويف وأسيوط والمنيا. وخلال العام المالي 2024-2025 حققت الشركة أرباحًا بنسبة 7.1% بواقع 138 مليون جنيه، مقارنة بربح 128.8 مليون جنيه خلال العام السابق له، وفق جريدة البورصة. "منع الزيارة وإهمال طبي".. "المبادرة المصرية" تشكو للنائب العام أوضاع "سجن بدر 3" محمد نابليون تقدم مدير المبادرة المصرية للحقوق الشخصية حسام بهجت، صباح اليوم الأحد، ببلاغ رسمي إلى النائب العام، للمطالبة بفتح تحقيق جنائي حول أوضاع السجناء بمركز إصلاح وتأهيل "بدر 3"، ومدى احترام السجن لحقوقهم. وطالب البلاغ، الذي حمل رقم 5640 لسنة 2026 عرائض، بمحاسبة المسؤولين عن أي انتهاكات تثبت صحتها، ورفع الضرر اللاحق بالنزلاء تطبيقًا للدستور وقانون تنظيم مراكز الإصلاح والتأهيل المجتمعي. كما دعا البلاغ النائب العام إلى إجراء زيارة تفتيشية لكافة قطاعات سجن "بدر 3"، لمقابلة النزلاء وفحص حالاتهم والتحقيق في شكاوى أسرهم، أسوة بالزيارة التي أعلنت عنها النيابة العامة في 5 يناير/كانون الثاني الجاري لمركز تأهيل "بدر 2". ويأتي هذا البلاغ، بعد أيام من شكوى أطلقتها سناء عبد الجواد، زوجة القيادي الإخواني محمد البلتاجي، أبدت فيها قلقها إزاء غياب المعلومات حول وضعه الصحي، حيث أشارت الزوجة في بوست عبر حسابها بفيسبوك إلى انقطاع التواصل معه ونقله للمستشفى دون إخطارهم بتفاصيل حالته. كما تضمن البوست اتهامات تتعلق بتدهور الأوضاع داخل سجن بدر، تضمنت الحديث عن حالات وفاة وإصابات بالسرطان، بالإضافة إلى ما وصفته بـ"معاناة قاسية من البرد الشديد" نتيجة سحب الأغطية من النزلاء. وفي السياق، استندت المبادرة في بلاغها إلى تقرير أصدرته قبل شهرين بعنوان "بين الدعاية والحقيقة: انتهاكات حقوق نزلاء سجون بدر"، والذي اعتمد على توثيق شهادات محتجزين سابقين، وأسر محتجزين حاليين، ومقابلات مع محامين، بالإضافة إلى رصد التقارير الرسمية الصادرة عن الجهات الحكومية. ويهدف البلاغ، حسب بهجت، إلى تمكين النيابة العامة من ممارسة ولايتها الدستورية في الرقابة على السجون، صونًا للكرامة الإنسانية، مشددًا على أن الوقائع المرصودة تشكل حال ثبوتها إخلالًا جسيمًا بالضمانات القانونية التي تجرم المساس بالسلامة الجسدية أو النفسية للنزلاء. وحول الوقائع التي طالب البلاغ بالتحقيق فيها، قالت المبادرة إنها تشمل المنع من الزيارة، مؤكدة أنها رصدت منعًا تامًا للزيارة لعدد من نزلاء "بدر 3" منذ نقلهم إليه في 2022، بالمخالفة للمادة 38 من قانون تنظيم مراكز الإصلاح. كما أشار البلاغ إلى استمرار وزارة الداخلية في تقليص الزيارات إلى مرة واحدة شهريًا (بدلاً من مرتين للمحكومين وأسبوعية للمحبوسين احتياطيًا)، مع فرض قيود مثل الزيارة عبر كابينة زجاجية وهاتف داخلي دون مبرر قانوني. فيما طالب البلاغ أيضًا بالتحقق من مدى توفر الرعاية الصحية، في ظل استغاثات متتالية من تدهور أوضاع نزلاء (خاصة كبار السن وذوي الأمراض المزمنة)، وشكاوى من غياب الكشف الدوري، ونقص الأطباء المتخصصين، والتباطؤ في إجراء العمليات الجراحية الضرورية حتى على نفقة النزلاء الخاصة. وعوضًا عما سبق، نوه البلاغ إلى امتناع إدارة المركز عن تمكين النزلاء المقيدين بالجامعات من أداء امتحاناتهم، سواء برفض نقلهم للجان المختصة أو الامتناع عن استلام طلبات أداء الامتحان، مما أدى إلى ضياع العام الدراسي على عدد من الطلاب المحبوسين. كما تضمن البلاغ شكاوى بشأن وجود كاميرات مراقبة داخل غرف الإقامة، وهو ما يمثل مساسًا بالخصوصية، بالإضافة إلى شكاوى تتعلق بعدم صلاحية مياه الشرب، وتقليص فترات التريض والتعرض للشمس، مما يؤثر سلبًا على الصحة الجسدية والنفسية للنزلاء. وكان النائب العام المستشار محمد شوقي أجرى زيارة تفتيشية لمركز إصلاح وتأهيل بدر في سبتمبر/أيلول 2024، شملت تفقد العنابر والمركز الطبي وأماكن التريض. وذكرت النيابة العامة في بيان حينها أن فريقها استمع لشكاوى عدد من النزلاء ووجه إدارة المركز بـ"تلافيها". وصلت 500 مليار جنيه.. التكلفة التقديرية لترفيق المرحلة الثانية من العاصمة الإدارية تتضاعف عبدالله البسطويسي شهدت التقديرات المالية لتنفيذ مشروعات البنية التحتية والمرافق بالمرحلة الثانية من العاصمة الإدارية الجديدة، قفزة كبيرة اقتربت على أثرها التكلفة الإجمالية من حاجز 500 مليار جنيه، وهو ما يعادل ضعف التقديرات الرسمية التي أعلنتها الشركة قبل نحو عامين، حسب مصدر مطلع على الملف بالشركة. وعزا المصدر، الذي رفض نشر اسمه، في تصريحات لـ المنصة، هذه الزيادة لعاملين أساسيين؛ أولهما ارتفاع تكلفة الخامات وأعمال التنفيذ، وثانيهما زيادة المساحة الإجمالية للمرحلة الثانية لتصل إلى 50 ألف فدان بدلًا من 40 ألف فدان، تشمل أنشطة سكنية، تجارية، إدارية، بالإضافة إلى منطقة صناعية. وتعكس الأرقام الجديدة تحولًا كبيرًا في الميزانية المرصودة؛ ففي مارس/آذار 2024، قدّر المهندس خالد عباس، رئيس شركة العاصمة الإدارية، تكلفة ترفيق هذه المرحلة بنحو 240 مليار جنيه لـ40 ألف فدان، ما يعني أن التكلفة قفزت بنسبة تفوق 100% مع زيادة في المساحة بواقع 25%. وبلغت تكلفة مرافق المرحلة الأولى نحو 350 مليار جنيه لمساحة 40 ألف فدان، شملت المحطة الرئيسية للمياه التي استحوذت وحدها على 10% من التكلفة الإجمالية باعتبارها المصدر الرئيسي لتغذية المدينة بمياه نهر النيل. وتتضمن أعمال البنية التحتية للمرحلة الثانية، حسب المصدر، مد وصلات المياه، الغاز، والكهرباء، إضافة إلى تنفيذ الطرق الرئيسية والفرعية للمرحلة الجديدة، علاوة على البنية التكنولوجية اللازمة ارتكازًا على مبادئ المدن الذكية. وفي الوقت الذي انطلقت فيه أعمال الترفيق بالمرحلة الثانية بداية العام الماضي، أكد المصدر أن الشركة ستشرع في طرح الدفعة الأولى من الأراضي السكنية والتجارية أمام المستثمرين بهذه المرحلة بنهاية 2026، بينما من المقرر أن تنتهي من تجهيز وتسليم الأراضي الصناعية مطلع العام المقبل. وتوقع المصدر افتتاح أول مصنع بالمنطقة الصناعية منتصف 2027، وقال "الشركة تدرس تنفيذ عمليات توسعية في المنطقة الصناعية بعد الإقبال المتزايد من القطاع الخاص على شراء أراضي هناك، لكنها متوقفة حاليًا عند حدود الدراسة والتقييم فقط". وحول الموارد المالية للإنفاق على هذه المشروعات، شدد المصدر على أن شركة العاصمة كغيرها من الشركات لديها مصروفات والتزامات مالية تجاه المدينة والدولة وفي المقابل تمتلك عوائد مالية و"مداخيل"، ليجري بنهاية كل عام خصم المصروفات، ومن بينها أعمال الترفيق، من العوائد المحققة ليشكل الناتج صافي أرباح الشركة. وفي وقت سابق من الشهر الجاري، قال عباس لـ المنصة، إن العاصمة الإدارية أجرت اتفاقات مع شركات إماراتية وصينية لاستغلال 600 فدان من المنطقة الصناعية البالغة ألف فدان، منوهًا وقتها بأنها تدرس طلبات مجموعة كبيرة من المستثمرين المحليين والأجانب لاستغلال باقي المساحات. ويتوزع هيكل ملكية شركة العاصمة الجديدة بواقع 29% لجهاز مشروعات الخدمة الوطنية، و22% حصة عينية لجهاز مشروعات أراضي القوات المسلحة، و49% حصة هيئة المجتمعات العمرانية. | AE13: https://manassa.news/news-bulletin/29804?fbclid=IwY2xjawTgdD9wZG9mBWV4dG4DYWVtAjExAHNydGMGYXBwX2lkEDIyMjAzOTE3ODgyMDA4OTIAAR68QNytXgJVbwxDxCuTtThiMeqVFFaczekeEfWSVGAMKYw3w9N43hIPwBb5jg_aem_T5jT17Dzdj7o9uiTbgJDcw
A14: 12 | B14: 46050 | C14: يناير | D14: الإسكندرية | E14: إقليم الاسكندرية | F14: المنتزه | G14: مصنع الرأس السوداء التابع لشركة قها | H14: احتجاجات عمال مصنع الرأس السوداء التابع لشركة قها | I14: وقفة احتجاجية | J14: تظاهرة ميدانية | K14: المطالبة بالتثبيت | L14: مطالب اقتصادية | M14: عمال/عاملات | N14: قطاع عام/موظفون | O14: 500 | P14: أصحاب المنشآت | R14: 0 | AD14: وقفة احتجاجية لعمال “قها” بالإسكندرية التاريخ الأربعاء 28 يناير 2026 الكاتب بقلم طاهر الشيخ استمرارا لمسلسل الغضب العمالي المتصاعد منذ بداية العام الجاري، نظم أكثر من 500 عامل وعاملة بمصنع الرأس السوداء التابع لشركة قها في الإسكندرية، وقفة احتجاجية، أمس، للمطالبة بالتثبيت. ويعد الكفاح من أجل الأمان الوظيفي أحد أبرز أسباب الاحتجاجات العمالية، خلال الأعوام السابقة، في ضوء إصرار الرأسمالية المتوحشة الحاكمة على الدفاع عما تسمية “مرونة العمل” أي احقية صاحب العمل في ابرام عقود مؤقتة لعماله دون حد أقصى، وهو ما كرسه قانون العمل الجديد. ونقل موقع “مدى مصر” عن عاملين شاركا في الوقفة قولهما نطالب بالتثبيت أسوة بما جرى مؤخرًا مع عمال شركة السكر والصناعات التكاملية التابعة للشركة القابضة للصناعات الغذائية. وأوضح المصدران أن العمال نظموا وقفة الخميس الماضي، بنفس المطلب، قبل أن ينهوها بعد وعود من الإدارة بالنظر في المطالب، ولكن عدم وصول رد حتى اليوم دفعهم إلى معاودة الاحتجاج. أحد المصدرين، والذي يعمل بعقد يجدد كل ستة أشهر منذ أكثر من ثماني سنوات، قال إنه لا يتقاضى أي حوافز أو بدلات سوى 150 جنيهًا شهريًا كنسبة من أرباح الشركة، في ظل تدني راتبه الذي يبلغ نحو خمسة آلاف جنيه، لافتًا إلى أن بعض زملائه يعمل في الشركة بعقود مؤقتة منذ أكثر من 17 عامًا. وعلى إثر احتجاجات دامت 8 أيام لعمال تسع مصانع تابعة لشركة السكر في عدة محافظات مطلع العام الجاري وافق وزير التموين على تعديل بعض المزايا الهامة المقدمة لصالح العاملين بالشركة ومصانعها التابعة، وعلى رأسها زيادة بدل الوجبة الى 1500 جنيه شهريًا بدلًا من 1000 جنيه، وزيادة الأرباح والحوافز السنوية للعاملين لتكون 45 شهر بدلا من 42 شهر، وزيادة الحافز لكافة العاملين بجميع الفئات 25% من أساس المرتب، كما تم الموافقة على تقديم العلاج لجميع العاملين بالمركز الطبي الرئيسي بالحوامدية. وشركة قها للأغذية المحفوظة شركة تابعة للشركة القابضة للصناعات الغذائية، وهي أولى الشركات التي أنشئت بمصر في مجال التعليب حيث أنشئت عام 1940، وبدأت بمصنع واحد فى مدينة قها محافظة القليوبية باسم (المصنع المصري للأغذية). ولكنها توسعت لتضم مصانع في البحيرة والشرقية والإسكندرية. | AE14: https://revsoc.me/workers-farmers/51185/
A15: 13 | B15: 46061 | C15: فبراير | D15: الشرقية | E15: إقليم القناه وسيناء | F15: العاشر من رمضان | G15: مصنع شركة چيد تكستايل | H15: إضراب عمال شركة چيد تكستايل | I15: إضراب عن العمل | J15: إضراب عن العمل | K15: المطالبة بألا تقل العلاوة السنوية عن 35% | L15: مطالب اقتصادية | M15: عمال/عاملات | N15: قطاع خاص وباليومية | O15: آلاف | P15: أصحاب المنشآت | R15: 0 | AD15: عمال “چيد تكستايل” يعلنون الإضراب.. احتجاجًا على نسبة “العلاوة” التاريخ الأحد 8 فبراير 2026 أعلن الآلاف من عمال مصنعي شركة چيد تكستايل (التركية) في العاشر من رمضان، والإسماعيلية، اليوم، إضرابًا عن العمل، احتجاجًا على قرار الشركة بصرف نسبة علاوة متدنية بلغت 15% من الأجر الأساسي، بينما يطالب العمال بألا تقل العلاوة السنوية عن 35%، لمواجهة قفزات أسعار المعيشة. | AE15: https://revsoc.me/workers-farmers/51273/
A16: 14 | B16: 46061 | C16: فبراير | D16: الإسماعيلية | E16: إقليم القناه وسيناء | F16: حي ثالث | G16: مصنع شركة چيد تكستايل | H16: إضراب عمال شركة چيد تكستايل | I16: إضراب عن العمل | J16: إضراب عن العمل | K16: المطالبة بألا تقل العلاوة السنوية عن 35% | L16: مطالب اقتصادية | M16: عمال/عاملات | N16: قطاع خاص وباليومية | O16: آلاف | P16: أصحاب المنشآت | R16: 0 | AD16: عمال “چيد تكستايل” يعلنون الإضراب.. احتجاجًا على نسبة “العلاوة” التاريخ الأحد 8 فبراير 2026 أعلن الآلاف من عمال مصنعي شركة چيد تكستايل (التركية) في العاشر من رمضان، والإسماعيلية، اليوم، إضرابًا عن العمل، احتجاجًا على قرار الشركة بصرف نسبة علاوة متدنية بلغت 15% من الأجر الأساسي، بينما يطالب العمال بألا تقل العلاوة السنوية عن 35%، لمواجهة قفزات أسعار المعيشة. | AE16: https://revsoc.me/workers-farmers/51273/
A17: 15 | B17: 46077 | C17: فبراير | D17: المنوفية | E17: إقليم الدلتا | F17: اشمون | G17: شركة ألفا سيرفس | H17: احتجاجات عاملات النظافة بـ«أشمون الصحية» | I17: وقفة احتجاجية | J17: تظاهرة ميدانية | K17: للمطالبة بوقف خصم مبلغ ألف جنيه من رواتبهن، البالغة 1300 جنيه. كما طالبن بصرف راتب يناير الماضي، وتطبيق الحد الأدنى للأجور | L17: مطالب اقتصادية | M17: عاملات النظافة بأشمون الصحية | N17: قطاع خاص وباليومية | O17: عشرات | P17: الحكومة ورئيس الجمهورية | R17: 0 | AD17: وقفة لعاملات النظافة بـ«أشمون الصحية» للمطالبة بوقف استقطاع «منحة العمالة غير المنتظمة» من الأجور كتابة أحمد عشماوي 25 فبراير 2026 وقفة لعدد من عاملات النظافة بإدارة أشمون الصحية، في محافظة المنوفية، أمس. المصدر: إحدى العاملات نظم عدد من عاملات النظافة بإدارة أشمون الصحية، في محافظة المنوفية، أمس، وقفة احتجاجية، للمطالبة بوقف خصم مبلغ ألف جنيه من رواتبهن، البالغة 1300 جنيه. كما طالبن بصرف راتب يناير الماضي، وتطبيق الحد الأدنى للأجور، ودعت العاملات الحكومة ورئيس الجمهورية للتدخل، حسبما قالت إحدى العاملات من المشاركات في الوقفة لـ«مدى مصر»، مشيرة إلى أنهن تلقين تهديدات من المشرفين بالاستغناء عنهن وتسريحهن حال استمرارهن في الاحتجاج. وأوضحت العاملة أنها بدأت العمل في الإدارة منذ حوالي ست سنوات من خلال تعاقدها مع إحدى شركات النظافة الخاصة، دون أن تحصل على نسخة من العقد، ثم أنهت الشركة تعاقدها مع الإدارة الصحية، التي استقدمت شركة أخرى، فانتقلت تبعية العاملات، البالغ عددهن 138، إلى الشركة الجديدة، حيث أصبحت هي من تتولى صرف الأجور لهن، بحسب العاملة، مضيفة أنه بعد فترة أنهت الشركة الجديدة أيضًا تعاقدها مع الإدارة، وجاءت شركة «ألفا سيرفس»، لتنتقل تبعية العاملات مرة أخرى إليها، دون توقيع أي عقود جديدة في المرتين. المستشار القانوني لوزارة العمل، إيهاب عبد العاطي، قال لـ«مدى مصر»، إن كامل مبلغ منحة العمالة غير المنتظمة هو للعمال، ولا يجوز مطلقًا استقطاع الشركة لأي مبلغ، لأن ذلك «غير قانوني.. ومحدش يقدر يعمل كده»، مُشددًا على أهمية تقدم العمال بشكاوى عاجلة حال قيام أي شركة بإجراء من هذا النوع، «لو حد عمل كده يبعتلونا شكاوى بسرعة واحنا هنتصرف». من جانبه، قال مصدر مسؤول بإدارة أشمون الصحية لـ«مدى مصر»، مشترطًا عدم ذكر اسمه، إن الإدارة التابعة لوزارة الصحة، تتعاقد مع شركات خارجية للقيام بأعمال النظافة، وأن العاملات لا يتبعن الإدارة أو الوزارة، رغم أنهن يعملن منذ سنوات في نفس المكان والوظيفة، لكن عن طريق إلحاقهن بالشركات الخارجية المُتعاقد معها، رافضًا توضيح طبيعة التعاقد بين الإدارة وشركات النظافة الخاصة فيما يخص العاملات. وأضافت العاملة أن الراتب الذي اتفقت عليه عند بداية عملها، بحسب العقد الذي طالعته عند توقيعها قبل ست سنوات، كان 2500 جنيه شهريًا، لكن ما كانت تتقاضاه فعليًا هي وزملائها مبلغ 1300 فقط، وحين سألن إدارة «ألفا سيرفس» عن باقي الراتب كان الرد: «بنشتري بيهم أدوات نظافة»، على حد قول العاملة. ومؤخرًا، فوجئت العاملات بإبلاغهن من قِبل إدارة «ألفا سيرفس» أن للشركة نصيب في مبلغ منحة العمالة غير المنتظمة (1500 جنيه) التي يحصلن عليها من وزارة العمل، بزعم أن الشركة هي من سجلت أسماءهن للحصول عليها كما تشترط الوزارة، وبالتالي «للشركة نصيب في المنحة.. وهناخد ألف جنيه وانتوا هتاخدوا 500». | AE17: https://www.madamasr.com/2026/02/25/news/%d8%b3%d9%8a%d8%a7%d8%b3%d8%a9/%d9%88%d9%82%d9%81%d8%a9-%d9%84%d8%b9%d8%a7%d9%85%d9%84%d8%a7%d8%aa-%d8%a7%d9%84%d9%86%d8%b8%d8%a7%d9%81%d8%a9-%d8%a8%d9%80%d8%a3%d8%b4%d9%85%d9%88%d9%86-%d8%a7%d9%84%d8%b5%d8%ad%d9%8a%d8%a9/ | AF17: https://www.facebook.com/RevSoc.me/photos/%D9%85%D8%AA%D8%B6%D8%A7%D9%85%D9%86%D9%88%D9%86-%D9%85%D8%B9-%D8%B9%D8%A7%D9%85%D9%84%D8%A7%D8%AA-%D8%A7%D9%84%D9%86%D8%B8%D8%A7%D9%81%D8%A9-%D8%A8%D8%B4%D8%B1%D9%83%D8%A9-%D8%A3%D9%84%D9%81%D8%A7-%D8%B3%D9%8A%D8%B1%D9%81%D8%B3%D9%86%D8%B8%D9%85%D8%AA-%D8%B9%D8%A7%D9%85%D9%84%D8%A7%D8%AA-%D8%A7%D9%84%D9%86%D8%B8%D8%A7%D9%81%D8%A9-%D8%A8%D8%A5%D8%AF%D8%A7%D8%B1%D8%A9-%D8%A3%D8%B4%D9%85%D9%88%D9%86-%D8%A7%D9%84%D8%B5%D8%AD/1209605874680292/
A18: 16 | B18: 46078 | C18: فبراير | D18: الإسكندرية | E18: إقليم الاسكندرية | F18: العامرية | G18: شركة مصر العامرية للغزل والنسيج | H18: احتجاجات عمال مصر العامرية للغزل والنسيج | I18: إضراب عن العمل | J18: إضراب عن العمل | K18: أن العاملين فوجئوا عند تسلمهم قسيمة الراتب (باي سليب)، اليوم، باستقطاعات تمثلت في رفع الضرائب إلى 350 جنيهًا، بزيادة قدرها 100 جنيه عن الشهر الماضي، بالإضافة إلى زيادة المستقطع لصالح التأمينات الاجتماعية لتصل إلى نحو 800 جنيه، بعدما كانت تتراوح بين 400 و500 في يناير الماضي، وهو ما أثار غضب العمال، ودفع عمال القطاعين إلى الإضراب | L18: مطالب اقتصادية | M18: عمال قطاعي التجهيز والملابس بشركة مصر العامرية للغزل والنسيج | N18: قطاع خاص وباليومية | O18: 550 | P18: شركة مصر العامرية للغزل والنسيج | R18: 0 | Z18: تحت ضغط العمال.. "العامرية للغزل" تتراجع عن قرار الإجازة الإجبارية | AA18: تنظر المحكمة العمالية في الدخيلة بالإسكندرية دعاوى نحو 250 من عمال الشركة بشأن عدم تطبيق الحد الأدنى للأجور «بصورة صحيحة»، وعدم حصولهم على مقابل ساعات العمل الإضافية وبدل الوردية، بالإضافة إلى استقطاع حصة صاحب العمل في التأمينات الاجتماعية من الأجور | AD18: إضراب مئات العمال بـ«العامرية للغزل» احتجاجًا على استقطاعات كبيرة من الرواتب كتابة أحمد عشماوي 26 فبراير 2026 أعلن نحو 550 عاملًا وعاملة بقطاعي التجهيز والملابس في شركة مصر العامرية للغزل والنسيج بالإسكندرية، اليوم، إضرابًا عن العمل، احتجاجًا على استقطاعات كبيرة من رواتب فبراير، حسبما قال مصدران من المضربين لـ«مدى مصر». وأوضح ثلاثة عمال من قطاعات مختلفة بالشركة أن العاملين فوجئوا عند تسلمهم قسيمة الراتب (باي سليب)، اليوم، باستقطاعات تمثلت في رفع الضرائب إلى 350 جنيهًا، بزيادة قدرها 100 جنيه عن الشهر الماضي، بالإضافة إلى زيادة المستقطع لصالح التأمينات الاجتماعية لتصل إلى نحو 800 جنيه، بعدما كانت تتراوح بين 400 و500 في يناير الماضي، وهو ما أثار غضب العمال، ودفع عمال القطاعين إلى الإضراب، «وممكن الشركة كلها تقف السبت»، حسبما قال أحد العمال. وأضاف مصدر من عمال قطاع التجهيز أنه بجانب هذه الاستقطاعات، خصمت الشركة من عمال هذا القطاع فقط قيمة «حافز التجهيز» بما يعادل حوالي 350 جنيهًا لكل عامل، بحجة أن «الشغل خفيف»، حسبما أبلغ المشرفون العمال، متسائلًا: «هل هما جابوا شغل واحنا ماشتغلناش؟». وقال المصدر إن العمل توقف في قطاع التجهيز، أمس، لبعض الوقت، بعد تجمع العمال أمام مبنى الإدارة احتجاجًا على قرار الشركة بمنح عمال القسم إجازة إجبارية أيام الخميس خلال شهر رمضان، تُخصم من رصيد الإجازات الاعتيادية، لخفض تكاليف التشغيل، قبل أن تبلغهم الشركة بوقف القرار، بحسب المصدر. طلب العمال من الإدارة تفسيرًا لهذه الاستقطاعات الكبيرة دون إجابة، لكنها وعدتهم ببحث الأمر مع رئيس مجلس الإدارة، الذي لا يتواجد سوى يوم الثلاثاء من كل أسبوع، وهو ما قابله العمال بإعلان استمرار الإضراب حتى حضوره. من ناحية أخرى، تنظر المحكمة العمالية في الدخيلة بالإسكندرية دعاوى نحو 250 من عمال الشركة بشأن عدم تطبيق الحد الأدنى للأجور «بصورة صحيحة»، وعدم حصولهم على مقابل ساعات العمل الإضافية وبدل الوردية، بالإضافة إلى استقطاع حصة صاحب العمل في التأمينات الاجتماعية من الأجور، مطالبين أيضًا بزيادة بدل الوجبة، حسبما قالت لـ«مدى مصر» مها أحمد، مديرة الوحدة الاقتصادية والاجتماعية بالمفوضية المصرية للحقوق والحريات، الممثل القانوني للعمال. سبق أن نظم عمال «العامرية للغزل» إضرابًا عن العمل في أغسطس الماضي، استمر أسبوعين، للمطالبة بمراعاة الأقدمية في تطبيق الحد الأدنى للأجور، وزيادة البدلات والحوافز، وإقالة المدير التنفيذي للشركة. وانتهى الإضراب بالإطاحة بالمدير التنفيذي، وحصول العمال على زيادة «حافز الجهد» بنسبة 100%، بالإضافة إلى زيادة 200 جنيه في «بدل الوردية» لا تحتسب ضمن «الأدنى للأجور»، واحتساب أيام الإضراب كأيام عمل. | AE18: https://www.madamasr.com/2026/02/26/news/u/%d8%a5%d8%b6%d8%b1%d8%a7%d8%a8-%d9%85%d8%a6%d8%a7%d8%aa-%d8%a7%d9%84%d8%b9%d9%85%d8%a7%d9%84-%d8%a8%d9%80%d8%a7%d9%84%d8%b9%d8%a7%d9%85%d8%b1%d9%8a%d8%a9-%d9%84%d9%84%d8%ba%d8%b2%d9%84/ | AF18: https://manassa.news/news/30548 | AG18: https://manassa.news/news/30579 | AH18: https://manassa.news/news/30636
A19: 17 | B19: 46079 | C19: فبراير | D19: الإسكندرية | E19: إقليم الاسكندرية | F19: العامرية | G19: شركة مصر العامرية للغزل والنسيج | H19: احتجاجات عمال مصر العامرية للغزل والنسيج | I19: إضراب عن العمل | J19: إضراب عن العمل | K19: أن العاملين فوجئوا عند تسلمهم قسيمة الراتب (باي سليب)، اليوم، باستقطاعات تمثلت في رفع الضرائب إلى 350 جنيهًا، بزيادة قدرها 100 جنيه عن الشهر الماضي، بالإضافة إلى زيادة المستقطع لصالح التأمينات الاجتماعية لتصل إلى نحو 800 جنيه، بعدما كانت تتراوح بين 400 و500 في يناير الماضي، وهو ما أثار غضب العمال، ودفع عمال القطاعين إلى الإضراب | L19: مطالب اقتصادية | M19: عمال قطاعي التجهيز والملابس بشركة مصر العامرية للغزل والنسيج | N19: قطاع خاص وباليومية | O19: 550 | P19: شركة مصر العامرية للغزل والنسيج | R19: 0 | Z19: تحت ضغط العمال.. "العامرية للغزل" تتراجع عن قرار الإجازة الإجبارية | AA19: تنظر المحكمة العمالية في الدخيلة بالإسكندرية دعاوى نحو 250 من عمال الشركة بشأن عدم تطبيق الحد الأدنى للأجور «بصورة صحيحة»، وعدم حصولهم على مقابل ساعات العمل الإضافية وبدل الوردية، بالإضافة إلى استقطاع حصة صاحب العمل في التأمينات الاجتماعية من الأجور | AD19: إضراب مئات العمال بـ«العامرية للغزل» احتجاجًا على استقطاعات كبيرة من الرواتب كتابة أحمد عشماوي 26 فبراير 2026 أعلن نحو 550 عاملًا وعاملة بقطاعي التجهيز والملابس في شركة مصر العامرية للغزل والنسيج بالإسكندرية، اليوم، إضرابًا عن العمل، احتجاجًا على استقطاعات كبيرة من رواتب فبراير، حسبما قال مصدران من المضربين لـ«مدى مصر». وأوضح ثلاثة عمال من قطاعات مختلفة بالشركة أن العاملين فوجئوا عند تسلمهم قسيمة الراتب (باي سليب)، اليوم، باستقطاعات تمثلت في رفع الضرائب إلى 350 جنيهًا، بزيادة قدرها 100 جنيه عن الشهر الماضي، بالإضافة إلى زيادة المستقطع لصالح التأمينات الاجتماعية لتصل إلى نحو 800 جنيه، بعدما كانت تتراوح بين 400 و500 في يناير الماضي، وهو ما أثار غضب العمال، ودفع عمال القطاعين إلى الإضراب، «وممكن الشركة كلها تقف السبت»، حسبما قال أحد العمال. وأضاف مصدر من عمال قطاع التجهيز أنه بجانب هذه الاستقطاعات، خصمت الشركة من عمال هذا القطاع فقط قيمة «حافز التجهيز» بما يعادل حوالي 350 جنيهًا لكل عامل، بحجة أن «الشغل خفيف»، حسبما أبلغ المشرفون العمال، متسائلًا: «هل هما جابوا شغل واحنا ماشتغلناش؟». وقال المصدر إن العمل توقف في قطاع التجهيز، أمس، لبعض الوقت، بعد تجمع العمال أمام مبنى الإدارة احتجاجًا على قرار الشركة بمنح عمال القسم إجازة إجبارية أيام الخميس خلال شهر رمضان، تُخصم من رصيد الإجازات الاعتيادية، لخفض تكاليف التشغيل، قبل أن تبلغهم الشركة بوقف القرار، بحسب المصدر. طلب العمال من الإدارة تفسيرًا لهذه الاستقطاعات الكبيرة دون إجابة، لكنها وعدتهم ببحث الأمر مع رئيس مجلس الإدارة، الذي لا يتواجد سوى يوم الثلاثاء من كل أسبوع، وهو ما قابله العمال بإعلان استمرار الإضراب حتى حضوره. من ناحية أخرى، تنظر المحكمة العمالية في الدخيلة بالإسكندرية دعاوى نحو 250 من عمال الشركة بشأن عدم تطبيق الحد الأدنى للأجور «بصورة صحيحة»، وعدم حصولهم على مقابل ساعات العمل الإضافية وبدل الوردية، بالإضافة إلى استقطاع حصة صاحب العمل في التأمينات الاجتماعية من الأجور، مطالبين أيضًا بزيادة بدل الوجبة، حسبما قالت لـ«مدى مصر» مها أحمد، مديرة الوحدة الاقتصادية والاجتماعية بالمفوضية المصرية للحقوق والحريات، الممثل القانوني للعمال. سبق أن نظم عمال «العامرية للغزل» إضرابًا عن العمل في أغسطس الماضي، استمر أسبوعين، للمطالبة بمراعاة الأقدمية في تطبيق الحد الأدنى للأجور، وزيادة البدلات والحوافز، وإقالة المدير التنفيذي للشركة. وانتهى الإضراب بالإطاحة بالمدير التنفيذي، وحصول العمال على زيادة «حافز الجهد» بنسبة 100%، بالإضافة إلى زيادة 200 جنيه في «بدل الوردية» لا تحتسب ضمن «الأدنى للأجور»، واحتساب أيام الإضراب كأيام عمل. | AE19: https://www.madamasr.com/2026/02/26/news/u/%d8%a5%d8%b6%d8%b1%d8%a7%d8%a8-%d9%85%d8%a6%d8%a7%d8%aa-%d8%a7%d9%84%d8%b9%d9%85%d8%a7%d9%84-%d8%a8%d9%80%d8%a7%d9%84%d8%b9%d8%a7%d9%85%d8%b1%d9%8a%d8%a9-%d9%84%d9%84%d8%ba%d8%b2%d9%84/ | AF19: https://manassa.news/news/30548 | AG19: https://manassa.news/news/30579 | AH19: https://manassa.news/news/30636
A20: 18 | B20: 46080 | C20: فبراير | D20: الإسكندرية | E20: إقليم الاسكندرية | F20: العامرية | G20: شركة مصر العامرية للغزل والنسيج | H20: احتجاجات عمال مصر العامرية للغزل والنسيج | I20: إضراب عن العمل | J20: إضراب عن العمل | K20: أن العاملين فوجئوا عند تسلمهم قسيمة الراتب (باي سليب)، اليوم، باستقطاعات تمثلت في رفع الضرائب إلى 350 جنيهًا، بزيادة قدرها 100 جنيه عن الشهر الماضي، بالإضافة إلى زيادة المستقطع لصالح التأمينات الاجتماعية لتصل إلى نحو 800 جنيه، بعدما كانت تتراوح بين 400 و500 في يناير الماضي، وهو ما أثار غضب العمال، ودفع عمال القطاعين إلى الإضراب | L20: مطالب اقتصادية | M20: عمال قطاعي التجهيز والملابس بشركة مصر العامرية للغزل والنسيج | N20: قطاع خاص وباليومية | O20: 550 | P20: شركة مصر العامرية للغزل والنسيج | R20: 0 | AD20: إضراب مئات العمال بـ«العامرية للغزل» احتجاجًا على استقطاعات كبيرة من الرواتب كتابة أحمد عشماوي 26 فبراير 2026 أعلن نحو 550 عاملًا وعاملة بقطاعي التجهيز والملابس في شركة مصر العامرية للغزل والنسيج بالإسكندرية، اليوم، إضرابًا عن العمل، احتجاجًا على استقطاعات كبيرة من رواتب فبراير، حسبما قال مصدران من المضربين لـ«مدى مصر». وأوضح ثلاثة عمال من قطاعات مختلفة بالشركة أن العاملين فوجئوا عند تسلمهم قسيمة الراتب (باي سليب)، اليوم، باستقطاعات تمثلت في رفع الضرائب إلى 350 جنيهًا، بزيادة قدرها 100 جنيه عن الشهر الماضي، بالإضافة إلى زيادة المستقطع لصالح التأمينات الاجتماعية لتصل إلى نحو 800 جنيه، بعدما كانت تتراوح بين 400 و500 في يناير الماضي، وهو ما أثار غضب العمال، ودفع عمال القطاعين إلى الإضراب، «وممكن الشركة كلها تقف السبت»، حسبما قال أحد العمال. وأضاف مصدر من عمال قطاع التجهيز أنه بجانب هذه الاستقطاعات، خصمت الشركة من عمال هذا القطاع فقط قيمة «حافز التجهيز» بما يعادل حوالي 350 جنيهًا لكل عامل، بحجة أن «الشغل خفيف»، حسبما أبلغ المشرفون العمال، متسائلًا: «هل هما جابوا شغل واحنا ماشتغلناش؟». وقال المصدر إن العمل توقف في قطاع التجهيز، أمس، لبعض الوقت، بعد تجمع العمال أمام مبنى الإدارة احتجاجًا على قرار الشركة بمنح عمال القسم إجازة إجبارية أيام الخميس خلال شهر رمضان، تُخصم من رصيد الإجازات الاعتيادية، لخفض تكاليف التشغيل، قبل أن تبلغهم الشركة بوقف القرار، بحسب المصدر. طلب العمال من الإدارة تفسيرًا لهذه الاستقطاعات الكبيرة دون إجابة، لكنها وعدتهم ببحث الأمر مع رئيس مجلس الإدارة، الذي لا يتواجد سوى يوم الثلاثاء من كل أسبوع، وهو ما قابله العمال بإعلان استمرار الإضراب حتى حضوره. من ناحية أخرى، تنظر المحكمة العمالية في الدخيلة بالإسكندرية دعاوى نحو 250 من عمال الشركة بشأن عدم تطبيق الحد الأدنى للأجور «بصورة صحيحة»، وعدم حصولهم على مقابل ساعات العمل الإضافية وبدل الوردية، بالإضافة إلى استقطاع حصة صاحب العمل في التأمينات الاجتماعية من الأجور، مطالبين أيضًا بزيادة بدل الوجبة، حسبما قالت لـ«مدى مصر» مها أحمد، مديرة الوحدة الاقتصادية والاجتماعية بالمفوضية المصرية للحقوق والحريات، الممثل القانوني للعمال. سبق أن نظم عمال «العامرية للغزل» إضرابًا عن العمل في أغسطس الماضي، استمر أسبوعين، للمطالبة بمراعاة الأقدمية في تطبيق الحد الأدنى للأجور، وزيادة البدلات والحوافز، وإقالة المدير التنفيذي للشركة. وانتهى الإضراب بالإطاحة بالمدير التنفيذي، وحصول العمال على زيادة «حافز الجهد» بنسبة 100%، بالإضافة إلى زيادة 200 جنيه في «بدل الوردية» لا تحتسب ضمن «الأدنى للأجور»، واحتساب أيام الإضراب كأيام عمل. | AE20: https://www.madamasr.com/2026/02/26/news/u/%d8%a5%d8%b6%d8%b1%d8%a7%d8%a8-%d9%85%d8%a6%d8%a7%d8%aa-%d8%a7%d9%84%d8%b9%d9%85%d8%a7%d9%84-%d8%a8%d9%80%d8%a7%d9%84%d8%b9%d8%a7%d9%85%d8%b1%d9%8a%d8%a9-%d9%84%d9%84%d8%ba%d8%b2%d9%84/ | AF20: https://manassa.news/news/30548 | AG20: https://manassa.news/news/30579 | AH20: https://manassa.news/news/30636
A21: 19 | B21: 46081 | C21: فبراير | D21: الإسكندرية | E21: إقليم الاسكندرية | F21: العامرية | G21: شركة مصر العامرية للغزل والنسيج | H21: احتجاجات عمال مصر العامرية للغزل والنسيج | I21: إضراب عن العمل | J21: إضراب عن العمل | K21: أن العاملين فوجئوا عند تسلمهم قسيمة الراتب (باي سليب)، اليوم، باستقطاعات تمثلت في رفع الضرائب إلى 350 جنيهًا، بزيادة قدرها 100 جنيه عن الشهر الماضي، بالإضافة إلى زيادة المستقطع لصالح التأمينات الاجتماعية لتصل إلى نحو 800 جنيه، بعدما كانت تتراوح بين 400 و500 في يناير الماضي، وهو ما أثار غضب العمال، ودفع عمال القطاعين إلى الإضراب | L21: مطالب اقتصادية | M21: عمال قطاعي التجهيز والملابس بشركة مصر العامرية للغزل والنسيج | N21: قطاع خاص وباليومية | O21: 550 | P21: شركة مصر العامرية للغزل والنسيج | R21: 0 | AD21: إضراب مئات العمال بـ«العامرية للغزل» احتجاجًا على استقطاعات كبيرة من الرواتب كتابة أحمد عشماوي 26 فبراير 2026 أعلن نحو 550 عاملًا وعاملة بقطاعي التجهيز والملابس في شركة مصر العامرية للغزل والنسيج بالإسكندرية، اليوم، إضرابًا عن العمل، احتجاجًا على استقطاعات كبيرة من رواتب فبراير، حسبما قال مصدران من المضربين لـ«مدى مصر». وأوضح ثلاثة عمال من قطاعات مختلفة بالشركة أن العاملين فوجئوا عند تسلمهم قسيمة الراتب (باي سليب)، اليوم، باستقطاعات تمثلت في رفع الضرائب إلى 350 جنيهًا، بزيادة قدرها 100 جنيه عن الشهر الماضي، بالإضافة إلى زيادة المستقطع لصالح التأمينات الاجتماعية لتصل إلى نحو 800 جنيه، بعدما كانت تتراوح بين 400 و500 في يناير الماضي، وهو ما أثار غضب العمال، ودفع عمال القطاعين إلى الإضراب، «وممكن الشركة كلها تقف السبت»، حسبما قال أحد العمال. وأضاف مصدر من عمال قطاع التجهيز أنه بجانب هذه الاستقطاعات، خصمت الشركة من عمال هذا القطاع فقط قيمة «حافز التجهيز» بما يعادل حوالي 350 جنيهًا لكل عامل، بحجة أن «الشغل خفيف»، حسبما أبلغ المشرفون العمال، متسائلًا: «هل هما جابوا شغل واحنا ماشتغلناش؟». وقال المصدر إن العمل توقف في قطاع التجهيز، أمس، لبعض الوقت، بعد تجمع العمال أمام مبنى الإدارة احتجاجًا على قرار الشركة بمنح عمال القسم إجازة إجبارية أيام الخميس خلال شهر رمضان، تُخصم من رصيد الإجازات الاعتيادية، لخفض تكاليف التشغيل، قبل أن تبلغهم الشركة بوقف القرار، بحسب المصدر. طلب العمال من الإدارة تفسيرًا لهذه الاستقطاعات الكبيرة دون إجابة، لكنها وعدتهم ببحث الأمر مع رئيس مجلس الإدارة، الذي لا يتواجد سوى يوم الثلاثاء من كل أسبوع، وهو ما قابله العمال بإعلان استمرار الإضراب حتى حضوره. من ناحية أخرى، تنظر المحكمة العمالية في الدخيلة بالإسكندرية دعاوى نحو 250 من عمال الشركة بشأن عدم تطبيق الحد الأدنى للأجور «بصورة صحيحة»، وعدم حصولهم على مقابل ساعات العمل الإضافية وبدل الوردية، بالإضافة إلى استقطاع حصة صاحب العمل في التأمينات الاجتماعية من الأجور، مطالبين أيضًا بزيادة بدل الوجبة، حسبما قالت لـ«مدى مصر» مها أحمد، مديرة الوحدة الاقتصادية والاجتماعية بالمفوضية المصرية للحقوق والحريات، الممثل القانوني للعمال. سبق أن نظم عمال «العامرية للغزل» إضرابًا عن العمل في أغسطس الماضي، استمر أسبوعين، للمطالبة بمراعاة الأقدمية في تطبيق الحد الأدنى للأجور، وزيادة البدلات والحوافز، وإقالة المدير التنفيذي للشركة. وانتهى الإضراب بالإطاحة بالمدير التنفيذي، وحصول العمال على زيادة «حافز الجهد» بنسبة 100%، بالإضافة إلى زيادة 200 جنيه في «بدل الوردية» لا تحتسب ضمن «الأدنى للأجور»، واحتساب أيام الإضراب كأيام عمل. | AE21: https://www.madamasr.com/2026/02/26/news/u/%d8%a5%d8%b6%d8%b1%d8%a7%d8%a8-%d9%85%d8%a6%d8%a7%d8%aa-%d8%a7%d9%84%d8%b9%d9%85%d8%a7%d9%84-%d8%a8%d9%80%d8%a7%d9%84%d8%b9%d8%a7%d9%85%d8%b1%d9%8a%d8%a9-%d9%84%d9%84%d8%ba%d8%b2%d9%84/ | AF21: https://manassa.news/news/30548 | AG21: https://manassa.news/news/30579 | AH21: https://manassa.news/news/30636
A22: 20 | B22: 46081 | C22: فبراير | D22: قنا | E22: إقليم جنوب الصعيد | F22: نجع حمادي | G22: مصر للألومنيوم | H22: احتجاجات عمال شركة مصر للألومنيوم | I22: إضراب عن العمل | J22: إضراب عن العمل | K22: للمطالبة بالتثبيت وإنهاء تعاقدهم مع شركات توظيف العمالة، وتطبيق الحد الأدنى للأجور | L22: مطالب اقتصادية | M22: العمالة المؤقتة بشركة مصر للألومنيوم | N22: قطاع خاص وباليومية | O22: أكثر من 2000 | P22: شركة مصر للألومنيوم | R22: 0 | AD22: إضراب الآلاف من العمالة المؤقتة في «مصر للألومنيوم» للمطالبة بالتعيين و«الأدنى للأجور» كتابة أحمد عشماوي 1 مارس 2026 يواصل نحو ثلاثة آلاف من العمالة المؤقتة بشركة مصر للألومنيوم في نجع حمادي، إضرابهم عن العمل والاعتصام بمقر المصنع، لليوم الثاني، للمطالبة بالتثبيت وإنهاء تعاقدهم مع شركات توظيف العمالة، وتطبيق الحد الأدنى للأجور، حسبما قال مصدران من العمال لـ«مدى مصر». وقال أحد العمال المضربين، الذي يعمل فني صيانة كهرباء منذ سبع سنوات، إن العمال المؤقتين الذين يُطلق عليهم «العمالة المُؤجرة»، يتقاضون أجورًا تقل عن الحد الأدنى بعدة آلاف، ما بين 2250 و3500 جنيه، مشيرًا إلى أن مدد عملهم في الشركة تتراوح ما بين سبع إلى عشر سنوات، عن طريق شركات توظيف عمالة، أبرزها شركتا «هاميس، وبرودكشن»، التي تتعاقد معها «الألومنيوم» دون أن يعلم العمال شيئًا عن تفاصيل العقود، أو يحصلوا على نسخ منها. وأضاف المصدر أن العمال المؤقتين التحقوا بالعمل عقب تخرجهم من المعهد الفني الصناعي للفلزات، ومركز التدريب المهني التابع للشركة، بلا تأمينات أو أي حقوق وظيفية، وسط انعدام تطبيق معايير السلامة والصحة المهنية، ما يعرض الكثير منهم لإصابات خطيرة. «فيه حاجة عندنا اسمها الخلية، ودي أصعب وأخطر مكان.. يعني لو نقطة معدن جت عليك ممكن تعملك إصابة بالغة وممكن توصل للوفاة»، يقول المصدر، مشيرًا إلى التعامل مع إصابات العمل عن طريق تقديم الإسعافات الأولية بمستشفى الألومنيوم، «وبعدين يقولك روح اتعالج في بيتكم.. فيه عمال بتبقى إيدها مكسورة ويقولوله تعالى الشغل.. لو ما جيتش هيتخصم عليك». وأوضح المصدر أن الدراسة في المعهد ومركز التدريب معنية بصناعة الألومنيوم فقط، «يعني مالناش شغل غير في الصناعة دي»، مشيرًا إلى توقف تعيين خريجي المعهد بالشركة منذ عام 2011، عندما بدأت الشركة في اتباع سياسة العمل المؤقت. «أنا مثلًا حاصل على الثانوية العامة، علمي رياضة بمجموع 86%، كنت ممكن أدخل كلية، وفضّلت المعهد علشان الوظيفة والتعيين، ولكن للأسف لم يحدث»، يقول المصدر. وبحسب العامل، حاولت الإدارة إقناع العمال المضربين بالعودة إلى العمل، مع وعد برفع رواتبهم إلى ستة آلاف جنيه، وهو ما رفضوه، مطالبين أولًا بالتعيين وإنهاء العمل عن طريق شركات التوظيف، وتطبيق الحد الأدنى للأجور، «عايزين عقود مش أكتر، وحياة كريمة.. إحنا هنا بنتعامل معاملة ما ترضيش حد.. أعتقد لو الرئيس عارف مش هيرضى أن ده يحصل في أبنائه». كان عشرات العمال من خريجي المعهد و مركز التدريب المهني انضموا لاعتصام العمال الدائمين بالشركة، في 2015 ، للمطالبة بإقالة رؤساء مجلس الإدارة والقطاعات الإدارية والتشغيل ومدير عام الإدارة الطبية، وعودة البدل النقدي ورصيد الإجازات للمناطق النائية، قبل أن يضرب الآلاف من عمال الشركة في سبتمبر الماضي، احتجاجًا على تدني نسبة الأرباح، لينتهى الإضراب بعد استدعاء الأمن الوطني عددًا من العمال ويطالبهم بإنهائه على أن يتواصل مع الإدارة لعرض مطالبهم. «مصر للألومنيوم» إحدى الشركات التي كانت تتبع وزارة قطاع الأعمال، قبل قرار إلغائها في التعديل الوزاري الأخير، وتم إدراج أسهمها في البورصة المصرية عام 1997، وتعمل في إنتاج الألومنيوم الخام والنصف مشكل، وتبيع إنتاجها في السوق المحلي والخارجي، وتضم أكثر من 550 خلية إنتاجية، وعددًا من قطاعات الإنتاج، منها المسابك والدرفلة ومحمص الفحم، وأدرجتها مجلة فوربس ضمن أقوى 50 شركة في السوق المصري العام الماضي. | AE22: https://www.madamasr.com/2026/03/01/news/u/%d8%a5%d8%b6%d8%b1%d8%a7%d8%a8-%d8%a7%d9%84%d8%a2%d9%84%d8%a7%d9%81-%d9%85%d9%86-%d8%a7%d9%84%d8%b9%d9%85%d8%a7%d9%84%d8%a9-%d8%a7%d9%84%d9%85%d8%a4%d9%82%d8%aa%d8%a9-%d9%81%d9%8a-%d9%85%d8%b5/ | AF22: https://www.facebook.com/RevSoc.me/posts/%D9%85%D8%AA%D8%B6%D8%A7%D9%85%D9%86%D9%88%D9%86-%D9%85%D8%B9-%D8%B9%D9%85%D8%A7%D9%84-%D9%85%D8%B5%D8%B1-%D9%84%D9%84%D8%A3%D9%84%D9%88%D9%85%D9%86%D9%8A%D9%88%D9%85-%D9%81%D9%8A-%D9%85%D8%B9%D8%B1%D9%83%D8%AA%D9%87%D9%85-%D9%85%D9%86-%D8%A3%D8%AC%D9%84-%D8%A7%D9%84%D8%AA%D8%AB%D8%A8%D9%8A%D8%AA-%D9%88%D8%AA%D8%B7%D8%A8%D9%8A%D9%82-%D8%A7%D9%84%D8%AD%D8%AF-%D8%A7%D9%84%D8%A3%D8%AF%D9%86%D9%89-%D9%84%D9%84%D8%A3/1211983834442496/
A23: 21 | B23: 46081 | C23: فبراير | D23: قنا | E23: إقليم جنوب الصعيد | F23: نجع حمادي | G23: مصر للألومنيوم | H23: احتجاجات عمال شركة مصر للألومنيوم | I23: اعتصام | J23: اعتصام ميداني | K23: للمطالبة بالتثبيت وإنهاء تعاقدهم مع شركات توظيف العمالة، وتطبيق الحد الأدنى للأجور | L23: مطالب اقتصادية | M23: العمالة المؤقتة بشركة مصر للألومنيوم | N23: قطاع خاص وباليومية | O23: أكثر من 2000 | P23: شركة مصر للألومنيوم | R23: 0 | AD23: إضراب الآلاف من العمالة المؤقتة في «مصر للألومنيوم» للمطالبة بالتعيين و«الأدنى للأجور» كتابة أحمد عشماوي 1 مارس 2026 يواصل نحو ثلاثة آلاف من العمالة المؤقتة بشركة مصر للألومنيوم في نجع حمادي، إضرابهم عن العمل والاعتصام بمقر المصنع، لليوم الثاني، للمطالبة بالتثبيت وإنهاء تعاقدهم مع شركات توظيف العمالة، وتطبيق الحد الأدنى للأجور، حسبما قال مصدران من العمال لـ«مدى مصر». وقال أحد العمال المضربين، الذي يعمل فني صيانة كهرباء منذ سبع سنوات، إن العمال المؤقتين الذين يُطلق عليهم «العمالة المُؤجرة»، يتقاضون أجورًا تقل عن الحد الأدنى بعدة آلاف، ما بين 2250 و3500 جنيه، مشيرًا إلى أن مدد عملهم في الشركة تتراوح ما بين سبع إلى عشر سنوات، عن طريق شركات توظيف عمالة، أبرزها شركتا «هاميس، وبرودكشن»، التي تتعاقد معها «الألومنيوم» دون أن يعلم العمال شيئًا عن تفاصيل العقود، أو يحصلوا على نسخ منها. وأضاف المصدر أن العمال المؤقتين التحقوا بالعمل عقب تخرجهم من المعهد الفني الصناعي للفلزات، ومركز التدريب المهني التابع للشركة، بلا تأمينات أو أي حقوق وظيفية، وسط انعدام تطبيق معايير السلامة والصحة المهنية، ما يعرض الكثير منهم لإصابات خطيرة. «فيه حاجة عندنا اسمها الخلية، ودي أصعب وأخطر مكان.. يعني لو نقطة معدن جت عليك ممكن تعملك إصابة بالغة وممكن توصل للوفاة»، يقول المصدر، مشيرًا إلى التعامل مع إصابات العمل عن طريق تقديم الإسعافات الأولية بمستشفى الألومنيوم، «وبعدين يقولك روح اتعالج في بيتكم.. فيه عمال بتبقى إيدها مكسورة ويقولوله تعالى الشغل.. لو ما جيتش هيتخصم عليك». وأوضح المصدر أن الدراسة في المعهد ومركز التدريب معنية بصناعة الألومنيوم فقط، «يعني مالناش شغل غير في الصناعة دي»، مشيرًا إلى توقف تعيين خريجي المعهد بالشركة منذ عام 2011، عندما بدأت الشركة في اتباع سياسة العمل المؤقت. «أنا مثلًا حاصل على الثانوية العامة، علمي رياضة بمجموع 86%، كنت ممكن أدخل كلية، وفضّلت المعهد علشان الوظيفة والتعيين، ولكن للأسف لم يحدث»، يقول المصدر. وبحسب العامل، حاولت الإدارة إقناع العمال المضربين بالعودة إلى العمل، مع وعد برفع رواتبهم إلى ستة آلاف جنيه، وهو ما رفضوه، مطالبين أولًا بالتعيين وإنهاء العمل عن طريق شركات التوظيف، وتطبيق الحد الأدنى للأجور، «عايزين عقود مش أكتر، وحياة كريمة.. إحنا هنا بنتعامل معاملة ما ترضيش حد.. أعتقد لو الرئيس عارف مش هيرضى أن ده يحصل في أبنائه». كان عشرات العمال من خريجي المعهد و مركز التدريب المهني انضموا لاعتصام العمال الدائمين بالشركة، في 2015 ، للمطالبة بإقالة رؤساء مجلس الإدارة والقطاعات الإدارية والتشغيل ومدير عام الإدارة الطبية، وعودة البدل النقدي ورصيد الإجازات للمناطق النائية، قبل أن يضرب الآلاف من عمال الشركة في سبتمبر الماضي، احتجاجًا على تدني نسبة الأرباح، لينتهى الإضراب بعد استدعاء الأمن الوطني عددًا من العمال ويطالبهم بإنهائه على أن يتواصل مع الإدارة لعرض مطالبهم. «مصر للألومنيوم» إحدى الشركات التي كانت تتبع وزارة قطاع الأعمال، قبل قرار إلغائها في التعديل الوزاري الأخير، وتم إدراج أسهمها في البورصة المصرية عام 1997، وتعمل في إنتاج الألومنيوم الخام والنصف مشكل، وتبيع إنتاجها في السوق المحلي والخارجي، وتضم أكثر من 550 خلية إنتاجية، وعددًا من قطاعات الإنتاج، منها المسابك والدرفلة ومحمص الفحم، وأدرجتها مجلة فوربس ضمن أقوى 50 شركة في السوق المصري العام الماضي. | AE23: https://www.madamasr.com/2026/03/01/news/u/%d8%a5%d8%b6%d8%b1%d8%a7%d8%a8-%d8%a7%d9%84%d8%a2%d9%84%d8%a7%d9%81-%d9%85%d9%86-%d8%a7%d9%84%d8%b9%d9%85%d8%a7%d9%84%d8%a9-%d8%a7%d9%84%d9%85%d8%a4%d9%82%d8%aa%d8%a9-%d9%81%d9%8a-%d9%85%d8%b5/ | AF23: https://www.facebook.com/RevSoc.me/posts/%D9%85%D8%AA%D8%B6%D8%A7%D9%85%D9%86%D9%88%D9%86-%D9%85%D8%B9-%D8%B9%D9%85%D8%A7%D9%84-%D9%85%D8%B5%D8%B1-%D9%84%D9%84%D8%A3%D9%84%D9%88%D9%85%D9%86%D9%8A%D9%88%D9%85-%D9%81%D9%8A-%D9%85%D8%B9%D8%B1%D9%83%D8%AA%D9%87%D9%85-%D9%85%D9%86-%D8%A3%D8%AC%D9%84-%D8%A7%D9%84%D8%AA%D8%AB%D8%A8%D9%8A%D8%AA-%D9%88%D8%AA%D8%B7%D8%A8%D9%8A%D9%82-%D8%A7%D9%84%D8%AD%D8%AF-%D8%A7%D9%84%D8%A3%D8%AF%D9%86%D9%89-%D9%84%D9%84%D8%A3/1211983834442496/
A24: 22 | B24: 46082 | C24: مارس | D24: الإسكندرية | E24: إقليم الاسكندرية | F24: العامرية | G24: شركة مصر العامرية للغزل والنسيج | H24: احتجاجات عمال مصر العامرية للغزل والنسيج | I24: إضراب عن العمل | J24: إضراب عن العمل | K24: أن العاملين فوجئوا عند تسلمهم قسيمة الراتب (باي سليب)، اليوم، باستقطاعات تمثلت في رفع الضرائب إلى 350 جنيهًا، بزيادة قدرها 100 جنيه عن الشهر الماضي، بالإضافة إلى زيادة المستقطع لصالح التأمينات الاجتماعية لتصل إلى نحو 800 جنيه، بعدما كانت تتراوح بين 400 و500 في يناير الماضي، وهو ما أثار غضب العمال، ودفع عمال القطاعين إلى الإضراب | L24: مطالب اقتصادية | M24: عمال قطاعي التجهيز والملابس بشركة مصر العامرية للغزل والنسيج | N24: قطاع خاص وباليومية | O24: 550 | P24: شركة مصر العامرية للغزل والنسيج | R24: 0 | AD24: إضراب مئات العمال بـ«العامرية للغزل» احتجاجًا على استقطاعات كبيرة من الرواتب كتابة أحمد عشماوي 26 فبراير 2026 أعلن نحو 550 عاملًا وعاملة بقطاعي التجهيز والملابس في شركة مصر العامرية للغزل والنسيج بالإسكندرية، اليوم، إضرابًا عن العمل، احتجاجًا على استقطاعات كبيرة من رواتب فبراير، حسبما قال مصدران من المضربين لـ«مدى مصر». وأوضح ثلاثة عمال من قطاعات مختلفة بالشركة أن العاملين فوجئوا عند تسلمهم قسيمة الراتب (باي سليب)، اليوم، باستقطاعات تمثلت في رفع الضرائب إلى 350 جنيهًا، بزيادة قدرها 100 جنيه عن الشهر الماضي، بالإضافة إلى زيادة المستقطع لصالح التأمينات الاجتماعية لتصل إلى نحو 800 جنيه، بعدما كانت تتراوح بين 400 و500 في يناير الماضي، وهو ما أثار غضب العمال، ودفع عمال القطاعين إلى الإضراب، «وممكن الشركة كلها تقف السبت»، حسبما قال أحد العمال. وأضاف مصدر من عمال قطاع التجهيز أنه بجانب هذه الاستقطاعات، خصمت الشركة من عمال هذا القطاع فقط قيمة «حافز التجهيز» بما يعادل حوالي 350 جنيهًا لكل عامل، بحجة أن «الشغل خفيف»، حسبما أبلغ المشرفون العمال، متسائلًا: «هل هما جابوا شغل واحنا ماشتغلناش؟». وقال المصدر إن العمل توقف في قطاع التجهيز، أمس، لبعض الوقت، بعد تجمع العمال أمام مبنى الإدارة احتجاجًا على قرار الشركة بمنح عمال القسم إجازة إجبارية أيام الخميس خلال شهر رمضان، تُخصم من رصيد الإجازات الاعتيادية، لخفض تكاليف التشغيل، قبل أن تبلغهم الشركة بوقف القرار، بحسب المصدر. طلب العمال من الإدارة تفسيرًا لهذه الاستقطاعات الكبيرة دون إجابة، لكنها وعدتهم ببحث الأمر مع رئيس مجلس الإدارة، الذي لا يتواجد سوى يوم الثلاثاء من كل أسبوع، وهو ما قابله العمال بإعلان استمرار الإضراب حتى حضوره. من ناحية أخرى، تنظر المحكمة العمالية في الدخيلة بالإسكندرية دعاوى نحو 250 من عمال الشركة بشأن عدم تطبيق الحد الأدنى للأجور «بصورة صحيحة»، وعدم حصولهم على مقابل ساعات العمل الإضافية وبدل الوردية، بالإضافة إلى استقطاع حصة صاحب العمل في التأمينات الاجتماعية من الأجور، مطالبين أيضًا بزيادة بدل الوجبة، حسبما قالت لـ«مدى مصر» مها أحمد، مديرة الوحدة الاقتصادية والاجتماعية بالمفوضية المصرية للحقوق والحريات، الممثل القانوني للعمال. سبق أن نظم عمال «العامرية للغزل» إضرابًا عن العمل في أغسطس الماضي، استمر أسبوعين، للمطالبة بمراعاة الأقدمية في تطبيق الحد الأدنى للأجور، وزيادة البدلات والحوافز، وإقالة المدير التنفيذي للشركة. وانتهى الإضراب بالإطاحة بالمدير التنفيذي، وحصول العمال على زيادة «حافز الجهد» بنسبة 100%، بالإضافة إلى زيادة 200 جنيه في «بدل الوردية» لا تحتسب ضمن «الأدنى للأجور»، واحتساب أيام الإضراب كأيام عمل. | AE24: https://www.madamasr.com/2026/02/26/news/u/%d8%a5%d8%b6%d8%b1%d8%a7%d8%a8-%d9%85%d8%a6%d8%a7%d8%aa-%d8%a7%d9%84%d8%b9%d9%85%d8%a7%d9%84-%d8%a8%d9%80%d8%a7%d9%84%d8%b9%d8%a7%d9%85%d8%b1%d9%8a%d8%a9-%d9%84%d9%84%d8%ba%d8%b2%d9%84/ | AF24: https://manassa.news/news/30548 | AG24: https://manassa.news/news/30579 | AH24: https://manassa.news/news/30636
A25: 23 | B25: 46082 | C25: مارس | D25: قنا | E25: إقليم جنوب الصعيد | F25: نجع حمادي | G25: مصر للألومنيوم | H25: احتجاجات عمال شركة مصر للألومنيوم | I25: إضراب عن العمل | J25: إضراب عن العمل | K25: للمطالبة بالتثبيت وإنهاء تعاقدهم مع شركات توظيف العمالة، وتطبيق الحد الأدنى للأجور | L25: مطالب اقتصادية | M25: العمالة المؤقتة بشركة مصر للألومنيوم | N25: قطاع خاص وباليومية | O25: أكثر من 2000 | P25: شركة مصر للألومنيوم | Q25: قوات الأمن تفض إضراب عمال «مصر للألومنيوم» وتمنع 350 عاملًا من دخول المصنع | R25: 1 | S25: قوات الأمن | AD25: لليوم الثاني.. إضراب 2000 عامل بـ"مصر للألومنيوم" للمطالبة بالتعيين وتحسين الأجور أخبار وتقارير_ أحمد خليفة منشور الأحد 1 آذار/مارس 2026 شارك Also available in English واصل أكثر من 2000 عامل بشركة مصر للألومنيوم في نجع حمادي، لليوم الثاني على التوالي، إضرابهم عن العمل، واعتصامهم داخل مقر الشركة، للمطالبة بالتعيين على قوة الشركة، ورفع رواتبهم التي وصفوها بـ"المتدنية". وأفاد أحد العمال المعتصمين بأن الإضراب أثر على الطاقة الإنتاجية للشركة بنسبة 70%، حيث توقفت أغلب عنابر الإنتاج عن العمل، إذ اقتصر العمل على الجزء الذي يعمل يتولى تشغيله العمال المُعينين. وأضاف العامل لـ المنصة، طالبًا عدم نشر اسمه، أن الأفران توقفت تقريبًا عن سحب المعدن، مما دفع العمال المعينين (الدائمين) للتدخل وتزويدها بـ"البودرة المخصصة للحرق" حتى لا تتعرض للتلف، وتفاديًا لعمليات صيانة معقدة وتكاليف باهظة قد تنتج عن إطفائها بالكامل. وبات العمال ليلتهم أمس معتصمين في مقر الشركة، وظهر العمال في مقاطع فيديو اطلعت عليها المنصة وهم ينظمون مسيرات تجوب الشركة مرددين هتافات تطالب بالعقود الدائمة وتحسين الحقوق المالية منها "واحد اتنين.. عقودنا راحت فين" و"عايزين حقوقنا". وحول الموقف القانوني للعمال المعتصمين، أشار عامل ثانٍ إلى أنهم يعملون بعقود مؤقتة عبر شركات توريد عمالة، أبرزها شركة "هاميس"، بمتوسط رواتب يبلغ 2500 جنيه فقط، رغم أنهم من خريجي مركز التدريب والمعهد الفني الصناعي للألومنيوم التابع للشركة ذاتها. وأكد العامل لـ المنصة، طالبًا عدم نشر اسمه أيضًا، أن إدارة "مصر للألومنيوم" هي من وجهتهم للتوقيع مع شركات التوريد كـ"مرحلة مؤقتة" قبل التعيين، وهو ما لم يتحقق لسنوات. وأضاف "احنا ولاد الشركة درسنا في معهدها، واحنا اللي شايلينها، نشتغل تبع مقاول ما نعرفوش ومالناش به علاقة ليه؟ بقالنا سنين كل كام شهر يقولولنا هانت هتتعينوا، ويطلع بيضحكوا علينا، نعيش إزاي بـ2500 جنيه في الغلاء ده". فيما اشتكى عامل ثالث لـ المنصة من إنهم محرومون من أي مزايا تأمينية "اللي بيمرض يروح يكشف ويتعالج على حسابه، حتى إصابات العمل مش بيعترفوا بيها، اللي بيتصاب بيترمي زي الكلب"، مشيرًا إلى أن تعرض أحد زملائه، كان يعمل مهندسًا، لحادث أدى إلى بتر قدمه، فتخلت عنه الشركة تمامًا ولم يتقاضى أي تعويض رغم إصابته داخل موقع العمل. "الإدارة عرضت علينا زيادة المرتب 1000 جنيه لإنهاء الإضراب، لكننا رفضنا العرض ومصرين على مطالبنا" هكذا قال العامل الأخير. ويأتي هذا الإضراب امتدادًا لسلسلة من الاحتجاجات العمالية في الشركة، التي شهدت في أكتوبر/ تشرين الأول 2024 إضرابًا مماثلًا للمطالبة بزيادة الأرباح والبدلات وتعيين المؤقتين، ووقتها علق العمال الإضراب بعد وعود بتنفيذ مطالبهم من مسؤولين بوزارة قطاع الأعمال، لكنهم كرروا الإضراب في العام التالي بذات المطالب. وبدأ إنشاء شركة مصر للألومنيوم بنجع حمادي عام 1969، وفي 1975 بدأ إنتاج الشركة، ووصل عدد الخطوط إلى خمسة خطوط في يوليو/تموز 1983، وفي 2010 تم الانتهاء من إعادة تأهيل وتطوير جميع خطوط الإنتاج إلى خلايا سابقة التحميص لتصل الإنتاجية القصوى إلى 320 ألف طن سنويًا. وحسب الموقع الرسمي للشركة القابضة للصناعات، يبلغ إنتاج مصر للألومنيوم حاليًا 320 ألف طن من المعدن المنصهر، وينتج قطاع المسابك بالشركة 320 ألف طن سنويًا على هيئة أشكال مختلفة من المسبوكات ويصل إنتاج قطاع الدرفلة إلى 108 آلاف طن سنويًا من المنتجات المدرفلة على الساخن. | AE25: https://manassa.news/news/30575
A26: 24 | B26: 46082 | C26: مارس | D26: قنا | E26: إقليم جنوب الصعيد | F26: نجع حمادي | G26: مصر للألومنيوم | H26: احتجاجات عمال شركة مصر للألومنيوم | I26: اعتصام | J26: اعتصام ميداني | K26: للمطالبة بالتثبيت وإنهاء تعاقدهم مع شركات توظيف العمالة، وتطبيق الحد الأدنى للأجور | L26: مطالب اقتصادية | M26: العمالة المؤقتة بشركة مصر للألومنيوم | N26: قطاع خاص وباليومية | O26: أكثر من 2000 | P26: شركة مصر للألومنيوم | Q26: قوات الأمن تفض إضراب عمال «مصر للألومنيوم» وتمنع 350 عاملًا من دخول المصنع | R26: 1 | S26: قوات الأمن | AD26: لليوم الثاني.. إضراب 2000 عامل بـ"مصر للألومنيوم" للمطالبة بالتعيين وتحسين الأجور أخبار وتقارير_ أحمد خليفة منشور الأحد 1 آذار/مارس 2026 شارك Also available in English واصل أكثر من 2000 عامل بشركة مصر للألومنيوم في نجع حمادي، لليوم الثاني على التوالي، إضرابهم عن العمل، واعتصامهم داخل مقر الشركة، للمطالبة بالتعيين على قوة الشركة، ورفع رواتبهم التي وصفوها بـ"المتدنية". وأفاد أحد العمال المعتصمين بأن الإضراب أثر على الطاقة الإنتاجية للشركة بنسبة 70%، حيث توقفت أغلب عنابر الإنتاج عن العمل، إذ اقتصر العمل على الجزء الذي يعمل يتولى تشغيله العمال المُعينين. وأضاف العامل لـ المنصة، طالبًا عدم نشر اسمه، أن الأفران توقفت تقريبًا عن سحب المعدن، مما دفع العمال المعينين (الدائمين) للتدخل وتزويدها بـ"البودرة المخصصة للحرق" حتى لا تتعرض للتلف، وتفاديًا لعمليات صيانة معقدة وتكاليف باهظة قد تنتج عن إطفائها بالكامل. وبات العمال ليلتهم أمس معتصمين في مقر الشركة، وظهر العمال في مقاطع فيديو اطلعت عليها المنصة وهم ينظمون مسيرات تجوب الشركة مرددين هتافات تطالب بالعقود الدائمة وتحسين الحقوق المالية منها "واحد اتنين.. عقودنا راحت فين" و"عايزين حقوقنا". وحول الموقف القانوني للعمال المعتصمين، أشار عامل ثانٍ إلى أنهم يعملون بعقود مؤقتة عبر شركات توريد عمالة، أبرزها شركة "هاميس"، بمتوسط رواتب يبلغ 2500 جنيه فقط، رغم أنهم من خريجي مركز التدريب والمعهد الفني الصناعي للألومنيوم التابع للشركة ذاتها. وأكد العامل لـ المنصة، طالبًا عدم نشر اسمه أيضًا، أن إدارة "مصر للألومنيوم" هي من وجهتهم للتوقيع مع شركات التوريد كـ"مرحلة مؤقتة" قبل التعيين، وهو ما لم يتحقق لسنوات. وأضاف "احنا ولاد الشركة درسنا في معهدها، واحنا اللي شايلينها، نشتغل تبع مقاول ما نعرفوش ومالناش به علاقة ليه؟ بقالنا سنين كل كام شهر يقولولنا هانت هتتعينوا، ويطلع بيضحكوا علينا، نعيش إزاي بـ2500 جنيه في الغلاء ده". فيما اشتكى عامل ثالث لـ المنصة من إنهم محرومون من أي مزايا تأمينية "اللي بيمرض يروح يكشف ويتعالج على حسابه، حتى إصابات العمل مش بيعترفوا بيها، اللي بيتصاب بيترمي زي الكلب"، مشيرًا إلى أن تعرض أحد زملائه، كان يعمل مهندسًا، لحادث أدى إلى بتر قدمه، فتخلت عنه الشركة تمامًا ولم يتقاضى أي تعويض رغم إصابته داخل موقع العمل. "الإدارة عرضت علينا زيادة المرتب 1000 جنيه لإنهاء الإضراب، لكننا رفضنا العرض ومصرين على مطالبنا" هكذا قال العامل الأخير. ويأتي هذا الإضراب امتدادًا لسلسلة من الاحتجاجات العمالية في الشركة، التي شهدت في أكتوبر/ تشرين الأول 2024 إضرابًا مماثلًا للمطالبة بزيادة الأرباح والبدلات وتعيين المؤقتين، ووقتها علق العمال الإضراب بعد وعود بتنفيذ مطالبهم من مسؤولين بوزارة قطاع الأعمال، لكنهم كرروا الإضراب في العام التالي بذات المطالب. وبدأ إنشاء شركة مصر للألومنيوم بنجع حمادي عام 1969، وفي 1975 بدأ إنتاج الشركة، ووصل عدد الخطوط إلى خمسة خطوط في يوليو/تموز 1983، وفي 2010 تم الانتهاء من إعادة تأهيل وتطوير جميع خطوط الإنتاج إلى خلايا سابقة التحميص لتصل الإنتاجية القصوى إلى 320 ألف طن سنويًا. وحسب الموقع الرسمي للشركة القابضة للصناعات، يبلغ إنتاج مصر للألومنيوم حاليًا 320 ألف طن من المعدن المنصهر، وينتج قطاع المسابك بالشركة 320 ألف طن سنويًا على هيئة أشكال مختلفة من المسبوكات ويصل إنتاج قطاع الدرفلة إلى 108 آلاف طن سنويًا من المنتجات المدرفلة على الساخن. | AE26: https://manassa.news/news/30575
A27: 25 | B27: 46083 | C27: مارس | D27: الإسكندرية | E27: إقليم الاسكندرية | F27: العامرية | G27: شركة مصر العامرية للغزل والنسيج | H27: احتجاجات عمال مصر العامرية للغزل والنسيج | I27: إضراب عن العمل | J27: إضراب عن العمل | K27: أن العاملين فوجئوا عند تسلمهم قسيمة الراتب (باي سليب)، اليوم، باستقطاعات تمثلت في رفع الضرائب إلى 350 جنيهًا، بزيادة قدرها 100 جنيه عن الشهر الماضي، بالإضافة إلى زيادة المستقطع لصالح التأمينات الاجتماعية لتصل إلى نحو 800 جنيه، بعدما كانت تتراوح بين 400 و500 في يناير الماضي، وهو ما أثار غضب العمال، ودفع عمال القطاعين إلى الإضراب | L27: مطالب اقتصادية | M27: عمال قطاعي التجهيز والملابس بشركة مصر العامرية للغزل والنسيج | N27: قطاع خاص وباليومية | O27: 550 | P27: شركة مصر العامرية للغزل والنسيج | R27: 0 | AD27: إضراب مئات العمال بـ«العامرية للغزل» احتجاجًا على استقطاعات كبيرة من الرواتب كتابة أحمد عشماوي 26 فبراير 2026 أعلن نحو 550 عاملًا وعاملة بقطاعي التجهيز والملابس في شركة مصر العامرية للغزل والنسيج بالإسكندرية، اليوم، إضرابًا عن العمل، احتجاجًا على استقطاعات كبيرة من رواتب فبراير، حسبما قال مصدران من المضربين لـ«مدى مصر». وأوضح ثلاثة عمال من قطاعات مختلفة بالشركة أن العاملين فوجئوا عند تسلمهم قسيمة الراتب (باي سليب)، اليوم، باستقطاعات تمثلت في رفع الضرائب إلى 350 جنيهًا، بزيادة قدرها 100 جنيه عن الشهر الماضي، بالإضافة إلى زيادة المستقطع لصالح التأمينات الاجتماعية لتصل إلى نحو 800 جنيه، بعدما كانت تتراوح بين 400 و500 في يناير الماضي، وهو ما أثار غضب العمال، ودفع عمال القطاعين إلى الإضراب، «وممكن الشركة كلها تقف السبت»، حسبما قال أحد العمال. وأضاف مصدر من عمال قطاع التجهيز أنه بجانب هذه الاستقطاعات، خصمت الشركة من عمال هذا القطاع فقط قيمة «حافز التجهيز» بما يعادل حوالي 350 جنيهًا لكل عامل، بحجة أن «الشغل خفيف»، حسبما أبلغ المشرفون العمال، متسائلًا: «هل هما جابوا شغل واحنا ماشتغلناش؟». وقال المصدر إن العمل توقف في قطاع التجهيز، أمس، لبعض الوقت، بعد تجمع العمال أمام مبنى الإدارة احتجاجًا على قرار الشركة بمنح عمال القسم إجازة إجبارية أيام الخميس خلال شهر رمضان، تُخصم من رصيد الإجازات الاعتيادية، لخفض تكاليف التشغيل، قبل أن تبلغهم الشركة بوقف القرار، بحسب المصدر. طلب العمال من الإدارة تفسيرًا لهذه الاستقطاعات الكبيرة دون إجابة، لكنها وعدتهم ببحث الأمر مع رئيس مجلس الإدارة، الذي لا يتواجد سوى يوم الثلاثاء من كل أسبوع، وهو ما قابله العمال بإعلان استمرار الإضراب حتى حضوره. من ناحية أخرى، تنظر المحكمة العمالية في الدخيلة بالإسكندرية دعاوى نحو 250 من عمال الشركة بشأن عدم تطبيق الحد الأدنى للأجور «بصورة صحيحة»، وعدم حصولهم على مقابل ساعات العمل الإضافية وبدل الوردية، بالإضافة إلى استقطاع حصة صاحب العمل في التأمينات الاجتماعية من الأجور، مطالبين أيضًا بزيادة بدل الوجبة، حسبما قالت لـ«مدى مصر» مها أحمد، مديرة الوحدة الاقتصادية والاجتماعية بالمفوضية المصرية للحقوق والحريات، الممثل القانوني للعمال. سبق أن نظم عمال «العامرية للغزل» إضرابًا عن العمل في أغسطس الماضي، استمر أسبوعين، للمطالبة بمراعاة الأقدمية في تطبيق الحد الأدنى للأجور، وزيادة البدلات والحوافز، وإقالة المدير التنفيذي للشركة. وانتهى الإضراب بالإطاحة بالمدير التنفيذي، وحصول العمال على زيادة «حافز الجهد» بنسبة 100%، بالإضافة إلى زيادة 200 جنيه في «بدل الوردية» لا تحتسب ضمن «الأدنى للأجور»، واحتساب أيام الإضراب كأيام عمل. | AE27: https://www.madamasr.com/2026/02/26/news/u/%d8%a5%d8%b6%d8%b1%d8%a7%d8%a8-%d9%85%d8%a6%d8%a7%d8%aa-%d8%a7%d9%84%d8%b9%d9%85%d8%a7%d9%84-%d8%a8%d9%80%d8%a7%d9%84%d8%b9%d8%a7%d9%85%d8%b1%d9%8a%d8%a9-%d9%84%d9%84%d8%ba%d8%b2%d9%84/ | AF27: https://manassa.news/news/30548 | AG27: https://manassa.news/news/30579 | AH27: https://manassa.news/news/30636
A28: 26 | B28: 46084 | C28: مارس | D28: الإسكندرية | E28: إقليم الاسكندرية | F28: العامرية | G28: شركة مصر العامرية للغزل والنسيج | H28: احتجاجات عمال مصر العامرية للغزل والنسيج | I28: إضراب عن العمل | J28: إضراب عن العمل | K28: أن العاملين فوجئوا عند تسلمهم قسيمة الراتب (باي سليب)، اليوم، باستقطاعات تمثلت في رفع الضرائب إلى 350 جنيهًا، بزيادة قدرها 100 جنيه عن الشهر الماضي، بالإضافة إلى زيادة المستقطع لصالح التأمينات الاجتماعية لتصل إلى نحو 800 جنيه، بعدما كانت تتراوح بين 400 و500 في يناير الماضي، وهو ما أثار غضب العمال، ودفع عمال القطاعين إلى الإضراب | L28: مطالب اقتصادية | M28: عمال قطاعي التجهيز والملابس بشركة مصر العامرية للغزل والنسيج | N28: قطاع خاص وباليومية | O28: 550 | P28: شركة مصر العامرية للغزل والنسيج | R28: 0 | AC28: تعليق الاضراب | AD28: إضراب مئات العمال بـ«العامرية للغزل» احتجاجًا على استقطاعات كبيرة من الرواتب كتابة أحمد عشماوي 26 فبراير 2026 أعلن نحو 550 عاملًا وعاملة بقطاعي التجهيز والملابس في شركة مصر العامرية للغزل والنسيج بالإسكندرية، اليوم، إضرابًا عن العمل، احتجاجًا على استقطاعات كبيرة من رواتب فبراير، حسبما قال مصدران من المضربين لـ«مدى مصر». وأوضح ثلاثة عمال من قطاعات مختلفة بالشركة أن العاملين فوجئوا عند تسلمهم قسيمة الراتب (باي سليب)، اليوم، باستقطاعات تمثلت في رفع الضرائب إلى 350 جنيهًا، بزيادة قدرها 100 جنيه عن الشهر الماضي، بالإضافة إلى زيادة المستقطع لصالح التأمينات الاجتماعية لتصل إلى نحو 800 جنيه، بعدما كانت تتراوح بين 400 و500 في يناير الماضي، وهو ما أثار غضب العمال، ودفع عمال القطاعين إلى الإضراب، «وممكن الشركة كلها تقف السبت»، حسبما قال أحد العمال. وأضاف مصدر من عمال قطاع التجهيز أنه بجانب هذه الاستقطاعات، خصمت الشركة من عمال هذا القطاع فقط قيمة «حافز التجهيز» بما يعادل حوالي 350 جنيهًا لكل عامل، بحجة أن «الشغل خفيف»، حسبما أبلغ المشرفون العمال، متسائلًا: «هل هما جابوا شغل واحنا ماشتغلناش؟». وقال المصدر إن العمل توقف في قطاع التجهيز، أمس، لبعض الوقت، بعد تجمع العمال أمام مبنى الإدارة احتجاجًا على قرار الشركة بمنح عمال القسم إجازة إجبارية أيام الخميس خلال شهر رمضان، تُخصم من رصيد الإجازات الاعتيادية، لخفض تكاليف التشغيل، قبل أن تبلغهم الشركة بوقف القرار، بحسب المصدر. طلب العمال من الإدارة تفسيرًا لهذه الاستقطاعات الكبيرة دون إجابة، لكنها وعدتهم ببحث الأمر مع رئيس مجلس الإدارة، الذي لا يتواجد سوى يوم الثلاثاء من كل أسبوع، وهو ما قابله العمال بإعلان استمرار الإضراب حتى حضوره. من ناحية أخرى، تنظر المحكمة العمالية في الدخيلة بالإسكندرية دعاوى نحو 250 من عمال الشركة بشأن عدم تطبيق الحد الأدنى للأجور «بصورة صحيحة»، وعدم حصولهم على مقابل ساعات العمل الإضافية وبدل الوردية، بالإضافة إلى استقطاع حصة صاحب العمل في التأمينات الاجتماعية من الأجور، مطالبين أيضًا بزيادة بدل الوجبة، حسبما قالت لـ«مدى مصر» مها أحمد، مديرة الوحدة الاقتصادية والاجتماعية بالمفوضية المصرية للحقوق والحريات، الممثل القانوني للعمال. سبق أن نظم عمال «العامرية للغزل» إضرابًا عن العمل في أغسطس الماضي، استمر أسبوعين، للمطالبة بمراعاة الأقدمية في تطبيق الحد الأدنى للأجور، وزيادة البدلات والحوافز، وإقالة المدير التنفيذي للشركة. وانتهى الإضراب بالإطاحة بالمدير التنفيذي، وحصول العمال على زيادة «حافز الجهد» بنسبة 100%، بالإضافة إلى زيادة 200 جنيه في «بدل الوردية» لا تحتسب ضمن «الأدنى للأجور»، واحتساب أيام الإضراب كأيام عمل. | AE28: https://www.madamasr.com/2026/02/26/news/u/%d8%a5%d8%b6%d8%b1%d8%a7%d8%a8-%d9%85%d8%a6%d8%a7%d8%aa-%d8%a7%d9%84%d8%b9%d9%85%d8%a7%d9%84-%d8%a8%d9%80%d8%a7%d9%84%d8%b9%d8%a7%d9%85%d8%b1%d9%8a%d8%a9-%d9%84%d9%84%d8%ba%d8%b2%d9%84/ | AF28: https://manassa.news/news/30548 | AG28: https://manassa.news/news/30579 | AH28: https://manassa.news/news/30636
A29: 27 | B29: 46084 | C29: مارس | D29: القليوبية | E29: إقليم القاهرة الكبري | F29: الخانكة | G29: شركة دايس تك | H29: وقفة احتجاجية لعمال دايس للملابس | I29: وقفة احتجاجية | J29: تظاهرة ميدانية | K29: للمطالبة بتطبيق الحد الأدنى للأجور | L29: مطالب اقتصادية | M29: عمال شركة دايس تك | N29: قطاع خاص وباليومية | O29: لم يحدد | P29: إدارة شركة دايس تك | R29: 0 | AD29: بعد وقفة للمطالبة بـ«الأدنى للأجور».. «دايس» للملابس تمنع عشرات العمال من دخول المصنع كتابة أحمد عشماوي 8 مارس 2026 جانب من وقفة عمال «دايس تك» للملابس حرر نحو 60 عاملًا من شركة «دايس تك» بالخانكة في محافظة القليوبية، شكاوى في مديرية العمل، اليوم، ضد قرار الإدارة بمنعهم من دخول المصنع ومنحهم إجازة إجبارية لمدة أسبوع، على خلفية وقفة احتجاجية نظمها العمال، الأسبوع الماضي، للمطالبة بتطبيق الحد الأدنى للأجور، حسبما قال مصدران من العمال لـ«مدى مصر»، ذكر أحدهما أن الإدارة أحالت أيضًا نحو 240 عاملًا آخرين إلى التحقيق على خلفية الوقفة. وأوضح المصدران أنه بعد الوقفة التي نظمها العمال، الثلاثاء الماضي، ردت الإدارة على المطالب بمنح جميع العمال إجازة في اليوم التالي، وعند عودتهم إلى العمل يوم الخميس، نظم العمال وقفة احتجاجية ثانية، فيما حضر موظفون من مديرية العمل لبحث مطالب العمال «دون إحراز أي تقدم بشأن المطالب»، حسب المصدرين. من جانبها، أبلغت الإدارة عشرات العمال، مساء الجمعة الماضي، بمنحهم إجازة إجبارية لمدة أسبوع على خلفية مشاركتهم في الاحتجاج: «انت إجازة من بكرة لحد الخميس»، بحسب نص الرسالة التي اطلع عليها «مدى مصر». لينظم العمال المجبرون على الإجازة، صباح السبت، وقفة احتجاجية أمام المصنع، بعد منعهم من الدخول للاستفسار رسميًا عن سبب إجبارهم على الإجازة، قبل أن يتوجهوا إلى مركز شرطة الخانكة لتحرير محاضر «إثبات حالة» بالواقعة. بجانب مطلب تطبيق «الأدنى للأجور» وسط تدني أجورهم التي يبلغ متوسطها خمسة آلاف جنيه، يطالب العمال أيضًا بوقف إجبارهم على العمل لساعات إضافية بشكل يومي، «بنشتغل تسع ساعات ونصف بالإجبار، المرتب بيرتفع معانا بعد الإضافي إلى ستة آلاف تقريبًا» يقول أحد العمال، مشيرًا إلى أنه من حق العمال «الحصول على سبعة آلاف جنيه صافي، دون أي خصومات أو استقطاعات، أو إجبارهم على العمل لوقت إضافي». «دايس تك» شركة مساهمة مصرية، تأسست عام 1997، وتعمل في تصنيع الملابس الجاهزة وإكسسواراتها بأنواعها، واستيراد الخامات والمعدات، ويقع مقرها الرئيسي بالمنطقة الصناعية على طريق مصر الإسماعيلية الصحراوي، وتمتلك سبع شركات تابعة داخل مصر تعمل في مجال الملابس ومستلزماتها. | AE29: https://www.madamasr.com/2026/03/08/news/%d8%b3%d9%8a%d8%a7%d8%b3%d8%a9/%d8%a8%d8%b9%d8%af-%d9%88%d9%82%d9%81%d8%a9-%d9%84%d9%84%d9%85%d8%b7%d8%a7%d9%84%d8%a8%d8%a9-%d8%a8%d9%80%d8%a7%d9%84%d8%a3%d8%af%d9%86%d9%89-%d9%84%d9%84%d8%a3%d8%ac%d9%88%d8%b1/
A30: 28 | B30: 46088 | C30: مارس | D30: القاهرة | E30: إقليم القاهرة الكبري | F30: المقطم | G30: الأكاديمية الحديثة | H30: احتجاجات عمال الأكاديمية الحديثة للهندسة والتكنولوجيا | I30: وقفة احتجاجية | J30: تظاهرة ميدانية | K30: للمطالبة بتطبيق الحد الأدنى للأجور، واحتجاجًا على توقف صرف الزيادات السنوية والمكافآت | L30: مطالب اقتصادية | M30: عمال «الأكاديمية الحديثة» | N30: قطاع خاص وباليومية | O30: 300 | P30: الأكاديمية الحديثة | R30: 0 | AD30: لليوم الثاني.. وقفة احتجاجية لعمال «الأكاديمية الحديثة» للمطالبة بـ«الأدنى للأجور» والعلاوات كتابة أحمد عشماوي 8 مارس 2026 وقفة احتجاجية للعاملين بـ«الأكاديمية الحديثة» نظّم نحو 300 عامل بالأكاديمية الحديثة للهندسة والتكنولوجيا، في المقطم، لليوم الثاني، وقفة للمطالبة بتطبيق الحد الأدنى للأجور، واحتجاجًا على توقف صرف الزيادات السنوية والمكافآت، حسبما قال لـ«مدى مصر»، مصطفى محمد، وإيهاب عادل، اللذين شاركا في الوقفة. محمد، الذي يعمل موظفًا في الشؤون الإدارية بالأكاديمية منذ 14 عامًا بعقد دائم، ويتقاضى حاليًا راتبًا يبلغ 5300 جنيه، أوضح لـ«مدى مصر» أن العاملين عرضوا مطالبهم على الإدارة أكثر من مرة دون استجابة، ما دفعهم إلى الاحتجاج بسبب غلاء المعيشة المستمر وتدني الأجور، وامتناع الإدارة عن صرف الزيادات الدورية منذ نحو ست سنوات، وتوقف صرف مكافأة الامتحانات منذ عام. وأضاف عادل، الذي يعمل في وظيفة كهربائي منذ ست سنوات بعقد يجدد سنويًا، بمرتب لا يتجاوز 5200 جنيه، أن نحو 60% من الموظفين بالأكاديمية يعملون بعقود مؤقتة، تجدد تلقائيًا بشكل سنوي، حسبما قال لـ«مدى مصر». وبحسب محمد، حاولت الإدارة إقناع العمال بإنهاء وقفتهم الاحتجاجية، على أن تنظر لاحقًا في إقرار زيادة بنسبة 10% في الأجور، وهو ما رفضه العمال، مطالبين بتحقيق كامل المطالب. حاول«مدى مصر» التواصل مع الأمين العام للأكاديمية، عبد المنعم الجوهري، للاستفسار عن إجراءات الإدارة حيال مطالب العمال، لكنه لم يكن متاحًا للرد حتى وقت نشر الخبر. تأسست الأكاديمية الحديثة للهندسة والتكنولوجيا عام 2000، على يد نبيل دعبس، رئيس حزب مصر الحديثة، وعضو مجلس الشيوخ المعين بقرار من رئيس الجمهورية. | AE30: https://www.madamasr.com/2026/03/08/news/u/%d9%84%d9%84%d9%8a%d9%88%d9%85-%d8%a7%d9%84%d8%ab%d8%a7%d9%86%d9%8a-%d9%88%d9%82%d9%81%d8%a9-%d8%a7%d8%ad%d8%aa%d8%ac%d8%a7%d8%ac%d9%8a%d8%a9-%d9%84%d8%b9%d9%85%d8%a7%d9%84-%d8%a7%d9%84%d8%a3/
A31: 29 | B31: 46089 | C31: مارس | D31: القليوبية | E31: إقليم القاهرة الكبري | F31: الخانكة | G31: شركة دايس تك | H31: وقفة احتجاجية لعمال دايس للملابس | I31: شكوي جماعية | J31: بيان مطالب واستغاثة اعلامية | K31: للمطالبة بتطبيق الحد الأدنى للأجور | L31: مطالب اقتصادية | M31: عمال شركة دايس تك | N31: قطاع خاص وباليومية | O31: 60 | P31: مديرية العمل | Q31: منعهم من دخول المصنع ومنحهم إجازة إجبارية لمدة أسبوع | R31: 1 | S31: إدارة شركة دايس تك | AD31: بعد وقفة للمطالبة بـ«الأدنى للأجور».. «دايس» للملابس تمنع عشرات العمال من دخول المصنع كتابة أحمد عشماوي 8 مارس 2026 جانب من وقفة عمال «دايس تك» للملابس حرر نحو 60 عاملًا من شركة «دايس تك» بالخانكة في محافظة القليوبية، شكاوى في مديرية العمل، اليوم، ضد قرار الإدارة بمنعهم من دخول المصنع ومنحهم إجازة إجبارية لمدة أسبوع، على خلفية وقفة احتجاجية نظمها العمال، الأسبوع الماضي، للمطالبة بتطبيق الحد الأدنى للأجور، حسبما قال مصدران من العمال لـ«مدى مصر»، ذكر أحدهما أن الإدارة أحالت أيضًا نحو 240 عاملًا آخرين إلى التحقيق على خلفية الوقفة. وأوضح المصدران أنه بعد الوقفة التي نظمها العمال، الثلاثاء الماضي، ردت الإدارة على المطالب بمنح جميع العمال إجازة في اليوم التالي، وعند عودتهم إلى العمل يوم الخميس، نظم العمال وقفة احتجاجية ثانية، فيما حضر موظفون من مديرية العمل لبحث مطالب العمال «دون إحراز أي تقدم بشأن المطالب»، حسب المصدرين. من جانبها، أبلغت الإدارة عشرات العمال، مساء الجمعة الماضي، بمنحهم إجازة إجبارية لمدة أسبوع على خلفية مشاركتهم في الاحتجاج: «انت إجازة من بكرة لحد الخميس»، بحسب نص الرسالة التي اطلع عليها «مدى مصر». لينظم العمال المجبرون على الإجازة، صباح السبت، وقفة احتجاجية أمام المصنع، بعد منعهم من الدخول للاستفسار رسميًا عن سبب إجبارهم على الإجازة، قبل أن يتوجهوا إلى مركز شرطة الخانكة لتحرير محاضر «إثبات حالة» بالواقعة. بجانب مطلب تطبيق «الأدنى للأجور» وسط تدني أجورهم التي يبلغ متوسطها خمسة آلاف جنيه، يطالب العمال أيضًا بوقف إجبارهم على العمل لساعات إضافية بشكل يومي، «بنشتغل تسع ساعات ونصف بالإجبار، المرتب بيرتفع معانا بعد الإضافي إلى ستة آلاف تقريبًا» يقول أحد العمال، مشيرًا إلى أنه من حق العمال «الحصول على سبعة آلاف جنيه صافي، دون أي خصومات أو استقطاعات، أو إجبارهم على العمل لوقت إضافي». «دايس تك» شركة مساهمة مصرية، تأسست عام 1997، وتعمل في تصنيع الملابس الجاهزة وإكسسواراتها بأنواعها، واستيراد الخامات والمعدات، ويقع مقرها الرئيسي بالمنطقة الصناعية على طريق مصر الإسماعيلية الصحراوي، وتمتلك سبع شركات تابعة داخل مصر تعمل في مجال الملابس ومستلزماتها. | AE31: https://www.madamasr.com/2026/03/08/news/%d8%b3%d9%8a%d8%a7%d8%b3%d8%a9/%d8%a8%d8%b9%d8%af-%d9%88%d9%82%d9%81%d8%a9-%d9%84%d9%84%d9%85%d8%b7%d8%a7%d9%84%d8%a8%d8%a9-%d8%a8%d9%80%d8%a7%d9%84%d8%a3%d8%af%d9%86%d9%89-%d9%84%d9%84%d8%a3%d8%ac%d9%88%d8%b1/
A32: 30 | B32: 46089 | C32: مارس | D32: القاهرة | E32: إقليم القاهرة الكبري | F32: المقطم | G32: الأكاديمية الحديثة | H32: احتجاجات عمال الأكاديمية الحديثة للهندسة والتكنولوجيا | I32: وقفة احتجاجية | J32: تظاهرة ميدانية | K32: للمطالبة بتطبيق الحد الأدنى للأجور، واحتجاجًا على توقف صرف الزيادات السنوية والمكافآت | L32: مطالب اقتصادية | M32: عمال «الأكاديمية الحديثة» للهندسة والتكنولوجيا | N32: قطاع خاص وباليومية | O32: 300 | P32: الأكاديمية الحديثة للهندسة والتكنولوجيا | R32: 0 | AD32: لليوم الثاني.. وقفة احتجاجية لعمال «الأكاديمية الحديثة» للمطالبة بـ«الأدنى للأجور» والعلاوات كتابة أحمد عشماوي 8 مارس 2026 وقفة احتجاجية للعاملين بـ«الأكاديمية الحديثة» نظّم نحو 300 عامل بالأكاديمية الحديثة للهندسة والتكنولوجيا، في المقطم، لليوم الثاني، وقفة للمطالبة بتطبيق الحد الأدنى للأجور، واحتجاجًا على توقف صرف الزيادات السنوية والمكافآت، حسبما قال لـ«مدى مصر»، مصطفى محمد، وإيهاب عادل، اللذين شاركا في الوقفة. محمد، الذي يعمل موظفًا في الشؤون الإدارية بالأكاديمية منذ 14 عامًا بعقد دائم، ويتقاضى حاليًا راتبًا يبلغ 5300 جنيه، أوضح لـ«مدى مصر» أن العاملين عرضوا مطالبهم على الإدارة أكثر من مرة دون استجابة، ما دفعهم إلى الاحتجاج بسبب غلاء المعيشة المستمر وتدني الأجور، وامتناع الإدارة عن صرف الزيادات الدورية منذ نحو ست سنوات، وتوقف صرف مكافأة الامتحانات منذ عام. وأضاف عادل، الذي يعمل في وظيفة كهربائي منذ ست سنوات بعقد يجدد سنويًا، بمرتب لا يتجاوز 5200 جنيه، أن نحو 60% من الموظفين بالأكاديمية يعملون بعقود مؤقتة، تجدد تلقائيًا بشكل سنوي، حسبما قال لـ«مدى مصر». وبحسب محمد، حاولت الإدارة إقناع العمال بإنهاء وقفتهم الاحتجاجية، على أن تنظر لاحقًا في إقرار زيادة بنسبة 10% في الأجور، وهو ما رفضه العمال، مطالبين بتحقيق كامل المطالب. حاول«مدى مصر» التواصل مع الأمين العام للأكاديمية، عبد المنعم الجوهري، للاستفسار عن إجراءات الإدارة حيال مطالب العمال، لكنه لم يكن متاحًا للرد حتى وقت نشر الخبر. تأسست الأكاديمية الحديثة للهندسة والتكنولوجيا عام 2000، على يد نبيل دعبس، رئيس حزب مصر الحديثة، وعضو مجلس الشيوخ المعين بقرار من رئيس الجمهورية. | AE32: https://www.madamasr.com/2026/03/08/news/u/%d9%84%d9%84%d9%8a%d9%88%d9%85-%d8%a7%d9%84%d8%ab%d8%a7%d9%86%d9%8a-%d9%88%d9%82%d9%81%d8%a9-%d8%a7%d8%ad%d8%aa%d8%ac%d8%a7%d8%ac%d9%8a%d8%a9-%d9%84%d8%b9%d9%85%d8%a7%d9%84-%d8%a7%d9%84%d8%a3/
A33: 31 | B33: 46090 | C33: مارس | D33: الغربية | E33: إقليم الدلتا | F33: سمنود | G33: شركة وبريات سمنود | H33: احتجاجات/إضراب عمال وبريات سمنود | I33: وقفة احتجاجية | J33: تظاهرة ميدانية | K33: التعسف الإداري وتأخر صرف الرواتب | L33: مطالب اقتصادية | M33: عاملات قسم الملابس في شركة وبريات سمنود | N33: قطاع خاص وباليومية | O33: 250 | P33: عمال وبريات سمنود | R33: 0 | AD33: الاحتجاجات تتواصل في "وبريات سمنود".. وعاملتان: تواجد الأمن الوطني منع التحول لإضراب شامل أخبار وتقارير_ أحمد خليفة منشور الأربعاء 11 آذار/مارس 2026 شارك Also available in English واصلت عاملات قسم الملابس في شركة وبريات سمنود بمحافظة الغربية احتجاجاتهن لليوم الثالث رفضًا لتأخر صرف الرواتب، وتقسيمها على دفعات خلال الشهر، وللمطالبة بعودة خدمات التأمين الصحي التي توقفت منذ يناير/كانون الثاني الماضي، حيث أوقفن العمل بالقسم لمدد تتراوح بين ساعة وثلاث ساعات على مدار ثلاثة أيام متتالية، وفق ما أكدته عاملتان لـ المنصة. وقالت العاملتان، اللتان رفضتا نشر اسميهما، إن تواجد أفراد الأمن الوطني داخل الشركة طوال الأيام الماضية حال دون تحويل الاحتجاجات إلى إضراب شامل، خوفًا من القبض عليهن. وأوضحت إحدى العاملتين أن الشركة اعتادت منذ حوالي أربعة أشهر على صرف الراتب على ثلاث دفعات، ما يبدد رواتب العمال الذين أصبحوا غير قادرين على الوفاء بالتزامات بيوتهم خاصة في شهر رمضان، "لما آخد 2000 جنيه من مرتبي ويأخروا بقيته، ندفع إيجار ومياه وكهربا منين، ولا نأكل العيال؟ المرتب بيتصرف والإيجار والفواتير باقية علينا، ده غير مصاريف العلاج"، مشيرة إلى أنها لم تتقاض حتى اليوم سوى ثلث راتب شهر فبراير/شباط الماضي. أزمة تأخر الرواتب ليست الأزمة الوحيدة، حيث حرم أكثر من 600 عامل، أغلبهم من النساء، من الخدمات الطبية والعلاجية منذ ثلاثة أشهر، بينهم عدد كبير من ذوي الأمراض المزمنة مثل السكري والضغط والربو، توقف صرف علاجهم الشهري بالكامل، ما حمّلهم أعباءً مالية تفوق قدرتهم، حسبما قال عمال لـ المنصة في وقت سابق. وقالت العاملة الثانية لـ المنصة إن مطلب عودة الخدمات العلاجية، هو أحد أهم أسباب الاحتجاجات الحالية، معتقدة أن هذا المطلب على وجه الخصوص سيفجر احتجاجات شاملة داخل جميع أقسام الشركة بعد عيد الفطر "الناس تعبت بقالها 3 شهور بتشتري على حساب أدوية ضغط وسكر بـ 1000 و1500 جنيه في الشهر طيب يجيبوا منين؟". وأضافت العاملة أنهم علموا أن الشركة تنوي إجراء تغيير نظام العمل المتبع منذ سنوات ليصبح 8 ساعات غير شاملة أوقات الراحة، بدلًا من 7 ساعات، وهو ما يثير أيضًا غضب العمال. من ناحيتها، أعلنت دار الخدمات النقابية والعمالية تضامنها مع مطالب العاملين، محذرة من أي ممارسات تعيق حصولهم على مستحقاتهم المالية، وطالبت مجلس الوزراء ووزارة التخطيط بالتدخل العاجل للتحقيق في أوضاع الشركة المالية والإدارية. فيما اعتبرت المفوضية المصرية للحقوق والحريات أن تأخير الرواتب وقرارات زيادة ساعات العمل يمثل انتهاكًا مباشرًا للحق في الأجر المنصوص عليه في قانون العمل، داعية وزارة العمل والجهات الرقابية لفتح تحقيق عاجل. وتعرض عمال الشركة لعدة انتهاكات خلال الأعوام الماضية، كان آخرها في أبريل/نيسان الماضي عندما طبقت الشركة الحد الأدنى للأجور على موظفي الإدارة ومشرفي الأقسام فقط، ما أثار غضب العمال قبل تعميمه لاحقًا رغم احتساب البدلات والإضافي كجزء من الحد الأدنى، بحسب عاملين تحدثوا لـ المنصة وقتها. وفي 18 أغسطس/آب الماضي، دخل عمال وبريات سمنود في إضراب عن العمل، استمر 35 يومًا للمطالبة بتطبيق الحد الأدنى للأجور، قبل أن يضطروا لإنهائه تحت التهديد بالفصل والحبس. وفي 25 أغسطس الماضي، ألقي القبض على 10 عمال، بينهم القيادي العمالي هشام البنا، واتهمتهم النيابة بـ"التحريض على الإضراب والتجمهر وقلب نظام الحكم"، وقررت في 28 من الشهر نفسه حبسهم 15 يومًا على ذمة القضية 7648 لسنة 2024 إداري سمنود. ومطلع سبتمبر/أيلول الماضي، قررت محكمة مستأنف المحلة إخلاء سبيل 7 منهم، واستمرار حبس البنا، الذي أخلت نيابة طنطا الكلية سبيله في التاسع من الشهر نفسه، بشكل مفاجئ قبل موعد تجديد حبسه بيومين، ليتعرض البنا بعدها للفصل التعسفي من قبل إدارة الشركة. وتأسست شركة سمنود للنسيج والوبريات عام 1974 بمحافظة الغربية، وكانت تتبَع منذ نشأتها شركة مصر للغزل والنسيج بالمحلة، وكانت أسهمها موزعة بين عدد من الهيئات مثل مصر للتأمين وهيئة التأمينات الاجتماعية وهيئة الأوقاف المصرية، لكن النسبة الأكبر الآن يمتلكها بنك الاستثمار العربي، ونجح المساهمون في 2015 في تسجيل الشركة وفقًا لقانون الاستثمار، لتتحول من شركة تابعة لقطاع الأعمال العام إلى شركة قطاع خاص. | AE33: https://manassa.news/news/30772
A34: 32 | B34: 46090 | C34: مارس | D34: الغربية | E34: إقليم الدلتا | F34: سمنود | G34: شركة وبريات سمنود | H34: احتجاجات/إضراب عمال وبريات سمنود | I34: إضراب جزئي عن العمل | J34: إضراب عن العمل | K34: التعسف الإداري وتأخر صرف الرواتب | L34: مطالب اقتصادية | M34: عاملات قسم الملابس في شركة وبريات سمنود | N34: قطاع خاص وباليومية | O34: 250 | P34: عمال وبريات سمنود | R34: 0 | AD34: الاحتجاجات تتواصل في "وبريات سمنود".. وعاملتان: تواجد الأمن الوطني منع التحول لإضراب شامل أخبار وتقارير_ أحمد خليفة منشور الأربعاء 11 آذار/مارس 2026 شارك Also available in English واصلت عاملات قسم الملابس في شركة وبريات سمنود بمحافظة الغربية احتجاجاتهن لليوم الثالث رفضًا لتأخر صرف الرواتب، وتقسيمها على دفعات خلال الشهر، وللمطالبة بعودة خدمات التأمين الصحي التي توقفت منذ يناير/كانون الثاني الماضي، حيث أوقفن العمل بالقسم لمدد تتراوح بين ساعة وثلاث ساعات على مدار ثلاثة أيام متتالية، وفق ما أكدته عاملتان لـ المنصة. وقالت العاملتان، اللتان رفضتا نشر اسميهما، إن تواجد أفراد الأمن الوطني داخل الشركة طوال الأيام الماضية حال دون تحويل الاحتجاجات إلى إضراب شامل، خوفًا من القبض عليهن. وأوضحت إحدى العاملتين أن الشركة اعتادت منذ حوالي أربعة أشهر على صرف الراتب على ثلاث دفعات، ما يبدد رواتب العمال الذين أصبحوا غير قادرين على الوفاء بالتزامات بيوتهم خاصة في شهر رمضان، "لما آخد 2000 جنيه من مرتبي ويأخروا بقيته، ندفع إيجار ومياه وكهربا منين، ولا نأكل العيال؟ المرتب بيتصرف والإيجار والفواتير باقية علينا، ده غير مصاريف العلاج"، مشيرة إلى أنها لم تتقاض حتى اليوم سوى ثلث راتب شهر فبراير/شباط الماضي. أزمة تأخر الرواتب ليست الأزمة الوحيدة، حيث حرم أكثر من 600 عامل، أغلبهم من النساء، من الخدمات الطبية والعلاجية منذ ثلاثة أشهر، بينهم عدد كبير من ذوي الأمراض المزمنة مثل السكري والضغط والربو، توقف صرف علاجهم الشهري بالكامل، ما حمّلهم أعباءً مالية تفوق قدرتهم، حسبما قال عمال لـ المنصة في وقت سابق. وقالت العاملة الثانية لـ المنصة إن مطلب عودة الخدمات العلاجية، هو أحد أهم أسباب الاحتجاجات الحالية، معتقدة أن هذا المطلب على وجه الخصوص سيفجر احتجاجات شاملة داخل جميع أقسام الشركة بعد عيد الفطر "الناس تعبت بقالها 3 شهور بتشتري على حساب أدوية ضغط وسكر بـ 1000 و1500 جنيه في الشهر طيب يجيبوا منين؟". وأضافت العاملة أنهم علموا أن الشركة تنوي إجراء تغيير نظام العمل المتبع منذ سنوات ليصبح 8 ساعات غير شاملة أوقات الراحة، بدلًا من 7 ساعات، وهو ما يثير أيضًا غضب العمال. من ناحيتها، أعلنت دار الخدمات النقابية والعمالية تضامنها مع مطالب العاملين، محذرة من أي ممارسات تعيق حصولهم على مستحقاتهم المالية، وطالبت مجلس الوزراء ووزارة التخطيط بالتدخل العاجل للتحقيق في أوضاع الشركة المالية والإدارية. فيما اعتبرت المفوضية المصرية للحقوق والحريات أن تأخير الرواتب وقرارات زيادة ساعات العمل يمثل انتهاكًا مباشرًا للحق في الأجر المنصوص عليه في قانون العمل، داعية وزارة العمل والجهات الرقابية لفتح تحقيق عاجل. وتعرض عمال الشركة لعدة انتهاكات خلال الأعوام الماضية، كان آخرها في أبريل/نيسان الماضي عندما طبقت الشركة الحد الأدنى للأجور على موظفي الإدارة ومشرفي الأقسام فقط، ما أثار غضب العمال قبل تعميمه لاحقًا رغم احتساب البدلات والإضافي كجزء من الحد الأدنى، بحسب عاملين تحدثوا لـ المنصة وقتها. وفي 18 أغسطس/آب الماضي، دخل عمال وبريات سمنود في إضراب عن العمل، استمر 35 يومًا للمطالبة بتطبيق الحد الأدنى للأجور، قبل أن يضطروا لإنهائه تحت التهديد بالفصل والحبس. وفي 25 أغسطس الماضي، ألقي القبض على 10 عمال، بينهم القيادي العمالي هشام البنا، واتهمتهم النيابة بـ"التحريض على الإضراب والتجمهر وقلب نظام الحكم"، وقررت في 28 من الشهر نفسه حبسهم 15 يومًا على ذمة القضية 7648 لسنة 2024 إداري سمنود. ومطلع سبتمبر/أيلول الماضي، قررت محكمة مستأنف المحلة إخلاء سبيل 7 منهم، واستمرار حبس البنا، الذي أخلت نيابة طنطا الكلية سبيله في التاسع من الشهر نفسه، بشكل مفاجئ قبل موعد تجديد حبسه بيومين، ليتعرض البنا بعدها للفصل التعسفي من قبل إدارة الشركة. وتأسست شركة سمنود للنسيج والوبريات عام 1974 بمحافظة الغربية، وكانت تتبَع منذ نشأتها شركة مصر للغزل والنسيج بالمحلة، وكانت أسهمها موزعة بين عدد من الهيئات مثل مصر للتأمين وهيئة التأمينات الاجتماعية وهيئة الأوقاف المصرية، لكن النسبة الأكبر الآن يمتلكها بنك الاستثمار العربي، ونجح المساهمون في 2015 في تسجيل الشركة وفقًا لقانون الاستثمار، لتتحول من شركة تابعة لقطاع الأعمال العام إلى شركة قطاع خاص. | AE34: https://manassa.news/news/30772
A35: 33 | B35: 46091 | C35: مارس | D35: الغربية | E35: إقليم الدلتا | F35: سمنود | G35: شركة وبريات سمنود | H35: احتجاجات/إضراب عمال وبريات سمنود | I35: وقفة احتجاجية | J35: تظاهرة ميدانية | K35: التعسف الإداري وتأخر صرف الرواتب | L35: مطالب اقتصادية | M35: عاملات قسم الملابس في شركة وبريات سمنود | N35: قطاع خاص وباليومية | O35: 250 | P35: عمال وبريات سمنود | R35: 0 | AD35: وقفة احتجاجية لعاملات «وبريات سمنود» ضد التعسف الإداري التاريخ الثلاثاء 10 مارس 2026 الكاتب بقلم ليلى حسام نظمت 250 عاملة بشركة سمنود للنسيج والوبريات بمحافظة الغربية في دلتا مصر وقفة احتجاجية ضد التعسف الإداري وتأخر صرف الرواتب، حسبما ذكرت دار الخدمات النقابية والعمالية. كانت شكاوى عمال وعاملات سمنود، قد تصاعدت على خلفية تأخر صرف الأجور وتقليص قيمتها خلال الأشهر الأخيرة، إضافة إلى مخاوف من زيادة ساعات العمل اليومية دون تشاور مع العمال، في وقت يتواصل فيه نزاع عمالي داخل الشركة منذ عام 2024. وقالت المفوضية المصرية للحقوق والحريات في بيان صدر الأحد إنها تلقت شكاوى من عدد من العمال عبر الخط الساخن التابع لها، أفادوا فيها بأن إدارة الشركة تعتزم رفع ساعات العمل اليومية من سبع ساعات إلى ثماني ساعات. واعتبرت المفوضية أن هذا القرار يمس ميزة تنظيمية مستقرة داخل الشركة، مشيرة إلى أن طرحه جاء بصورة أحادية ودون إجراء حوار مع العمال أو ممثليهم. وبحسب البيان، اشتكى عمال من استمرار إدارة الشركة خلال الأشهر الماضية في تأجيل صرف أجزاء من الأجور الشهرية من دون توضيح الأسباب. وأفاد بعضهم بأن الأمر بدأ بتأجيل نحو 20% من الراتب إلى نهاية الشهر، قبل أن يتطور في بعض الحالات إلى تأجيل أكثر من نصف الأجر. وقال عمال–وفق ما نقلته المفوضية–إن آخر راتب صُرف لبعض العاملين خلال الشهر الجاري بلغ نحو 2800 جنيه فقط، رغم أن الراتب الإجمالي يقترب من 6100 جنيه، من دون تحديد موعد واضح لصرف بقية المستحقات. كما تضمنت الشكاوى تغييرات متكررة في الجهة المصرفية التي تُحول إليها الرواتب. فبعد إنهاء تعاقد الشركة مع البنك الأهلي المصري وإلزام عدد كبير من العمال بفتح حسابات لدى بنك الإسكندرية، عادت الإدارة لاحقاً لتحويل الأجور مجدداً إلى البنك الأهلي بصورة مفاجئة، ما أدى إلى تعذر صرف الرواتب بالنسبة لبعض العمال. وتأتي أزمة الأجور بالتزامن مع مشكلة أخرى تتعلق بالخدمات الطبية للعمال. ففي يناير الماضي توقفت هيئة التأمين الصحي في سمنود عن تقديم الخدمات الطبية لعمال الشركة بعد عدم تجديد بطاقاتهم التأمينية بسبب تراكم مديونيات على الشركة. وقال عمال في تصريحات سابقة لـ«مدى مصر» إنهم لم يتمكنوا من صرف الأدوية أو إجراء عمليات جراحية، رغم استمرار استقطاع مساهماتهم التأمينية من رواتبهم. وقدّرت منظمات عمالية الديون المتراكمة لصالح التأمينات الاجتماعية بأكثر من 15 مليون جنيه، مشيرة إلى أن الشركة لم تسدد حصتها التأمينية منذ سنوات. وتأتي هذه التطورات في سياق معركة عمالية داخل الشركة بدأت في التسارع منذ أغسطس 2024، عندما دخل العمال في إضراب في للمطالبة بتطبيق الحد الأدنى للأجور وتحسين أوضاعهم المعيشية. واستمر الإضراب لأكثر من شهر قبل أن يعود العمال إلى العمل بعد زيادات محدودة في الأجور وتعهدات من الإدارة بمناقشة مطالبهم. وشهدت تلك الأحداث توقيف عدد من العمال والعاملات وإحالتهم للتحقيق في القضية رقم 7648 لسنة 2024 إداري سمنود. ورغم الإفراج عن معظمهم لاحقاً، ألا إن إجراءات عقابية استمرت داخل الشركة، شملت وقف بعض العمال عن العمل وصرف أجزاء من أجورهم فقط، إضافة إلى إنهاء عقود عمال مؤقتين وفصل قيادات عمالية بسبب مشاركتهم في التحركات الاحتجاجية. وفي تطور قضائي مرتبط بتلك الأحداث، قضت محكمة مستأنف طنطا مطلع مارس الجاري بتعويض القيادي العمالي هشام البنا بمبلغ 270 ألف جنيه عن الأضرار التي لحقت به نتيجة فصله من العمل عقب مشاركته في الإضراب. كما وثقت المفوضية، بحسب بيانها، استدعاءات وتهديدات أمنية طالت بعض العمال خلال الفترة الماضية بهدف إنهاء التحركات العمالية، مشيرة إلى أن شكاوى العمال المتعلقة بالأجور أو ظروف العمل تُقابل أحياناً بتهديدات غير مباشرة بالاستدعاء الأمني. وأشارت المفوضية إلى أن هيكل ملكية الشركة يثير تساؤلات، إذ تُصنف قانونياً كشركة قطاع خاص، في حين تمتلك جهات حكومية، من بينها بنك الاستثمار القومي والهيئة القومية للتأمينات الاجتماعية، نحو 65% من أسهمها. وفي ختام بيانها، دعت المفوضية وزارة العمل والجهات الرقابية إلى فتح تحقيق عاجل في وقائع تأخير الأجور، وإلزام إدارة الشركة بصرف الرواتب كاملة وفي مواعيدها القانونية، كما طالبت بتعليق أي قرارات أحادية تمس حقوق العمال، وعلى رأسها زيادة ساعات العمل، إلى حين إجراء حوار مع العمال وممثليهم وضمان تطبيق الحد الأدنى للأجور. | AE35: https://revsoc.me/workers-farmers/51520/ | AF35: https://daaarb.com/%d8%a3%d9%8a%d9%86-%d9%88%d8%b2%d8%a7%d8%b1%d8%a9-%d8%a7%d9%84%d8%aa%d8%ae%d8%b7%d9%8a%d8%b7%d8%9f-%d8%a7%d8%ad%d8%aa%d8%ac%d8%a7%d8%ac%d8%a7%d8%aa-%d9%84%d8%b9%d8%a7%d9%85%d9%84%d8%a7%d8%aa/#respond
A36: 35 | B36: 46091 | C36: مارس | D36: الغربية | E36: إقليم الدلتا | F36: سمنود | G36: شركة وبريات سمنود | H36: احتجاجات/إضراب عمال وبريات سمنود | I36: إضراب جزئي عن العمل | J36: إضراب عن العمل | K36: التعسف الإداري وتأخر صرف الرواتب | L36: مطالب اقتصادية | M36: عاملات قسم الملابس في شركة وبريات سمنود | N36: قطاع خاص وباليومية | O36: 250 | P36: عمال وبريات سمنود | R36: 0 | AD36: وقفة احتجاجية لعاملات «وبريات سمنود» ضد التعسف الإداري التاريخ الثلاثاء 10 مارس 2026 الكاتب بقلم ليلى حسام نظمت 250 عاملة بشركة سمنود للنسيج والوبريات بمحافظة الغربية في دلتا مصر وقفة احتجاجية ضد التعسف الإداري وتأخر صرف الرواتب، حسبما ذكرت دار الخدمات النقابية والعمالية. كانت شكاوى عمال وعاملات سمنود، قد تصاعدت على خلفية تأخر صرف الأجور وتقليص قيمتها خلال الأشهر الأخيرة، إضافة إلى مخاوف من زيادة ساعات العمل اليومية دون تشاور مع العمال، في وقت يتواصل فيه نزاع عمالي داخل الشركة منذ عام 2024. وقالت المفوضية المصرية للحقوق والحريات في بيان صدر الأحد إنها تلقت شكاوى من عدد من العمال عبر الخط الساخن التابع لها، أفادوا فيها بأن إدارة الشركة تعتزم رفع ساعات العمل اليومية من سبع ساعات إلى ثماني ساعات. واعتبرت المفوضية أن هذا القرار يمس ميزة تنظيمية مستقرة داخل الشركة، مشيرة إلى أن طرحه جاء بصورة أحادية ودون إجراء حوار مع العمال أو ممثليهم. وبحسب البيان، اشتكى عمال من استمرار إدارة الشركة خلال الأشهر الماضية في تأجيل صرف أجزاء من الأجور الشهرية من دون توضيح الأسباب. وأفاد بعضهم بأن الأمر بدأ بتأجيل نحو 20% من الراتب إلى نهاية الشهر، قبل أن يتطور في بعض الحالات إلى تأجيل أكثر من نصف الأجر. وقال عمال–وفق ما نقلته المفوضية–إن آخر راتب صُرف لبعض العاملين خلال الشهر الجاري بلغ نحو 2800 جنيه فقط، رغم أن الراتب الإجمالي يقترب من 6100 جنيه، من دون تحديد موعد واضح لصرف بقية المستحقات. كما تضمنت الشكاوى تغييرات متكررة في الجهة المصرفية التي تُحول إليها الرواتب. فبعد إنهاء تعاقد الشركة مع البنك الأهلي المصري وإلزام عدد كبير من العمال بفتح حسابات لدى بنك الإسكندرية، عادت الإدارة لاحقاً لتحويل الأجور مجدداً إلى البنك الأهلي بصورة مفاجئة، ما أدى إلى تعذر صرف الرواتب بالنسبة لبعض العمال. وتأتي أزمة الأجور بالتزامن مع مشكلة أخرى تتعلق بالخدمات الطبية للعمال. ففي يناير الماضي توقفت هيئة التأمين الصحي في سمنود عن تقديم الخدمات الطبية لعمال الشركة بعد عدم تجديد بطاقاتهم التأمينية بسبب تراكم مديونيات على الشركة. وقال عمال في تصريحات سابقة لـ«مدى مصر» إنهم لم يتمكنوا من صرف الأدوية أو إجراء عمليات جراحية، رغم استمرار استقطاع مساهماتهم التأمينية من رواتبهم. وقدّرت منظمات عمالية الديون المتراكمة لصالح التأمينات الاجتماعية بأكثر من 15 مليون جنيه، مشيرة إلى أن الشركة لم تسدد حصتها التأمينية منذ سنوات. وتأتي هذه التطورات في سياق معركة عمالية داخل الشركة بدأت في التسارع منذ أغسطس 2024، عندما دخل العمال في إضراب في للمطالبة بتطبيق الحد الأدنى للأجور وتحسين أوضاعهم المعيشية. واستمر الإضراب لأكثر من شهر قبل أن يعود العمال إلى العمل بعد زيادات محدودة في الأجور وتعهدات من الإدارة بمناقشة مطالبهم. وشهدت تلك الأحداث توقيف عدد من العمال والعاملات وإحالتهم للتحقيق في القضية رقم 7648 لسنة 2024 إداري سمنود. ورغم الإفراج عن معظمهم لاحقاً، ألا إن إجراءات عقابية استمرت داخل الشركة، شملت وقف بعض العمال عن العمل وصرف أجزاء من أجورهم فقط، إضافة إلى إنهاء عقود عمال مؤقتين وفصل قيادات عمالية بسبب مشاركتهم في التحركات الاحتجاجية. وفي تطور قضائي مرتبط بتلك الأحداث، قضت محكمة مستأنف طنطا مطلع مارس الجاري بتعويض القيادي العمالي هشام البنا بمبلغ 270 ألف جنيه عن الأضرار التي لحقت به نتيجة فصله من العمل عقب مشاركته في الإضراب. كما وثقت المفوضية، بحسب بيانها، استدعاءات وتهديدات أمنية طالت بعض العمال خلال الفترة الماضية بهدف إنهاء التحركات العمالية، مشيرة إلى أن شكاوى العمال المتعلقة بالأجور أو ظروف العمل تُقابل أحياناً بتهديدات غير مباشرة بالاستدعاء الأمني. وأشارت المفوضية إلى أن هيكل ملكية الشركة يثير تساؤلات، إذ تُصنف قانونياً كشركة قطاع خاص، في حين تمتلك جهات حكومية، من بينها بنك الاستثمار القومي والهيئة القومية للتأمينات الاجتماعية، نحو 65% من أسهمها. وفي ختام بيانها، دعت المفوضية وزارة العمل والجهات الرقابية إلى فتح تحقيق عاجل في وقائع تأخير الأجور، وإلزام إدارة الشركة بصرف الرواتب كاملة وفي مواعيدها القانونية، كما طالبت بتعليق أي قرارات أحادية تمس حقوق العمال، وعلى رأسها زيادة ساعات العمل، إلى حين إجراء حوار مع العمال وممثليهم وضمان تطبيق الحد الأدنى للأجور. | AE36: https://revsoc.me/workers-farmers/51520/ | AF36: https://daaarb.com/%d8%a3%d9%8a%d9%86-%d9%88%d8%b2%d8%a7%d8%b1%d8%a9-%d8%a7%d9%84%d8%aa%d8%ae%d8%b7%d9%8a%d8%b7%d8%9f-%d8%a7%d8%ad%d8%aa%d8%ac%d8%a7%d8%ac%d8%a7%d8%aa-%d9%84%d8%b9%d8%a7%d9%85%d9%84%d8%a7%d8%aa/#respond
A37: 34 | B37: 46091 | C37: مارس | D37: القاهرة | E37: إقليم القاهرة الكبري | G37: شركة المتحدة للصيادلة لتوزيع الأدوية | H37: شكوي عمال المتحدة للصيدلة | I37: شكوي جماعية | J37: بيان مطالب واستغاثة اعلامية | K37: اعتراضاً علي خصم نحو 50% من رواتب شهر فبراير الماضي وامتناع الشركة عن تطبيق الحد الأدني للأجور وعدم سداد اشتراكات التأمينات الاجتماعية رغم خصم حصه العمال | L37: مطالب اقتصادية | M37: عمال شركة المتحدة للصيادلة لتوزيع الأدوية | N37: قطاع خاص وباليومية | O37: لم يحدد | P37: مكتب العمل | R37: 0 | AD37: الاحتجاجات تتواصل في "وبريات سمنود".. وعاملتان: تواجد الأمن الوطني منع التحول لإضراب شامل أخبار وتقارير_ أحمد خليفة منشور الأربعاء 11 آذار/مارس 2026 شارك Also available in English واصلت عاملات قسم الملابس في شركة وبريات سمنود بمحافظة الغربية احتجاجاتهن لليوم الثالث رفضًا لتأخر صرف الرواتب، وتقسيمها على دفعات خلال الشهر، وللمطالبة بعودة خدمات التأمين الصحي التي توقفت منذ يناير/كانون الثاني الماضي، حيث أوقفن العمل بالقسم لمدد تتراوح بين ساعة وثلاث ساعات على مدار ثلاثة أيام متتالية، وفق ما أكدته عاملتان لـ المنصة. وقالت العاملتان، اللتان رفضتا نشر اسميهما، إن تواجد أفراد الأمن الوطني داخل الشركة طوال الأيام الماضية حال دون تحويل الاحتجاجات إلى إضراب شامل، خوفًا من القبض عليهن. وأوضحت إحدى العاملتين أن الشركة اعتادت منذ حوالي أربعة أشهر على صرف الراتب على ثلاث دفعات، ما يبدد رواتب العمال الذين أصبحوا غير قادرين على الوفاء بالتزامات بيوتهم خاصة في شهر رمضان، "لما آخد 2000 جنيه من مرتبي ويأخروا بقيته، ندفع إيجار ومياه وكهربا منين، ولا نأكل العيال؟ المرتب بيتصرف والإيجار والفواتير باقية علينا، ده غير مصاريف العلاج"، مشيرة إلى أنها لم تتقاض حتى اليوم سوى ثلث راتب شهر فبراير/شباط الماضي. أزمة تأخر الرواتب ليست الأزمة الوحيدة، حيث حرم أكثر من 600 عامل، أغلبهم من النساء، من الخدمات الطبية والعلاجية منذ ثلاثة أشهر، بينهم عدد كبير من ذوي الأمراض المزمنة مثل السكري والضغط والربو، توقف صرف علاجهم الشهري بالكامل، ما حمّلهم أعباءً مالية تفوق قدرتهم، حسبما قال عمال لـ المنصة في وقت سابق. وقالت العاملة الثانية لـ المنصة إن مطلب عودة الخدمات العلاجية، هو أحد أهم أسباب الاحتجاجات الحالية، معتقدة أن هذا المطلب على وجه الخصوص سيفجر احتجاجات شاملة داخل جميع أقسام الشركة بعد عيد الفطر "الناس تعبت بقالها 3 شهور بتشتري على حساب أدوية ضغط وسكر بـ 1000 و1500 جنيه في الشهر طيب يجيبوا منين؟". وأضافت العاملة أنهم علموا أن الشركة تنوي إجراء تغيير نظام العمل المتبع منذ سنوات ليصبح 8 ساعات غير شاملة أوقات الراحة، بدلًا من 7 ساعات، وهو ما يثير أيضًا غضب العمال. من ناحيتها، أعلنت دار الخدمات النقابية والعمالية تضامنها مع مطالب العاملين، محذرة من أي ممارسات تعيق حصولهم على مستحقاتهم المالية، وطالبت مجلس الوزراء ووزارة التخطيط بالتدخل العاجل للتحقيق في أوضاع الشركة المالية والإدارية. فيما اعتبرت المفوضية المصرية للحقوق والحريات أن تأخير الرواتب وقرارات زيادة ساعات العمل يمثل انتهاكًا مباشرًا للحق في الأجر المنصوص عليه في قانون العمل، داعية وزارة العمل والجهات الرقابية لفتح تحقيق عاجل. وتعرض عمال الشركة لعدة انتهاكات خلال الأعوام الماضية، كان آخرها في أبريل/نيسان الماضي عندما طبقت الشركة الحد الأدنى للأجور على موظفي الإدارة ومشرفي الأقسام فقط، ما أثار غضب العمال قبل تعميمه لاحقًا رغم احتساب البدلات والإضافي كجزء من الحد الأدنى، بحسب عاملين تحدثوا لـ المنصة وقتها. وفي 18 أغسطس/آب الماضي، دخل عمال وبريات سمنود في إضراب عن العمل، استمر 35 يومًا للمطالبة بتطبيق الحد الأدنى للأجور، قبل أن يضطروا لإنهائه تحت التهديد بالفصل والحبس. وفي 25 أغسطس الماضي، ألقي القبض على 10 عمال، بينهم القيادي العمالي هشام البنا، واتهمتهم النيابة بـ"التحريض على الإضراب والتجمهر وقلب نظام الحكم"، وقررت في 28 من الشهر نفسه حبسهم 15 يومًا على ذمة القضية 7648 لسنة 2024 إداري سمنود. ومطلع سبتمبر/أيلول الماضي، قررت محكمة مستأنف المحلة إخلاء سبيل 7 منهم، واستمرار حبس البنا، الذي أخلت نيابة طنطا الكلية سبيله في التاسع من الشهر نفسه، بشكل مفاجئ قبل موعد تجديد حبسه بيومين، ليتعرض البنا بعدها للفصل التعسفي من قبل إدارة الشركة. وتأسست شركة سمنود للنسيج والوبريات عام 1974 بمحافظة الغربية، وكانت تتبَع منذ نشأتها شركة مصر للغزل والنسيج بالمحلة، وكانت أسهمها موزعة بين عدد من الهيئات مثل مصر للتأمين وهيئة التأمينات الاجتماعية وهيئة الأوقاف المصرية، لكن النسبة الأكبر الآن يمتلكها بنك الاستثمار العربي، ونجح المساهمون في 2015 في تسجيل الشركة وفقًا لقانون الاستثمار، لتتحول من شركة تابعة لقطاع الأعمال العام إلى شركة قطاع خاص. | AE37: https://manassa.news/news/30752
A38: 36 | B38: 46092 | C38: مارس | D38: الغربية | E38: إقليم الدلتا | F38: سمنود | G38: شركة وبريات سمنود | H38: احتجاجات/إضراب عمال وبريات سمنود | I38: إضراب جزئي عن العمل | J38: إضراب عن العمل | K38: التعسف الإداري وتأخر صرف الرواتب | L38: مطالب اقتصادية | M38: عاملات قسم الملابس في شركة وبريات سمنود | N38: قطاع خاص وباليومية | O38: 250 | P38: عمال وبريات سمنود | R38: 0 | AD38: الاحتجاجات تتواصل في "وبريات سمنود".. وعاملتان: تواجد الأمن الوطني منع التحول لإضراب شامل أخبار وتقارير_ أحمد خليفة منشور الأربعاء 11 آذار/مارس 2026 شارك Also available in English واصلت عاملات قسم الملابس في شركة وبريات سمنود بمحافظة الغربية احتجاجاتهن لليوم الثالث رفضًا لتأخر صرف الرواتب، وتقسيمها على دفعات خلال الشهر، وللمطالبة بعودة خدمات التأمين الصحي التي توقفت منذ يناير/كانون الثاني الماضي، حيث أوقفن العمل بالقسم لمدد تتراوح بين ساعة وثلاث ساعات على مدار ثلاثة أيام متتالية، وفق ما أكدته عاملتان لـ المنصة. وقالت العاملتان، اللتان رفضتا نشر اسميهما، إن تواجد أفراد الأمن الوطني داخل الشركة طوال الأيام الماضية حال دون تحويل الاحتجاجات إلى إضراب شامل، خوفًا من القبض عليهن. وأوضحت إحدى العاملتين أن الشركة اعتادت منذ حوالي أربعة أشهر على صرف الراتب على ثلاث دفعات، ما يبدد رواتب العمال الذين أصبحوا غير قادرين على الوفاء بالتزامات بيوتهم خاصة في شهر رمضان، "لما آخد 2000 جنيه من مرتبي ويأخروا بقيته، ندفع إيجار ومياه وكهربا منين، ولا نأكل العيال؟ المرتب بيتصرف والإيجار والفواتير باقية علينا، ده غير مصاريف العلاج"، مشيرة إلى أنها لم تتقاض حتى اليوم سوى ثلث راتب شهر فبراير/شباط الماضي. أزمة تأخر الرواتب ليست الأزمة الوحيدة، حيث حرم أكثر من 600 عامل، أغلبهم من النساء، من الخدمات الطبية والعلاجية منذ ثلاثة أشهر، بينهم عدد كبير من ذوي الأمراض المزمنة مثل السكري والضغط والربو، توقف صرف علاجهم الشهري بالكامل، ما حمّلهم أعباءً مالية تفوق قدرتهم، حسبما قال عمال لـ المنصة في وقت سابق. وقالت العاملة الثانية لـ المنصة إن مطلب عودة الخدمات العلاجية، هو أحد أهم أسباب الاحتجاجات الحالية، معتقدة أن هذا المطلب على وجه الخصوص سيفجر احتجاجات شاملة داخل جميع أقسام الشركة بعد عيد الفطر "الناس تعبت بقالها 3 شهور بتشتري على حساب أدوية ضغط وسكر بـ 1000 و1500 جنيه في الشهر طيب يجيبوا منين؟". وأضافت العاملة أنهم علموا أن الشركة تنوي إجراء تغيير نظام العمل المتبع منذ سنوات ليصبح 8 ساعات غير شاملة أوقات الراحة، بدلًا من 7 ساعات، وهو ما يثير أيضًا غضب العمال. من ناحيتها، أعلنت دار الخدمات النقابية والعمالية تضامنها مع مطالب العاملين، محذرة من أي ممارسات تعيق حصولهم على مستحقاتهم المالية، وطالبت مجلس الوزراء ووزارة التخطيط بالتدخل العاجل للتحقيق في أوضاع الشركة المالية والإدارية. فيما اعتبرت المفوضية المصرية للحقوق والحريات أن تأخير الرواتب وقرارات زيادة ساعات العمل يمثل انتهاكًا مباشرًا للحق في الأجر المنصوص عليه في قانون العمل، داعية وزارة العمل والجهات الرقابية لفتح تحقيق عاجل. وتعرض عمال الشركة لعدة انتهاكات خلال الأعوام الماضية، كان آخرها في أبريل/نيسان الماضي عندما طبقت الشركة الحد الأدنى للأجور على موظفي الإدارة ومشرفي الأقسام فقط، ما أثار غضب العمال قبل تعميمه لاحقًا رغم احتساب البدلات والإضافي كجزء من الحد الأدنى، بحسب عاملين تحدثوا لـ المنصة وقتها. وفي 18 أغسطس/آب الماضي، دخل عمال وبريات سمنود في إضراب عن العمل، استمر 35 يومًا للمطالبة بتطبيق الحد الأدنى للأجور، قبل أن يضطروا لإنهائه تحت التهديد بالفصل والحبس. وفي 25 أغسطس الماضي، ألقي القبض على 10 عمال، بينهم القيادي العمالي هشام البنا، واتهمتهم النيابة بـ"التحريض على الإضراب والتجمهر وقلب نظام الحكم"، وقررت في 28 من الشهر نفسه حبسهم 15 يومًا على ذمة القضية 7648 لسنة 2024 إداري سمنود. ومطلع سبتمبر/أيلول الماضي، قررت محكمة مستأنف المحلة إخلاء سبيل 7 منهم، واستمرار حبس البنا، الذي أخلت نيابة طنطا الكلية سبيله في التاسع من الشهر نفسه، بشكل مفاجئ قبل موعد تجديد حبسه بيومين، ليتعرض البنا بعدها للفصل التعسفي من قبل إدارة الشركة. وتأسست شركة سمنود للنسيج والوبريات عام 1974 بمحافظة الغربية، وكانت تتبَع منذ نشأتها شركة مصر للغزل والنسيج بالمحلة، وكانت أسهمها موزعة بين عدد من الهيئات مثل مصر للتأمين وهيئة التأمينات الاجتماعية وهيئة الأوقاف المصرية، لكن النسبة الأكبر الآن يمتلكها بنك الاستثمار العربي، ونجح المساهمون في 2015 في تسجيل الشركة وفقًا لقانون الاستثمار، لتتحول من شركة تابعة لقطاع الأعمال العام إلى شركة قطاع خاص. | AE38: https://manassa.news/news/30772
A39: 37 | B39: 46092 | C39: مارس | D39: الغربية | E39: إقليم الدلتا | F39: سمنود | G39: شركة وبريات سمنود | H39: احتجاجات/إضراب عمال وبريات سمنود | I39: وقفة احتجاجية | J39: تظاهرة ميدانية | K39: التعسف الإداري وتأخر صرف الرواتب | L39: مطالب اقتصادية | M39: عاملات قسم الملابس في شركة وبريات سمنود | N39: قطاع خاص وباليومية | O39: 250 | P39: عمال وبريات سمنود | R39: 0 | AD39: الاحتجاجات تتواصل في "وبريات سمنود".. وعاملتان: تواجد الأمن الوطني منع التحول لإضراب شامل أخبار وتقارير_ أحمد خليفة منشور الأربعاء 11 آذار/مارس 2026 شارك Also available in English واصلت عاملات قسم الملابس في شركة وبريات سمنود بمحافظة الغربية احتجاجاتهن لليوم الثالث رفضًا لتأخر صرف الرواتب، وتقسيمها على دفعات خلال الشهر، وللمطالبة بعودة خدمات التأمين الصحي التي توقفت منذ يناير/كانون الثاني الماضي، حيث أوقفن العمل بالقسم لمدد تتراوح بين ساعة وثلاث ساعات على مدار ثلاثة أيام متتالية، وفق ما أكدته عاملتان لـ المنصة. وقالت العاملتان، اللتان رفضتا نشر اسميهما، إن تواجد أفراد الأمن الوطني داخل الشركة طوال الأيام الماضية حال دون تحويل الاحتجاجات إلى إضراب شامل، خوفًا من القبض عليهن. وأوضحت إحدى العاملتين أن الشركة اعتادت منذ حوالي أربعة أشهر على صرف الراتب على ثلاث دفعات، ما يبدد رواتب العمال الذين أصبحوا غير قادرين على الوفاء بالتزامات بيوتهم خاصة في شهر رمضان، "لما آخد 2000 جنيه من مرتبي ويأخروا بقيته، ندفع إيجار ومياه وكهربا منين، ولا نأكل العيال؟ المرتب بيتصرف والإيجار والفواتير باقية علينا، ده غير مصاريف العلاج"، مشيرة إلى أنها لم تتقاض حتى اليوم سوى ثلث راتب شهر فبراير/شباط الماضي. أزمة تأخر الرواتب ليست الأزمة الوحيدة، حيث حرم أكثر من 600 عامل، أغلبهم من النساء، من الخدمات الطبية والعلاجية منذ ثلاثة أشهر، بينهم عدد كبير من ذوي الأمراض المزمنة مثل السكري والضغط والربو، توقف صرف علاجهم الشهري بالكامل، ما حمّلهم أعباءً مالية تفوق قدرتهم، حسبما قال عمال لـ المنصة في وقت سابق. وقالت العاملة الثانية لـ المنصة إن مطلب عودة الخدمات العلاجية، هو أحد أهم أسباب الاحتجاجات الحالية، معتقدة أن هذا المطلب على وجه الخصوص سيفجر احتجاجات شاملة داخل جميع أقسام الشركة بعد عيد الفطر "الناس تعبت بقالها 3 شهور بتشتري على حساب أدوية ضغط وسكر بـ 1000 و1500 جنيه في الشهر طيب يجيبوا منين؟". وأضافت العاملة أنهم علموا أن الشركة تنوي إجراء تغيير نظام العمل المتبع منذ سنوات ليصبح 8 ساعات غير شاملة أوقات الراحة، بدلًا من 7 ساعات، وهو ما يثير أيضًا غضب العمال. من ناحيتها، أعلنت دار الخدمات النقابية والعمالية تضامنها مع مطالب العاملين، محذرة من أي ممارسات تعيق حصولهم على مستحقاتهم المالية، وطالبت مجلس الوزراء ووزارة التخطيط بالتدخل العاجل للتحقيق في أوضاع الشركة المالية والإدارية. فيما اعتبرت المفوضية المصرية للحقوق والحريات أن تأخير الرواتب وقرارات زيادة ساعات العمل يمثل انتهاكًا مباشرًا للحق في الأجر المنصوص عليه في قانون العمل، داعية وزارة العمل والجهات الرقابية لفتح تحقيق عاجل. وتعرض عمال الشركة لعدة انتهاكات خلال الأعوام الماضية، كان آخرها في أبريل/نيسان الماضي عندما طبقت الشركة الحد الأدنى للأجور على موظفي الإدارة ومشرفي الأقسام فقط، ما أثار غضب العمال قبل تعميمه لاحقًا رغم احتساب البدلات والإضافي كجزء من الحد الأدنى، بحسب عاملين تحدثوا لـ المنصة وقتها. وفي 18 أغسطس/آب الماضي، دخل عمال وبريات سمنود في إضراب عن العمل، استمر 35 يومًا للمطالبة بتطبيق الحد الأدنى للأجور، قبل أن يضطروا لإنهائه تحت التهديد بالفصل والحبس. وفي 25 أغسطس الماضي، ألقي القبض على 10 عمال، بينهم القيادي العمالي هشام البنا، واتهمتهم النيابة بـ"التحريض على الإضراب والتجمهر وقلب نظام الحكم"، وقررت في 28 من الشهر نفسه حبسهم 15 يومًا على ذمة القضية 7648 لسنة 2024 إداري سمنود. ومطلع سبتمبر/أيلول الماضي، قررت محكمة مستأنف المحلة إخلاء سبيل 7 منهم، واستمرار حبس البنا، الذي أخلت نيابة طنطا الكلية سبيله في التاسع من الشهر نفسه، بشكل مفاجئ قبل موعد تجديد حبسه بيومين، ليتعرض البنا بعدها للفصل التعسفي من قبل إدارة الشركة. وتأسست شركة سمنود للنسيج والوبريات عام 1974 بمحافظة الغربية، وكانت تتبَع منذ نشأتها شركة مصر للغزل والنسيج بالمحلة، وكانت أسهمها موزعة بين عدد من الهيئات مثل مصر للتأمين وهيئة التأمينات الاجتماعية وهيئة الأوقاف المصرية، لكن النسبة الأكبر الآن يمتلكها بنك الاستثمار العربي، ونجح المساهمون في 2015 في تسجيل الشركة وفقًا لقانون الاستثمار، لتتحول من شركة تابعة لقطاع الأعمال العام إلى شركة قطاع خاص. | AE39: https://manassa.news/news/30772
A40: 38 | B40: 46095 | C40: مارس | D40: الجيزة | E40: إقليم القاهرة الكبري | F40: الدقي | G40: أمام مجلس الدولة | H40: مسيرة للمطالبة بتعديل قانون الاحوال الشخصية | I40: مسيرة | J40: تظاهرة ميدانية | K40: المطالبة بأحقية الأب في حضانة أبنائه بعد والدتهم حال الانفصال | L40: مطالب اجتماعية | M40: اباء و جدات | N40: ناشطية اجتماعية | O40: عشرات | P40: الحكومة | R40: 0 | AD40: "عايزين نشوف عيالنا".. مطالب متضرري "الأحوال الشخصية" بين الضغوط الدرامية والدعاوى القضائية أخبار وتقارير_ محمد نابليون منشور الاثنين 16 آذار/مارس 2026 شارك Also available in English ما إن انتهت محكمة القضاء الإداري بمجلس الدولة، يوم السبت الماضي، من نظر دعوى قضائية تطالب بإلزام الحكومة بتقديم مشروع قانون متوازن للأحوال الشخصية، حتى انتشرت فيديوهات لمسيرة صغيرة أغلبها من الرجال والجدات يهتفون "الشعب يريد تدخل الرئيس"، و"عايزين نشوف عيالنا". مسيرة الآباء والجدات والهتافات والدعوى القضائية تطالب كلها بأحقية الأب في حضانة أبنائه بعد والدتهم حال الانفصال، عوضًا عن المطالبة باستبدال ما يتيحه القانون في الرؤية بالحق في استضافة الأبناء. ورغم أن الدعوى متداولة أمام المحكمة من 2022 لكن وقفة أول أمس جرى ربطها بالمناقشات التي يتناولها مسلسل أب ولكن، الذي يعرض حاليًا ويسلط الضوء على معاناة الآباء المنفصلين في رؤية أبنائهم، إذ أكد مقيم الدعوى محمد العشاوي لـ المنصة أن المسلسل حرك المياه الراكدة ونجح في نقل أوجاع الآباء إلى الشاشات. ويعوِّل العشاوي على الخطوات المتزامنة حاليًا، سواء الدعوى القضائية أو المسلسل، لتحويل القضية إلى رأي عام يصل صداه إلى رئيس الجمهورية، لا سيما بعد إشادة الرئيس بالأعمال الدرامية التي تقدم خلال الموسم الرمضاني الحالي، وهو ما يعتبره العشاوي دليلًا على احتمالية استجابة الرئيس لمطالبهم. خفض سن واستضافة وحسب مقيم الدعوى شهدت جلسة السبت، انضمام نحو 200 أب وجدة متضررين إلى طلبات الدعوى المتعلقة، بإلزام رئاسة الوزراء والجهات المعنية بتقديم مشروع قانون جديد للأحوال الشخصية يغير القواعد الحالية للحضانة. حساب Ahmed Saleh أحد الأباء المشاركين في الوقفة على فيسبوك جانب من مسيرة الآباء المتضررين من قانون الأحوال الشخصية أمام مجلس الدولة، 14 مارس 2026 ويتمسك المدعون بضرورة تخفيض سن الحضانة إلى 7 سنوات للولد و9 سنوات للبنت، معتبرين السن الحالية (15 عامًا) تحرم الأب من بناء علاقة سوية مع أبنائه في سنوات تكوينهم الأولى. بخصوص مطالبهم بـ"حق الاستضافة"، يعتبر العشاوي "نظام الرؤية الحالي الذي يحصر لقاء الأب بابنه في 3 ساعات بمركز شباب أو نادٍ عام، نظامًا عقابيًّا للأب والطفل معًا". حسب الدعوى يجب النص في القانون الجديد بالسماح بمبيت الطفل مع والده وأسرته، لضمان تواصل إنساني حقيقي بينهم. وتستند الدعوى 66468 لسنة 79 قضائية، إلى توجيهات أصدرها السيسي عام 2022 طالب فيها بإعداد مشروع قانون جديد للأحوال الشخصية للمسلمين ومحاكم الأسرة يهدف إلى تحجيم النزاعات وتحقيق العدالة الناجزة من خلال رؤية متوازنة تضمن حقوق سائر أفراد الأسرة. وأشارت الدعوى إلى أن رئيس ديوان رئاسة الجمهورية الحالي المستشار عمر مروان، وقت أن كان وزيرًا للعدل، أصدر قرارًا بتشكيل لجنة لإعداد مشروع القانون، ومنحها صلاحية الاستعانة بكافة البيانات والإحصاءات الرسمية من جهات الدولة لصياغة أحكام القانون على أسس واقعية. وحسب الدعوى، حدد القرار الصادر في 5 يونيو/حزيران 2022 مدة أربعة أشهر للجنة للانتهاء من أعمالها وتقديم مسودة القانون للوزارة. وأكد العشاوي أن رئيس اللجنة خرج في تصريحات إعلامية مؤخرًا يؤكد انتهاء اللجنة من وضع مشروع القانون، لكن الحكومة، وفقًا للعشاوي، تواصل تقاعسها عن تقديم مشروع القانون لمجلس النواب، معتبرًا تصرفها قرارًا إداريًّا مخالفًا للقانون وللتوجيهات الرئاسية. فشل مرتقب للمسار القضائي "طلبات الدعوى على النحو الذي جاءت عليه ويتضمن إلزام الحكومة بتقديم تعديلات تشريعية لمجلس النواب، ينتظرها حكمٌ بعدم القبول ستصدره المحكمة مهما طال أمد التقاضي فيها"، يصرح مصدر قضائي بمحكمة القضاء الإداري تحدث لـ المنصة. يؤكد المصدر، الذي طلب عدم نشر اسمه تنفيذًا لتعليمات أقرها مجلس الدولة تحظر تحدث أعضائه لوسائل الإعلام، أن أحكام المجلس استقرت على اعتبار هذا النوع من الدعاوى تدخل في صميم العمل التشريعي الذي لا تختص محاكم القضاء الإداري بنظره، استنادًا للمبدأ الدستوري الخاص بالفصل بين السلطات بحيث لا تتدخل إحداها في مقتضى أعمال سلطة أخرى. وعدد المصدر عشرات الأحكام القضائية الصادرة في هذا السياق، التي تعتبر الطلبات من هذا النوع من الأمور التشريعية التي تخرج عن رقابة الجهات القضائية العادية ولا ينطبق عليها وصف المنازعات الإدارية، منها على سبيل المثال حكم عدم اختصاص القضاء يإلزام الحكومة بإصدار قانون لحرية تداول المعلومات، الصادر في يناير/كانون الثاني 2013. وفي المقابل، لا يخفي العشاوي أن تقرير هيئة المفوضين المودع في دعواه صدر متضمنًا ذات الاتجاه، ومع إقراره باحتمالية رفض الدعوى أمام محكمة أول درجة بنسبة قد تصل إلى 50%، لكنه لا يعتبر أن ذلك نهاية المطاف بل خطوة ضرورية في إجراءات التقاضي. وأكد أنه يراهن على المحكمة الإدارية العليا التي يرى أن نسبة النجاح أمامها تقترب من 100%، نظرًا لما تتمتع به من كفاءة قانونية ودستورية أعمق وقدرة أكبر، ولثقته التامة في أن امتناع الحكومة عن تقديم مشروع قانون جديد للأحوال الشخصية يمثل "قرارًا إداريًا سلبيًا" مكتمل الأركان، ولا يندرج تحت مبدأ الفصل بين السلطات. وفي السياق، علّق مقيم الدعوى على القرار الوزاري الأخير بحرمان الممتنعين عن النفقة من الخدمات الحكومية، واصفًا إياه بـ"الذبح الإداري" للآباء في ظل غياب توازن الحقوق. وتساءل العشاوي "كيف يتم تغليظ العقوبات الإدارية والمالية على الأب، في وقت يُحرم فيه من حقوقه الإنسانية في استضافة أبنائه؟". واعتبر أن التركيز على الجانب المادي دون حل أزمة "الرؤية" و"الحضانة" يزيد من الاحتقان الاجتماعي ولا يخدم مصلحة المحضون. هوجة إعلامية وضغوط درامية في المقابل، تثير مطالب العشاوي والمتضامنين معه جدلًا واسعًا في الأوساط الحقوقية النسوية، وحسب المحامي بمؤسسة قضايا المرأة المصرية عبد الفتاح يحيى، تصطدم مطالب خفض سن الحضانة بالالتزامات الدستورية والدولية للدولة المصرية، وعلى رأسها اتفاقية حقوق الطفل التي تحدد سن الطفولة بـ18 عامًا. وأوضح يحيى في تصريحات لـ المنصة أن القانون المصري الذي يحدد سن الحضانة بـ15 عامًا يظل الطفل فيها مع والدته، يتسق مع "المصلحة الفضلى للطفل" في تلك المرحلة العمرية، مشددًا على أن تعديل هذه القواعد لا يمكن أن يتم عبر "هوجة إعلامية" أو ضغوط درامية، بل يتطلب تشريعًا مدروسًا يراعي كافة القوانين المتشابكة، مثل قانون الطفل والاتفاقيات الدولية الملزمة. أما مطلب استبدال نظام "الاستضافة" بـ"الرؤية" فأكد يحيى أن المؤسسة لا ترفض الاستضافة في حد ذاتها، لكنها تضع شروطًا صارمة لضمان سلامة المحضون. وشدد على أن الاستضافة يجب أن تقتصر على "الأب الملتزم" الذي يؤدي النفقة المقررة، ولا يستخدم الطفل أداة للتنكيل بالأم أو مساومتها، مثل التلاعب بملفاته التعليمية. وحذر من أن فتح باب الاستضافة دون ضوابط رادعة يهدد بجرائم أخطر مثل "خطف الأطفال" أو الاعتداءات الجسدية، معتبرًا أن دور الدولة الأساسي هو توفير الحماية للمحضون قبل النظر في رغبات الأطراف المتنازعة. ونوه يحيى بوجود عدة مسودات لمشاريع قوانين متوازنة لأحوال الشخصية، مشيرًا إلى أن مؤسسة قضايا المرأة المصرية قدمت ثلاثة مشروعات قوانين للبرلمان في أعوام 2011 و2017 و2021، كما أن اللجنة القضائية التي شكلتها وزارة العدل في 2022 قد انتهت بالفعل من صياغة مشروع قانون يتضمن بنودًا للاستضافة، لكن الدولة لم تقرر طرحه للنور بشكل رسمي بعد. وفيما يخص المسار القضائي، وصف محامي مؤسسة قضايا المرأة الدعوى المطالبة بإلزام الحكومة بتقديم القانون بأنها تدخل في إطار "الزهو الإعلامي" ومحاولة الظهور، مؤكدًا أن القضاء الإداري، وفق استقراره القانوني، لا يملك سلطة الرقابة على تقديم مشروعات القوانين كونها من أعمال السيادة والتشريع. ويربط يحيى تصاعد الاحتجاجات في التوقيت الحالي بتأثير "الدراما الرمضانية"؛ مسلسل "أب ولكن"، معتبرًا إياها حراكًا موسميًا سرعان ما ينتهي بانتهاء الموسم الدرامي، دون أن يغير من الحقائق القانونية والالتزامات الدولية لمصر تجاه حقوق الطفل والمرأة. في السياق، قررت محكمة القضاء الإداري، تأجيل نظر الدعوى لجلسة 18 أبريل/نيسان المقبل، لإثبات تدخل المنضمين الجدد للدعوى، حسب العشاوي، الذي لا يزال يبني أملًا على أن تسهم دعواه حتى ولو جرى رفضها في تحريك المياه الراكدة ودفع الحكومة لحسم المطالب. | AE40: https://manassa.news/news/30838
A41: 39 | B41: 46097 | C41: مارس | D41: الغربية | E41: إقليم الدلتا | F41: سمنود | G41: شركة وبريات سمنود | H41: احتجاجات/إضراب عمال وبريات سمنود | I41: اضراب مفتوح عن العمل | J41: إضراب عن العمل | K41: احتجاجاً علي استمرار تعنت الإدارة في صرف باقي أجور شهر فبراير وذلك في وقت تتجه فيه الدولة الي تبكير صرف رواتب شهر مارس للعاملين بمناسبة عيد الفطر | L41: مطالب اقتصادية | M41: عمال وبريات سمنود | N41: قطاع خاص وباليومية | O41: لم يحدد | P41: وبريات سمنود | R41: 0 | AD41: ضراب مفتوح لعمال "وبريات سمنود".. والمفوضية المصرية تطالب بإنقاذهم من التجويع قبل العيد وترفض محاصرتهم أمنيًا بدلًا من صرف أجورهم المتأخرة - تتابع المفوضية المصرية للحقوق والحريات بقلق بالغ دخول عمال شركة وبريات سمنود للملابس والنسيج في إضراب مفتوح عن العمل منذ أمس، احتجاجًا على استمرار تعنت الإدارة في صرف باقي أجور شهر فبراير، وذلك في وقت تتجه فيه الدولة إلى تبكير صرف رواتب شهر مارس للعاملين بها بمناسبة عيد الفطر. وتؤكد المفوضية أن ما يجري يترك العمال وأسرهم في مواجهة العيد بلا أجر، ويضعهم تحت وطأة احتياجات معيشية ملحة دون أي حماية، بالتوازي مع محاصرتهم بالتهديدات الأمنية، في إصرار واضح على إدارة الأزمة بالترهيب بدلًا من الاستجابة لمطالبهم العادلة والمشروعة. وترى المفوضية أن الأزمة الحالية تمثل مأساة إنسانية وانتهاكًا مركبًا وممنهجًا للحقوق الاقتصادية والاجتماعية. فقد تدرجت الإدارة في التلاعب بأجور العمال خلال الأشهر الماضية، بدءًا من تأجيل 20% من الأجر، وصولًا إلى صرف 2800 جنيه فقط في الراتب الأخير من أصل أجر لا يتجاوز 6100 جنيه لعمال أمضوا أكثر من عشرين عامًا في الخدمة، مع إعلان تأجيل صرف باقي المستحقات إلى ما بعد العيد، وهو ما يدفع بمئات الأسر فعليًا إلى ما دون خط الفقر، ويعجزها عن توفير أبسط متطلبات الغذاء والدواء. وبحسب ما وثقته المفوضية مع العمال، فإن الانتهاكات لا تتوقف عند حدود الأجور، بل تمتد إلى تهديد مباشر للحق في الصحة والحياة، إذ امتنعت هيئة التأمين الصحي عن تجديد البطاقات التأمينية وتقديم خدمات العلاج لنحو 500 عامل، على خلفية تراكم مديونيات على الشركة. وتؤكد المفوضية أن خصم حصة التأمينات من أجور العمال دون توريدها إلى الهيئة المختصة يشكل اعتداءً صريحًا على الأجر والحق التأميني، ولا يجوز أن يعاقَب العمال بحرمانهم من العلاج نتيجة إخفاق الإدارة في الوفاء بالتزاماتها القانونية. ويأتي هذا الحرمان في ظل توثيق المفوضية لحالات إنسانية حرجة بين العمال، من بينها عاملة تحتاج إلى إجراء قسطرة علاجية بالمخ بتكلفة تُقدّر بنحو 250 ألف جنيه، فضلًا عن انتشار الأمراض المزمنة التي لا تحتمل تأجيل العلاج أو انقطاعه. وتؤكد المفوضية المصرية للحقوق والحريات أن محاصرة مقر الشركة اليوم بسيارة أمن، في سياق ما رافق الإضراب من تهديدات، لا يمكن اعتبارها واقعة عابرة أو إجراءً استثنائيًا، بل تأتي ضمن نمط ثابت من السياسات التي دأبت الشركة على توظيفها في مواجهة المطالب العمالية المشروعة. وهو النهج الذي سبق للمفوضية رصده وتوثيقه خلال إضراب أغسطس 2024 للمطالبة بتطبيق الحد الأدنى للأجور، وإلقاء القبض على عدد من العمال، إلى جانب ما تلاها من إجراءات فصل تعسفي وإيقاف استهدفت القيادي العمالي هشام البنا، الذي حصل مؤخرًا على حكم بالتعويض. وترى المفوضية أن استمرار هذه الممارسات يؤكد استخدام الأدوات الأمنية والإدارية كوسيلة ضغط وترهيب لمنع العمال من أي تحرك جماعي للمطالبة بحقوقهم. وتلفت المفوضية إلى أن الإدارة، رغم كل ما يتعرض له العمال من تأخير للأجور، وانتقاص منها، وحرمان من العلاج، وتهديدات أمنية، ما زالت تلوح بنيتها زيادة ساعات العمل اليومية من سبع ساعات إلى ثماني ساعات، وهو مايمثل مساسًا بحق مكتسب استقر عليه نظام العمل داخل الشركة لسنوات، ومحاولة لانتزاع ميزة مستقرة من العمال بقرار أحادي، في توقيت يكشف إصرار الإدارة على تحميلهم كلفة الأزمة بدلًا من الوفاء بالتزاماتها القانونية تجاههم. وتشدد المفوضية على أن هيكل الملكية في شركة وبريات سمنود لا يفسر الانتهاكات الجارية بقدر ما يضاعف مسؤولية الدولة عن وقفها، فبينما تعامل الشركة بوصفها تابعة للقطاع الخاص، تظل الحصة الحاكمة فيها بيد جهات عامة، في مقدمتها بنك الاستثمار القومي والهيئة القومية للتأمينات الاجتماعية، بما يضع وزارة التخطيط والتنمية الاقتصادية بحكم رئاستها لبنك الاستثمار القومي، في موقع لا يسمح بالاكتفاء بالمراقبة من بعيد. ترى المفوضية أن هذا التشابك في الملكية يفرض على الوزارة تدخلًا مباشرًا لضمان احترام حقوق العمال الأساسية، لا سيما الحق في الأجر المنتظم، والتأمين، والعلاج، بدلًا من تركهم تحت وطأة انتهاكات متواصلة في شركة تملك الدولة النفوذ الحاكم داخلها. بناءً على ما سبق، تطالب المفوضية المصرية للحقوق والحريات بما يلي: 1- الوقف الفوري لكافة أشكال التهديد والتواجد الأمني داخل الشركة ومحيطها، وضمان عدم التعرض للعمال بسبب ممارستهم حقهم الدستوري في الاحتجاج السلمي. 2- إلزام إدارة الشركة بصرف الأجور كاملة، وصرف متأخرات شهر فبراير فورًا وفي مواعيدها القانونية دون تأجيل أو تجزئة، قبل حلول إجازة العيد. 3-التجديد الفوري وغير المشروط للبطاقات التأمينية لجميع العاملين، مع إلزام إدارة الشركة بسداد المديونيات المتأخرة، ومحاسبتها قانونيًا على خصم حصة العامل دون توريدها. 4- التطبيق الفعلي لقرارات المجلس القومي للأجور بشأن الحد الأدنى للأجور على جميع العاملين بالشركة، ووقف أي قرارات أحادية تمس الحقوق المكتسبة للعمال، وعلى رأسها زيادة ساعات العمل. 5- تدخل وزير التخطيط والتنمية الاقتصادية ورئيس مجلس إدارة بنك الاستثمار القومي، لتحمل المسؤولية السياسية والإدارية تجاه الانتهاكات الجارية في شركة تملك الدولة حصتها الحاكمة. | AE41: https://www.facebook.com/ecrf.net/posts/pfbid0LtRDs7ybKpKrYCpAF6xb2wjuskBW9WgvtXZYyWWrsBvYJYk9f4UfhLv3viB6iRUtl?rdid=5aTBDVFBjjNmDGPi# | AF41: https://www.madamasr.com/2026/03/17/news/%d8%b3%d9%8a%d8%a7%d8%b3%d8%a9/%d8%a5%d8%b6%d8%b1%d8%a7%d8%a8-%d8%b9%d9%85%d8%a7%d9%84-%d9%88%d8%a8%d8%b1%d9%8a%d8%a7%d8%aa-%d8%b3%d9%85%d9%86%d9%88%d8%af-%d8%a7%d8%ad%d8%aa%d8%ac%d8%a7%d8%ac%d9%8b%d8%a7-%d8%b9%d9%84/
A42: 40 | B42: 46098 | C42: مارس | D42: الغربية | E42: إقليم الدلتا | F42: سمنود | G42: شركة وبريات سمنود | H42: احتجاجات/إضراب عمال وبريات سمنود | I42: اضراب مفتوح عن العمل | J42: إضراب عن العمل | K42: استمرار تعنت الإدارة في صرف باقي أجور شهر فبراير | L42: مطالب اقتصادية | M42: عمال وبريات سمنود | N42: قطاع خاص وباليومية | O42: لم يحدد | P42: وبريات سمنود | R42: 0 | AD42: ضراب مفتوح لعمال "وبريات سمنود".. والمفوضية المصرية تطالب بإنقاذهم من التجويع قبل العيد وترفض محاصرتهم أمنيًا بدلًا من صرف أجورهم المتأخرة - تتابع المفوضية المصرية للحقوق والحريات بقلق بالغ دخول عمال شركة وبريات سمنود للملابس والنسيج في إضراب مفتوح عن العمل منذ أمس، احتجاجًا على استمرار تعنت الإدارة في صرف باقي أجور شهر فبراير، وذلك في وقت تتجه فيه الدولة إلى تبكير صرف رواتب شهر مارس للعاملين بها بمناسبة عيد الفطر. وتؤكد المفوضية أن ما يجري يترك العمال وأسرهم في مواجهة العيد بلا أجر، ويضعهم تحت وطأة احتياجات معيشية ملحة دون أي حماية، بالتوازي مع محاصرتهم بالتهديدات الأمنية، في إصرار واضح على إدارة الأزمة بالترهيب بدلًا من الاستجابة لمطالبهم العادلة والمشروعة. وترى المفوضية أن الأزمة الحالية تمثل مأساة إنسانية وانتهاكًا مركبًا وممنهجًا للحقوق الاقتصادية والاجتماعية. فقد تدرجت الإدارة في التلاعب بأجور العمال خلال الأشهر الماضية، بدءًا من تأجيل 20% من الأجر، وصولًا إلى صرف 2800 جنيه فقط في الراتب الأخير من أصل أجر لا يتجاوز 6100 جنيه لعمال أمضوا أكثر من عشرين عامًا في الخدمة، مع إعلان تأجيل صرف باقي المستحقات إلى ما بعد العيد، وهو ما يدفع بمئات الأسر فعليًا إلى ما دون خط الفقر، ويعجزها عن توفير أبسط متطلبات الغذاء والدواء. وبحسب ما وثقته المفوضية مع العمال، فإن الانتهاكات لا تتوقف عند حدود الأجور، بل تمتد إلى تهديد مباشر للحق في الصحة والحياة، إذ امتنعت هيئة التأمين الصحي عن تجديد البطاقات التأمينية وتقديم خدمات العلاج لنحو 500 عامل، على خلفية تراكم مديونيات على الشركة. وتؤكد المفوضية أن خصم حصة التأمينات من أجور العمال دون توريدها إلى الهيئة المختصة يشكل اعتداءً صريحًا على الأجر والحق التأميني، ولا يجوز أن يعاقَب العمال بحرمانهم من العلاج نتيجة إخفاق الإدارة في الوفاء بالتزاماتها القانونية. ويأتي هذا الحرمان في ظل توثيق المفوضية لحالات إنسانية حرجة بين العمال، من بينها عاملة تحتاج إلى إجراء قسطرة علاجية بالمخ بتكلفة تُقدّر بنحو 250 ألف جنيه، فضلًا عن انتشار الأمراض المزمنة التي لا تحتمل تأجيل العلاج أو انقطاعه. وتؤكد المفوضية المصرية للحقوق والحريات أن محاصرة مقر الشركة اليوم بسيارة أمن، في سياق ما رافق الإضراب من تهديدات، لا يمكن اعتبارها واقعة عابرة أو إجراءً استثنائيًا، بل تأتي ضمن نمط ثابت من السياسات التي دأبت الشركة على توظيفها في مواجهة المطالب العمالية المشروعة. وهو النهج الذي سبق للمفوضية رصده وتوثيقه خلال إضراب أغسطس 2024 للمطالبة بتطبيق الحد الأدنى للأجور، وإلقاء القبض على عدد من العمال، إلى جانب ما تلاها من إجراءات فصل تعسفي وإيقاف استهدفت القيادي العمالي هشام البنا، الذي حصل مؤخرًا على حكم بالتعويض. وترى المفوضية أن استمرار هذه الممارسات يؤكد استخدام الأدوات الأمنية والإدارية كوسيلة ضغط وترهيب لمنع العمال من أي تحرك جماعي للمطالبة بحقوقهم. وتلفت المفوضية إلى أن الإدارة، رغم كل ما يتعرض له العمال من تأخير للأجور، وانتقاص منها، وحرمان من العلاج، وتهديدات أمنية، ما زالت تلوح بنيتها زيادة ساعات العمل اليومية من سبع ساعات إلى ثماني ساعات، وهو مايمثل مساسًا بحق مكتسب استقر عليه نظام العمل داخل الشركة لسنوات، ومحاولة لانتزاع ميزة مستقرة من العمال بقرار أحادي، في توقيت يكشف إصرار الإدارة على تحميلهم كلفة الأزمة بدلًا من الوفاء بالتزاماتها القانونية تجاههم. وتشدد المفوضية على أن هيكل الملكية في شركة وبريات سمنود لا يفسر الانتهاكات الجارية بقدر ما يضاعف مسؤولية الدولة عن وقفها، فبينما تعامل الشركة بوصفها تابعة للقطاع الخاص، تظل الحصة الحاكمة فيها بيد جهات عامة، في مقدمتها بنك الاستثمار القومي والهيئة القومية للتأمينات الاجتماعية، بما يضع وزارة التخطيط والتنمية الاقتصادية بحكم رئاستها لبنك الاستثمار القومي، في موقع لا يسمح بالاكتفاء بالمراقبة من بعيد. ترى المفوضية أن هذا التشابك في الملكية يفرض على الوزارة تدخلًا مباشرًا لضمان احترام حقوق العمال الأساسية، لا سيما الحق في الأجر المنتظم، والتأمين، والعلاج، بدلًا من تركهم تحت وطأة انتهاكات متواصلة في شركة تملك الدولة النفوذ الحاكم داخلها. بناءً على ما سبق، تطالب المفوضية المصرية للحقوق والحريات بما يلي: 1- الوقف الفوري لكافة أشكال التهديد والتواجد الأمني داخل الشركة ومحيطها، وضمان عدم التعرض للعمال بسبب ممارستهم حقهم الدستوري في الاحتجاج السلمي. 2- إلزام إدارة الشركة بصرف الأجور كاملة، وصرف متأخرات شهر فبراير فورًا وفي مواعيدها القانونية دون تأجيل أو تجزئة، قبل حلول إجازة العيد. 3-التجديد الفوري وغير المشروط للبطاقات التأمينية لجميع العاملين، مع إلزام إدارة الشركة بسداد المديونيات المتأخرة، ومحاسبتها قانونيًا على خصم حصة العامل دون توريدها. 4- التطبيق الفعلي لقرارات المجلس القومي للأجور بشأن الحد الأدنى للأجور على جميع العاملين بالشركة، ووقف أي قرارات أحادية تمس الحقوق المكتسبة للعمال، وعلى رأسها زيادة ساعات العمل. 5- تدخل وزير التخطيط والتنمية الاقتصادية ورئيس مجلس إدارة بنك الاستثمار القومي، لتحمل المسؤولية السياسية والإدارية تجاه الانتهاكات الجارية في شركة تملك الدولة حصتها الحاكمة. | AE42: https://www.facebook.com/ecrf.net/posts/pfbid0LtRDs7ybKpKrYCpAF6xb2wjuskBW9WgvtXZYyWWrsBvYJYk9f4UfhLv3viB6iRUtl?rdid=5aTBDVFBjjNmDGPi# | AF42: https://www.madamasr.com/2026/03/17/news/%d8%b3%d9%8a%d8%a7%d8%b3%d8%a9/%d8%a5%d8%b6%d8%b1%d8%a7%d8%a8-%d8%b9%d9%85%d8%a7%d9%84-%d9%88%d8%a8%d8%b1%d9%8a%d8%a7%d8%aa-%d8%b3%d9%85%d9%86%d9%88%d8%af-%d8%a7%d8%ad%d8%aa%d8%ac%d8%a7%d8%ac%d9%8b%d8%a7-%d8%b9%d9%84/
A43: 41 | B43: 46099 | C43: مارس | D43: الغربية | E43: إقليم الدلتا | F43: سمنود | G43: شركة وبريات سمنود | H43: احتجاجات/إضراب عمال وبريات سمنود | I43: اضراب مفتوح عن العمل | J43: إضراب عن العمل | K43: استمرار تعنت الإدارة في صرف باقي أجور شهر فبراير | L43: مطالب اقتصادية | M43: عمال وبريات سمنود | N43: قطاع خاص وباليومية | O43: لم يحدد | P43: وبريات سمنود | R43: 0 | AD43: بعد صرف راتب فبراير كاملًا.. عمال "وبريات سمنود" ينهون إضرابهم أخبار وتقارير_ أحمد خليفة منشور الأربعاء 18 آذار/مارس 2026 شارك Also available in English أنهى عمال وعاملات شركة وبريات سمنود بمحافظة الغربية، اليوم الأربعاء، إضرابهم عن العمل؛ بعد صرف راتب شهر فبراير/شباط الماضي كاملًا، وفق عاملتين تحدثتا لـ المنصة. والأسبوع الماضي، نظم عاملات قسم الملابس في شركة وبريات سمنود، احتجاجات شملت وقفات احتجاجية وإضراب جزئي، حيث أوقفن العمل بالقسم لمدد تتراوح بين ساعة وثلاث ساعات على مدار ثلاثة أيام متتالية، رفضًا لتأخر صرف الرواتب، وتقسيمها على دفعات خلال الشهر، وللمطالبة بعودة خدمات التأمين الصحي التي توقفت منذ يناير/كانون الثاني الماضي. كما كان من بين أسباب الإضراب أن العمال علموا أن الشركة تنوي إجراء تغيير نظام العمل المتبع منذ سنوات ليصبح 8 ساعات غير شاملة أوقات الراحة، بدلًا من 7 ساعات. وقالت إحدى العاملات لـ المنصة، إن الاحتجاجات تطورت بإعلان عمال قسم النسيج أول أمس الاثنين، الدخول في إضراب مفتوح، بعد تجاهل الإدارة لمطلبهم بصرف المتبقي من راتب فبراير، خاصة مع حلول عيد الفطر وعجزهم عن توفير احتياجات أسرهم، قبل أن ينضم لهم أمس عمال وعاملات قسمي الملابس والفحص، فيما كانت سيارات الأمن المركزي تتمركز أمام بوابات الشركة، مع تواجد عناصر من الأمن الوطني داخل الأقسام. وأضافت العاملة التي طلبت عدم نشر اسمها "لحد النهاردا معرفتش أجيب لابني لبس العيد، ولا عملت كحك زي بقية الناس، كأننا بنشحت منهم، مش بنطالب بحقنا". وفي وقت سابق قال عمال لـ المنصة إن الإدارة اعتادت منذ حوالي أربعة أشهر على صرف الراتب على ثلاث دفعات، ما يبدد رواتب العمال الذين أصبحوا غير قادرين على الوفاء بالتزامات أسرهم، وأنهم حتى بدء الاحتجاجات الأسبوع الماضي لم يتقاضوا سوى نصف راتب فبراير، ما وضعهم في أزمة خلال شهر رمضان واقتراب عيد الفطر. وأوضحت عاملة ثانية، طلبت عدم نشر اسمها، إن الإدارة أُجبرت مع تصعيد العمال على صرف 1300 جنيه، من راتب فبراير، أمس، ثم قامت اليوم بصرف باقي الراتب كاملًا، حيث قرر العمال بعدها إنهاء إضرابهم. وأضافت العاملة الثانية لـ المنصة، أن مسؤولين من مكتب العمل التقوا إدارة الشركة أمس، وأبلغوا العمال تعهد الإدارة بحل مشكلة وقف خدمات التأمين الصحي بعد عيد الفطر. وحرم أكثر من 600 عامل، أغلبهم من النساء، من الخدمات الطبية والعلاجية منذ ثلاثة أشهر، بينهم عدد كبير من ذوي الأمراض المزمنة مثل السكري والضغط والربو، بتوقف صرف علاجهم الشهري بالكامل، بسبب المديونية المتراكمة على الشركة لصالح الهيئة العامة للتأمينات، رغم انتظام خصم حصة التأمينات من رواتب العاملين،ما حمّل العمال أعباءً مالية تفوق قدرتهم، حسبما قال عمال لـ المنصة في وقت سابق. وتعرض عمال الشركة لعدة انتهاكات خلال الأعوام الماضية، كان آخرها في أبريل/نيسان الماضي عندما طبقت الشركة الحد الأدنى للأجور على موظفي الإدارة ومشرفي الأقسام فقط، ما أثار غضب العمال قبل تعميمه لاحقًا رغم احتساب البدلات والإضافي كجزء من الحد الأدنى، بحسب عاملين تحدثوا لـ المنصة وقتها. وفي 18 أغسطس/آب الماضي، دخل عمال وبريات سمنود في إضراب عن العمل، استمر 35 يومًا للمطالبة بتطبيق الحد الأدنى للأجور، قبل أن يضطروا لإنهائه تحت التهديد بالفصل والحبس. وألقي القبض في 25 أغسطس الماضي على 10 عمال، بينهم القيادي العمالي هشام البنا، واتهمتهم النيابة بـ"التحريض على الإضراب والتجمهر وقلب نظام الحكم"، وقررت في 28 من الشهر نفسه حبسهم 15 يومًا على ذمة القضية 7648 لسنة 2024 إداري سمنود. ومطلع سبتمبر/أيلول الماضي، قررت محكمة مستأنف المحلة إخلاء سبيل 7 منهم، واستمرار حبس البنا، الذي أخلت نيابة طنطا الكلية سبيله في التاسع من الشهر نفسه، بشكل مفاجئ قبل موعد تجديد حبسه بيومين، ليتعرض البنا بعدها للفصل التعسفي من قبل إدارة الشركة. وتأسست شركة سمنود للنسيج والوبريات عام 1974 بمحافظة الغربية، وكانت تتبَع منذ نشأتها شركة مصر للغزل والنسيج بالمحلة، وكانت أسهمها موزعة بين عدد من الهيئات مثل مصر للتأمين وهيئة التأمينات الاجتماعية وهيئة الأوقاف المصرية، لكن النسبة الأكبر الآن يمتلكها بنك الاستثمار العربي، ونجح المساهمون في 2015 في تسجيل الشركة وفقًا لقانون الاستثمار، لتتحول من شركة تابعة لقطاع الأعمال العام إلى شركة قطاع خاص. | AE43: https://manassa.news/news/30912
A44: 42 | B44: 46110 | C44: مارس | D44: الفيوم | E44: إقليم شمال الصعيد | F44: كوم أوشيم | G44: شركة سيراميكا إينوفا (الفراعنة سابقاً) | H44: احتجاجات عمال سيراميكا إينوفا | I44: إضراب عن العمل | J44: إضراب عن العمل | K44: احتجاجاً علي تدني قيمة العلاوة السنوية التي أقرتها إدارة الشركة والتي تراوحت بين 200 و 1000 جنيه فقط | L44: مطالب اقتصادية | M44: عمال سيراميكا إينوفا | N44: قطاع خاص وباليومية | O44: 2000 | P44: إدراة شركة سيراميكا إينوفا (الفراعنة سابقاً) | R44: 0 | AD44: لم ترفع المرتبات للحد الأدنى.. "علاوة محدودة" تُجدد إضراب عمال سيراميكا إينوفا أخبار وتقارير_ أحمد خليفة منشور الاثنين 30 آذار/مارس 2026 شارك واصل عمال شركة سيراميكا إينوفا (الفراعنة سابقًا) بالمنطقة الصناعية في كوم أوشيم بمحافظة الفيوم إضرابهم عن العمل الذي بدأوه أمس الأحد، احتجاجًا على تدني قيمة العلاوة السنوية التي أقرتها إدارة الشركة، والتي تراوحت بين 200 و1000 جنيه فقط، بحسب ثلاثة عمال تحدثوا لـ المنصة. وقال العمال الذين طلبوا عدم نشر أسمائهم، إن غالبية الرواتب لا تزال دون الحد الأدنى السابق للأجور البالغ 6000 جنيه، ما زاد من حدة الغضب داخل المصنع، ودفعهم إلى الاستمرار في الإضراب الذي بدأوه في الوردية الثانية أمس الأحد. وأشار العمال إلى أن إدارة الشركة امتنعت صباح اليوم عن إرسال سيارات نقل العاملين من مراكز محافظة الفيوم إلى مقر المصنع؛ في محاولة لكسر الإضراب، لكن العمال توجهوا إلى العمل بسيارات أجرة على نفقتهم الخاصة. وقال أحد العمال الثلاثة لـ المنصة إنهم كانوا ينتظرون صدور القرار بالعلاوة السنوية منذ بداية العام متوقعين أن تساهم في تعديل رواتبهم المتدنية، لكنهم فوجئوا أمس بصدور القرار بعلاوة تتراوح بين 200 و1000 جنيه فقط، ما أثار غضب شديد بين العمال فقرروا الدخول في إضراب عن العمل. أحد العمال لـ المنصة قرار العلاوة السنوية لعمال سيراميكا إينوفا وأضاف العامل "القرار اللي صدر عن مجلس الإدارة امبارح بيقول إن بعض مصانع الشركة محققتش المستهدف 25 ألف متر سيراميك يوميًا، ونظرًا للظروف الاجتماعية وارتفاع السلع والخدمات فالزيادة 200 جنيه للمرتبات المرتفعة تصل لـ1000 جنيه للمرتبات الصغيرة، هو كده مراعيين ارتفاع الأسعار؟ أمال لو مش مراعيين كانوا ادولنا كام؟ ثم إحنا عندنا أصلًا مرتبات مرتفعة؟ ده أنا بقالي 25 سنة في الشركة مرتبي 5700 جنيه". وقال عامل ثانٍ إن القرار به "كذب صريح وتضليل"، حيث أن أغلب المصانع حققت المستهدف، والمصانع التي لم تحقق كان بسبب أنها لا تعمل بكامل طاقتها أو لنقص الخامات أي أنه ليس بسبب تكاسل العمال أو تقصيرهم في عملهم، متسائلًا "يعني إيه أساسًا تحطلي تارجت علشان أخد مرتبي، أو علشان توصلني للحد الأدنى؟". وأشار العامل الثاني أن إدارة الشركة مقسمة بين مالك الشركة محمد فوزي وأبنائه، ورجل الأعمال أحمد عصام الذي استأجر أكثر من نصف مصانع الشركة في يوليو/تموز الماضي، من فوزي، وأن العمال تلقوا وعودًا كثيرة من المستأجر بتعديل الرواتب، لكن ذلك لم يحدث كما استمرت سياسة تأخير الرواتب وصرفها على شرائح. وقال عامل ثالث إن العمال المضربين يطالبون بزيادة لا تقل عن 2000 جنيه بحيث لا تقل الأجور عن الحد الأدنى المقرر بـ7000 جنيه، وصرف الراتب دفعة واحدة بحد أقصى يوم 5 من كل شهر، إضافة إلى عودة خدمات التأمين الصحي المتوقفة منذ ما يقرب من 10 أشهر. وأوقفت هيئة التأمين الصحي بالفيوم، في يوليو 2025، الخدمات الطبية والعلاجية لنحو 2000 عامل بالشركة، بينهم مصابون بأمراض مزمنة يصرفون علاجًا شهريًا، ومرضى أورام يحتاجون إلى جلسات علاج كيماوي، وذلك بسبب امتناع صاحب الشركة عن دفع الاشتراكات وتراكم مديونية عليها بنحو 80 مليون جنيه لصالح الهيئة العامة للتأمينات. ووفق شهادات أدلى بها العمال في وقت سابق، واليوم، لـ المنصة، فإن العمال من أصحاب الأمراض المزمنة يضطرون لشراء أدوية على نفقتهم الخاصة تتخطى أحيانًا الـ1000 جنيه، ما ضاعف العبء عليهم في ظل ارتفاع الأسعار المتواصل وتدني رواتبهم وتأخر صرفها. وفي أكتوبر/تشرين الأول الماضي دخل عمال إينوفا في إضراب عن العمل للمطالبة بتطبيق الحد الأدنى للأجور (7 آلاف جنيه)، استمر 5 أيام قبل أن تتمكن الإدارة من كسره، وذلك بعدما شغلت خطوط الإنتاج مستعينة بعشرات من العمالة اليومية واستدعاء عاملات كن في إجازة إجبارية منذ مطلع العام 2025. وفي الفترة من يناير/كانون الثاني حتى مارس/آذار 2025، أجبرت إدارة إينوفا المئات من العمال بينهم 57 امرأة هن كل العاملات بالشركة، بالإضافة إلى 130 من ذوي الإعاقة ضمن نسبة الـ5%، على الدخول في إجازة إجبارية يتقاضون خلالها الراتب الأساسي فقط، الذي لا يزيد عن ثلث الراتب الشامل الذي كانوا يتقاضونه قبل الإجازة، وفصلت من رفضوا القرار. وكان مالك مجموعة إينوفا امتنع مع بداية 2025 عن دفع أجور العمال وشكا من عدم قدرته على دفع الرواتب البالغة نحو 12 مليونًا بسبب تعثر الشركة والديون المتراكمة عليها، فـتكفل "صندوق إعانات الطوارئ للعمال" التابع لوزارة العمل، بدفع 4 ملايين جنيه شهريًا من أجور العمال على أن تتحمل الشركة الـ8 ملايين الأخرى. لكن الأزمة لم تنتهِ حيث استمر فوزي في سياسية تسريح العمال وتأخير الجزء الملزم بدفعه من الرواتب، كما تراكمت ديون على الشركة لصالح شركة الغاز تقدر بنحو مليار جنيه، قطعت بسببه الغاز عن إينوفا، ما دفع فوزي لتأجير 3 مصانع، فيما بقيت 3 أخرى تحت إدارته، فيما توقفت مساهمة "صندوق إعانات الطوارئ للعمال" بعد تأجير عدد من مصانع الشركة لرجل الأعمال أحمد عصام. وفي 10 يونيو/حزيران الماضي 2025، دخل عمال إينوفا في إضراب عن العمل احتجاجًا على تأخر صرف راتب شهري أبريل/نيسان ومايو/أيار الماضيين والمطالبة بإقرار زيادة سنوية لا تقل عن 1200 جنيه وتطبيق الحد الأدنى للأجور بواقع 7 آلاف جنيه، لكنهم اضطروا لإنهائه بعد عشرة أيام تحت ضغط الحاجة، بعد تحويل راتب شهر أبريل إلى حسابات العمال البنكية. وفي 22 يناير 2025 دخل عمال إينوفا في إضراب عن العمل للمطالبة بصرف راتب شهر ديسمبر/كانون الأول 2024، وتطبيق الحد الأدنى للأجور القديم 6 آلاف جنيه حيث لا يتخطى متوسط رواتبهم 5 آلاف جنيه، وبعد بدء صرف نسبة من راتب ديسمبر المتأخر، قرر العمال إنهاء إضرابهم في 29 يناير الماضي، لكن مالك الشركة أبلغ 57 عاملة في اليوم التالي بمنحهن إجازة إجبارية من 4 لـ6 أشهر مقابل تقاضي الأساسي فقط. وتأسست شركة مجموعة الفراعنة لإنتاج السيراميك والبورسلين والأدوات الصحية نهاية الثمانينيات، وضمت في البداية شركاء أجانب إلى جانب مؤسسها رجل الأعمال محمد فوزي، قبل أن يستحوذ فوزي على كامل أسهمها. ولعمال شركة سيراميكا الفراعنة تاريخ كبير من الاحتجاجات والإضرابات، بدأت في 2009، لكن وتيرتها ارتفعت في أعقاب ثورة 25 يناير. | AE44: https://manassa.news/news/31076 | AF44: https://www.madamasr.com/2026/03/30/news/u/%d8%a5%d8%b6%d8%b1%d8%a7%d8%a8-%d8%b9%d9%85%d8%a7%d9%84-%d8%b3%d9%8a%d8%b1%d8%a7%d9%85%d9%8a%d9%83%d8%a7-%d8%a5%d9%8a%d9%86%d9%88%d9%81%d8%a7-%d8%a7%d8%ad%d8%aa%d8%ac%d8%a7%d8%ac%d9%8b/
A45: 43 | B45: 46111 | C45: مارس | D45: الفيوم | E45: إقليم شمال الصعيد | F45: كوم أوشيم | G45: شركة سيراميكا إينوفا (الفراعنة سابقاً) | H45: احتجاجات عمال سيراميكا إينوفا | I45: إضراب عن العمل | J45: إضراب عن العمل | K45: احتجاجاً علي تدني قيمة العلاوة السنوية التي أقرتها إدارة الشركة والتي تراوحت بين 200 و 1000 جنيه فقط | L45: مطالب اقتصادية | M45: عمال سيراميكا إينوفا | N45: قطاع خاص وباليومية | O45: 2000 | P45: إدراة شركة سيراميكا إينوفا (الفراعنة سابقاً) | Q45: امتنعت الشركة عن إرسال سيارات نقل العاملين من مراكز محافظة الفيوم الي مقر المنصع في محالة لكسر الإضراب | R45: 1 | S45: إدراة شركة سيراميكا إينوفا (الفراعنة سابقاً) | AD45: لم ترفع المرتبات للحد الأدنى.. "علاوة محدودة" تُجدد إضراب عمال سيراميكا إينوفا أخبار وتقارير_ أحمد خليفة منشور الاثنين 30 آذار/مارس 2026 شارك واصل عمال شركة سيراميكا إينوفا (الفراعنة سابقًا) بالمنطقة الصناعية في كوم أوشيم بمحافظة الفيوم إضرابهم عن العمل الذي بدأوه أمس الأحد، احتجاجًا على تدني قيمة العلاوة السنوية التي أقرتها إدارة الشركة، والتي تراوحت بين 200 و1000 جنيه فقط، بحسب ثلاثة عمال تحدثوا لـ المنصة. وقال العمال الذين طلبوا عدم نشر أسمائهم، إن غالبية الرواتب لا تزال دون الحد الأدنى السابق للأجور البالغ 6000 جنيه، ما زاد من حدة الغضب داخل المصنع، ودفعهم إلى الاستمرار في الإضراب الذي بدأوه في الوردية الثانية أمس الأحد. وأشار العمال إلى أن إدارة الشركة امتنعت صباح اليوم عن إرسال سيارات نقل العاملين من مراكز محافظة الفيوم إلى مقر المصنع؛ في محاولة لكسر الإضراب، لكن العمال توجهوا إلى العمل بسيارات أجرة على نفقتهم الخاصة. وقال أحد العمال الثلاثة لـ المنصة إنهم كانوا ينتظرون صدور القرار بالعلاوة السنوية منذ بداية العام متوقعين أن تساهم في تعديل رواتبهم المتدنية، لكنهم فوجئوا أمس بصدور القرار بعلاوة تتراوح بين 200 و1000 جنيه فقط، ما أثار غضب شديد بين العمال فقرروا الدخول في إضراب عن العمل. أحد العمال لـ المنصة قرار العلاوة السنوية لعمال سيراميكا إينوفا وأضاف العامل "القرار اللي صدر عن مجلس الإدارة امبارح بيقول إن بعض مصانع الشركة محققتش المستهدف 25 ألف متر سيراميك يوميًا، ونظرًا للظروف الاجتماعية وارتفاع السلع والخدمات فالزيادة 200 جنيه للمرتبات المرتفعة تصل لـ1000 جنيه للمرتبات الصغيرة، هو كده مراعيين ارتفاع الأسعار؟ أمال لو مش مراعيين كانوا ادولنا كام؟ ثم إحنا عندنا أصلًا مرتبات مرتفعة؟ ده أنا بقالي 25 سنة في الشركة مرتبي 5700 جنيه". وقال عامل ثانٍ إن القرار به "كذب صريح وتضليل"، حيث أن أغلب المصانع حققت المستهدف، والمصانع التي لم تحقق كان بسبب أنها لا تعمل بكامل طاقتها أو لنقص الخامات أي أنه ليس بسبب تكاسل العمال أو تقصيرهم في عملهم، متسائلًا "يعني إيه أساسًا تحطلي تارجت علشان أخد مرتبي، أو علشان توصلني للحد الأدنى؟". وأشار العامل الثاني أن إدارة الشركة مقسمة بين مالك الشركة محمد فوزي وأبنائه، ورجل الأعمال أحمد عصام الذي استأجر أكثر من نصف مصانع الشركة في يوليو/تموز الماضي، من فوزي، وأن العمال تلقوا وعودًا كثيرة من المستأجر بتعديل الرواتب، لكن ذلك لم يحدث كما استمرت سياسة تأخير الرواتب وصرفها على شرائح. وقال عامل ثالث إن العمال المضربين يطالبون بزيادة لا تقل عن 2000 جنيه بحيث لا تقل الأجور عن الحد الأدنى المقرر بـ7000 جنيه، وصرف الراتب دفعة واحدة بحد أقصى يوم 5 من كل شهر، إضافة إلى عودة خدمات التأمين الصحي المتوقفة منذ ما يقرب من 10 أشهر. وأوقفت هيئة التأمين الصحي بالفيوم، في يوليو 2025، الخدمات الطبية والعلاجية لنحو 2000 عامل بالشركة، بينهم مصابون بأمراض مزمنة يصرفون علاجًا شهريًا، ومرضى أورام يحتاجون إلى جلسات علاج كيماوي، وذلك بسبب امتناع صاحب الشركة عن دفع الاشتراكات وتراكم مديونية عليها بنحو 80 مليون جنيه لصالح الهيئة العامة للتأمينات. ووفق شهادات أدلى بها العمال في وقت سابق، واليوم، لـ المنصة، فإن العمال من أصحاب الأمراض المزمنة يضطرون لشراء أدوية على نفقتهم الخاصة تتخطى أحيانًا الـ1000 جنيه، ما ضاعف العبء عليهم في ظل ارتفاع الأسعار المتواصل وتدني رواتبهم وتأخر صرفها. وفي أكتوبر/تشرين الأول الماضي دخل عمال إينوفا في إضراب عن العمل للمطالبة بتطبيق الحد الأدنى للأجور (7 آلاف جنيه)، استمر 5 أيام قبل أن تتمكن الإدارة من كسره، وذلك بعدما شغلت خطوط الإنتاج مستعينة بعشرات من العمالة اليومية واستدعاء عاملات كن في إجازة إجبارية منذ مطلع العام 2025. وفي الفترة من يناير/كانون الثاني حتى مارس/آذار 2025، أجبرت إدارة إينوفا المئات من العمال بينهم 57 امرأة هن كل العاملات بالشركة، بالإضافة إلى 130 من ذوي الإعاقة ضمن نسبة الـ5%، على الدخول في إجازة إجبارية يتقاضون خلالها الراتب الأساسي فقط، الذي لا يزيد عن ثلث الراتب الشامل الذي كانوا يتقاضونه قبل الإجازة، وفصلت من رفضوا القرار. وكان مالك مجموعة إينوفا امتنع مع بداية 2025 عن دفع أجور العمال وشكا من عدم قدرته على دفع الرواتب البالغة نحو 12 مليونًا بسبب تعثر الشركة والديون المتراكمة عليها، فـتكفل "صندوق إعانات الطوارئ للعمال" التابع لوزارة العمل، بدفع 4 ملايين جنيه شهريًا من أجور العمال على أن تتحمل الشركة الـ8 ملايين الأخرى. لكن الأزمة لم تنتهِ حيث استمر فوزي في سياسية تسريح العمال وتأخير الجزء الملزم بدفعه من الرواتب، كما تراكمت ديون على الشركة لصالح شركة الغاز تقدر بنحو مليار جنيه، قطعت بسببه الغاز عن إينوفا، ما دفع فوزي لتأجير 3 مصانع، فيما بقيت 3 أخرى تحت إدارته، فيما توقفت مساهمة "صندوق إعانات الطوارئ للعمال" بعد تأجير عدد من مصانع الشركة لرجل الأعمال أحمد عصام. وفي 10 يونيو/حزيران الماضي 2025، دخل عمال إينوفا في إضراب عن العمل احتجاجًا على تأخر صرف راتب شهري أبريل/نيسان ومايو/أيار الماضيين والمطالبة بإقرار زيادة سنوية لا تقل عن 1200 جنيه وتطبيق الحد الأدنى للأجور بواقع 7 آلاف جنيه، لكنهم اضطروا لإنهائه بعد عشرة أيام تحت ضغط الحاجة، بعد تحويل راتب شهر أبريل إلى حسابات العمال البنكية. وفي 22 يناير 2025 دخل عمال إينوفا في إضراب عن العمل للمطالبة بصرف راتب شهر ديسمبر/كانون الأول 2024، وتطبيق الحد الأدنى للأجور القديم 6 آلاف جنيه حيث لا يتخطى متوسط رواتبهم 5 آلاف جنيه، وبعد بدء صرف نسبة من راتب ديسمبر المتأخر، قرر العمال إنهاء إضرابهم في 29 يناير الماضي، لكن مالك الشركة أبلغ 57 عاملة في اليوم التالي بمنحهن إجازة إجبارية من 4 لـ6 أشهر مقابل تقاضي الأساسي فقط. وتأسست شركة مجموعة الفراعنة لإنتاج السيراميك والبورسلين والأدوات الصحية نهاية الثمانينيات، وضمت في البداية شركاء أجانب إلى جانب مؤسسها رجل الأعمال محمد فوزي، قبل أن يستحوذ فوزي على كامل أسهمها. ولعمال شركة سيراميكا الفراعنة تاريخ كبير من الاحتجاجات والإضرابات، بدأت في 2009، لكن وتيرتها ارتفعت في أعقاب ثورة 25 يناير. | AE45: https://manassa.news/news/31076 | AF45: https://www.madamasr.com/2026/03/30/news/u/%d8%a5%d8%b6%d8%b1%d8%a7%d8%a8-%d8%b9%d9%85%d8%a7%d9%84-%d8%b3%d9%8a%d8%b1%d8%a7%d9%85%d9%8a%d9%83%d8%a7-%d8%a5%d9%8a%d9%86%d9%88%d9%81%d8%a7-%d8%a7%d8%ad%d8%aa%d8%ac%d8%a7%d8%ac%d9%8b/
A46: 44 | B46: 46112 | C46: مارس | D46: الفيوم | E46: إقليم شمال الصعيد | F46: كوم أوشيم | G46: شركة سيراميكا إينوفا (الفراعنة سابقاً) | H46: احتجاجات عمال سيراميكا إينوفا | I46: إضراب عن العمل | J46: إضراب عن العمل | K46: احتجاجاً علي تدني قيمة العلاوة السنوية التي أقرتها إدارة الشركة والتي تراوحت بين 200 و 1000 جنيه فقط | L46: مطالب اقتصادية | M46: عمال سيراميكا إينوفا | N46: قطاع خاص وباليومية | O46: 2000 | P46: إدراة شركة سيراميكا إينوفا (الفراعنة سابقاً) | R46: 0 | Z46: بعد قرار إدارة الشركة بزيادة قيمة العلاوة السنوية إلى 1000 جنيه لكافة الأقسام و1100 جنيه لقسم الفرز. انهي عمال شركة سيراميكا إينوفا (الفراعنة سابقاً اضرابهم عن العمل | AD46: بعد زيادة العلاوة السنوية.. عمال سيراميكا إينوفا ينهون إضرابهم أخبار وتقارير_ أحمد خليفة منشور الثلاثاء 31 آذار/مارس 2026 شارك أنهى عمال شركة سيراميكا إينوفا "الفراعنة سابقًا"، بالمنطقة الصناعية في كوم أوشيم بالفيوم، اليوم الثلاثاء، إضرابهم عن العمل الذي بدأوه الأحد الماضي، بعد قرار إدارة الشركة بزيادة قيمة العلاوة السنوية إلى 1000 جنيه لكافة الأقسام و1100 جنيه لقسم الفرز، وفق عاملين تحدثا لـ المنصة. ودخل نحو ألفين من عمال الشركة، في إضراب عن العمل الأحد الماضي، احتجاجًا على تدني قيمة العلاوة السنوية التي أقرتها إدارة الشركة، والتي تراوحت بين 200 و1000 جنيه فقط. وقالت إحدى العاملات لـ المنصة إن إنهاء الإضراب جاء وسط انقسام بين العمال بسبب استمرار وقف الخدمات الطبية والعلاجية، ومماطلة الإدارة في حل الأزمة، إضافة إلى تأخر الرواتب وصرفها على دفعات. وأضافت العاملة التي طلبت عدم نشر اسمها "المرض بياكل فينا ومش لاقيين مكان نروحه والمرتبات مش مكفية، وحتى مرضى الأورام اتوقف علاجهم". فيما قال عامل آخر لـ المنصة، طلب أيضًا عدم نشر اسمه، إن الإدارة وعدت بتوفير العلاج عن طريق مستشفى الشركة وهو ما يعني أنه ليس هناك نية لحل الأزمة مع التأمين الصحي بالفيوم في المدى القريب، كما أن العمال ليس لديهم ثقة في أن تنفذ الإدارة وعدها أساسًا بتوفير العلاج. وأوقفت هيئة التأمين الصحي بالفيوم، في يوليو/تموز 2025، الخدمات الطبية والعلاجية لنحو 2000 عامل بالشركة، بينهم مصابون بأمراض مزمنة يصرفون علاجًا شهريًا، ومرضى أورام يحتاجون إلى جلسات علاج كيماوي، وذلك بسبب امتناع صاحب الشركة عن دفع الاشتراكات وتراكم مديونية عليها بنحو 80 مليون جنيه لصالح الهيئة العامة للتأمينات. ووفق شهادات أدلى بها العمال في وقت سابق، واليوم، لـ المنصة، فإن أصحاب الأمراض المزمنة منهم يضطرون لشراء أدوية على نفقتهم الخاصة تتخطى أحيانًا الـ1000 جنيه، ما ضاعف العبء عليهم في ظل ارتفاع الأسعار المتواصل وتدني رواتبهم وتأخر صرفها. وفي أكتوبر/تشرين الأول الماضي دخل عمال إينوفا في إضراب عن العمل للمطالبة بتطبيق الحد الأدنى للأجور (7 آلاف جنيه)، استمر 5 أيام قبل أن تتمكن الإدارة من كسره، وذلك بعدما شغلت خطوط الإنتاج مستعينة بعشرات من العمالة اليومية واستدعاء عاملات كن في إجازة إجبارية منذ مطلع العام 2025. وفي الفترة من يناير/كانون الثاني حتى مارس/آذار 2025، أجبرت إدارة إينوفا المئات من العمال بما فيهم عاملات الشركة البالغ عددهم 57 عاملة، بالإضافة إلى 130 عاملًا من ذوي الإعاقة ضمن نسبة الـ5%، على الدخول في إجازة إجبارية يتقاضون خلالها الراتب الأساسي فقط، الذي لا يزيد عن ثلث الراتب الشامل الذي كانوا يتقاضونه قبل الإجازة، وفصلت من رفضوا القرار. وامتنع مالك مجموعة إينوفا، في مطلع 2025 عن دفع أجور العمال، مشتكيًا من عدم قدرته على دفع الرواتب البالغة نحو 12 مليونًا بسبب تعثر الشركة والديون المتراكمة عليها، فـتكفل "صندوق إعانات الطوارئ للعمال" التابع لوزارة العمل، بدفع 4 ملايين جنيه شهريًا من أجور العمال على أن تتحمل الشركة الـ8 ملايين الأخرى. لكن الأزمة لم تنتهِ، إذ استمرت الشركة في سياسية تسريح العمال وتأخير الجزء الملزم بدفعه من الرواتب، كما تراكمت ديون على الشركة لصالح شركة الغاز تقدر بنحو مليار جنيه، التي انتهت إلى قطع الغاز عن الشركة، ما دفع مالك الشركة لتأجير 3 مصانع، فيما بقيت 3 أخرى تحت إدارته، وتوقفت مساهمة "صندوق إعانات الطوارئ للعمال" بعد تأجير عدد من مصانع الشركة لرجل الأعمال أحمد عصام. وفي 10 يونيو/حزيران الماضي 2025، دخل عمال إينوفا في إضراب عن العمل احتجاجًا على تأخر صرف راتب شهري أبريل/نيسان ومايو/أيار الماضيين والمطالبة بإقرار زيادة سنوية لا تقل عن 1200 جنيه وتطبيق الحد الأدنى للأجور بواقع 7 آلاف جنيه، لكنهم اضطروا لإنهائه بعد عشرة أيام تحت ضغط الحاجة، بعد تحويل راتب شهر أبريل إلى حسابات العمال البنكية. وفي 22 يناير 2025 دخل عمال إينوفا في إضراب عن العمل للمطالبة بصرف راتب شهر ديسمبر/كانون الأول 2024، وتطبيق الحد الأدنى للأجور القديم 6 آلاف جنيه حيث لا يتخطى متوسط رواتبهم 5 آلاف جنيه، وبعد بدء صرف نسبة من راتب ديسمبر المتأخر، قرر العمال إنهاء إضرابهم في 29 يناير الماضي، لكن مالك الشركة أبلغ 57 عاملة في اليوم التالي بمنحهن إجازة إجبارية من 4 لـ6 أشهر مقابل تقاضي الأساسي فقط. اقرأ أيضا عام الغضب.. دلالات 100 احتجاج عمالي في 2025 وتأسست شركة مجموعة الفراعنة لإنتاج السيراميك والبورسلين والأدوات الصحية نهاية الثمانينيات، وضمت في البداية شركاء أجانب إلى جانب مؤسسها رجل الأعمال محمد فوزي، قبل أن يستحوذ فوزي على كامل أسهمها. ولعمال شركة سيراميكا الفراعنة تاريخ كبير من الاحتجاجات والإضرابات، بدأت في 2009، لكن وتيرتها ارتفعت في أعقاب ثورة 25 يناير. | AE46: https://manassa.news/news/31097 | AF46: https://www.madamasr.com/2026/03/31/news/%d8%b3%d9%8a%d8%a7%d8%b3%d8%a9/%d8%b9%d9%85%d8%a7%d9%84-%d8%b3%d9%8a%d8%b1%d8%a7%d9%85%d9%8a%d9%83%d8%a7-%d8%a5%d9%8a%d9%86%d9%88%d9%81%d8%a7-%d9%8a%d9%86%d9%87%d9%88%d9%86-%d8%a5%d8%b6%d8%b1%d8%a7%d8%a8%d9%87%d9%85/ | AG46: https://www.facebook.com/ecrf.net/posts/pfbid02C329qA4udRgpNqHWgvUHCAKAfvmZruEjpNyQ6LHuxKgEUabunqna1eFM4rw5xYcBl?rdid=6CBm997cmOpBe731#
A47: 45 | B47: 46118 | C47: ابريل | D47: الغربية | E47: إقليم الدلتا | F47: سمنود | G47: شركة وبريات سمنود | H47: احتجاجات/إضراب عمال وبريات سمنود | I47: إضراب عن العمل | J47: إضراب عن العمل | K47: احتجاجًا على عدم صرف مرتب مارس الماضي، في ظل عدم استجابة الإدارة لمطالبتهم أكثر من مرة بصرف الأجور، حل مشكلة التأمين الصحي بعدما توقفت الهيئة العامة للتأمين الصحي عن تقديم الخدمات العلاجية للعمال، منذ يناير الماضي، بسبب تفاقم مديونيات الشركة لدى الهيئة وامتناعها عن سداد حصتها في التأمينات، رغم استقطاع حصة العمال في التأمين من أجورهم شهريًا، دون تسديدها إلى الهيئة | L47: مطالب اقتصادية | M47: عمال وبريات سمنود | N47: قطاع خاص وباليومية | O47: 550 | P47: إدارة شركة وبريات سمنود | Q47: تواجد أفراد من الأمن الوطني داخل محيط الشركة في محاولة لإقناع العمال بفض الإضراب | R47: 1 | S47: الأمن الوطني | AD47: إضراب عمال «وبريات سمنود» احتجاجًا على عدم صرف رواتب مارس كتابة أحمد عشماوي6 أبريل 2026 من إضراب عمال «وبريات سمنود»، اليوم. - المصدر: صفحة دار الخدمات النقابية والعمالية على فيسبوك. بدأ عمال شركة سمنود للنسيج والوبريات، بمحافظة الغربية، اليوم، إضرابًا عن العمل، احتجاجًا على عدم صرف مرتب مارس الماضي، في ظل عدم استجابة الإدارة لمطالبتهم أكثر من مرة بصرف الأجور، حسبما قالت عاملتان من المشاركات في الإضراب، لـ«مدى مصر». وأضافت العاملتان أن المضربين يطالبون أيضًا بحل مشكلة التأمين الصحي، بعدما توقفت الهيئة العامة للتأمين الصحي عن تقديم الخدمات العلاجية للعمال، منذ يناير الماضي، بسبب تفاقم مديونيات الشركة لدى الهيئة وامتناعها عن سداد حصتها في التأمينات، رغم استقطاع حصة العمال في التأمين من أجورهم شهريًا، دون تسديدها إلى الهيئة. كان العمال نظموا إضرابًا مماثلًا الشهر الماضي للمطالبة بصرف باقي مرتب فبراير، مدفوعين وقتها باقتراب عيد الفطر واحتياج أسرهم إلى مصروفات، حيث دأبت الإدارة على صرف الأجور على دفعتين أو ثلاث، منذ التزامها بتطبيق الحد الأدنى للأجور في أغسطس الماضي، فيما لم تصرف أي دفعة لمرتب مارس، وأخبرت العمال بأن «الفلوس اللي قبضتوها قبل العيد.. إحنا [الإدارة] سالفينها.. ومفيش معانا فلوس»، بحسب العاملتين. وسبق أن نظم عمال «سمنود» إضرابًا عن العمل، في مارس من العام الماضي، اعتراضًا على عدم صرف العلاوة السنوية، كما نظموا قبل نحو عامين إضرابًا للمطالبة بتطبيق «الأدنى للأجور»، استمر شهرًا، وانتهى عقب القبض على عدد منهم. تأسست «سمنود للنسيج والوبريات» عام 1974 بمحافظة الغربية، وفي منتصف العام 2014 تغير هيكل ملكية الشركة، إذ توزعت بين نحو أربع جهات حكومية هي بنك الاستثمار القومي، الذي يمتلك نحو 60% من أسهم الشركة، ونحو 23.5% لشركة مصر للغزل والنسيج المملوكة للشركة القابضة للغزل والنسيج، و5% للهيئة العامة للأوقاف، ثم نحو 11.5% لشركة مصر للتأمين. | AE47: https://www.madamasr.com/2026/04/06/news/u/%D8%A5%D8%B6%D8%B1%D8%A7%D8%A8-%D8%B9%D9%85%D8%A7%D9%84-%D9%88%D8%A8%D8%B1%D9%8A%D8%A7%D8%AA-%D8%B3%D9%85%D9%86%D9%88%D8%AF-%D8%A7%D8%AD%D8%AA%D8%AC%D8%A7%D8%AC%D9%8B%D8%A7-%D8%B9%D9%84-2/ | AF47: https://daaarb.com/%D8%B9%D9%85%D8%A7%D9%84-%D9%88%D8%A8%D8%B1%D9%8A%D8%A7%D8%AA-%D8%B3%D9%85%D9%86%D9%88%D8%AF-%D9%8A%D8%B6%D8%B1%D8%A8%D9%88%D9%86-%D8%B9%D9%86-%D8%A7%D9%84%D8%B9%D9%85%D9%84-%D8%A7%D8%AD%D8%AA/ | AG47: https://revsoc.me/workers-farmers/51746/ | AH47: https://manassa.news/news/31200 | AI47: https://manassa.news/news/31227 | AJ47: https://revsoc.me/workers-farmers/51764/
A48: 46 | B48: 46118 | C48: ابريل | D48: بورسعيد | E48: إقليم القناه وسيناء | F48: المنطقة الحرة ببورسعيد | G48: مصنع أكاي للملابس الجاهزة | H48: احتجاجات عمال مصنع أكاي للملابس الجاهزة | I48: وقفة احتجاجية واضراب جزئي عن العمل | J48: تظاهرة ميدانية | K48: احتجاجاً علي قرار إداري بخصم يومين من الأجر مقابل كل يوم غياب تم تطبيقه بشكل مفاجئ وبأثر رجعي بالتزامن مع استلام الأجور، دون أي إخطار مسبق أو سند قانوني واضح | L48: مطالب اقتصادية | M48: عمال وعاملات مصنع أكاي للملابس الجاهزة | N48: قطاع خاص وباليومية | O48: 2000 | P48: إدارة مصنع أكاي للملابس الجاهزة | Q48: تعرض العمال لضغوط وتهديدات مباشرة من إدارة المصنع لإنهاء الوقفة والعودة للعمل | R48: 1 | S48: إدارة المصنع | AD48: وقفة احتجاجية لعمال مصنع أكاي ببورسعيد.. والمفوضية المصرية تطالب بوقف انتهاكات العاملات وتدعو وزارة العمل للتدخل 6 أبريل، 2026 العمال, المفوضية المصرية, بورسعيد, عمال, وزارة العمل نظم عمال وعاملات مصنع أكاي للملابس الجاهزة (استثمار تركي) بالمنطقة الحرة ببورسعيد، وقفة احتجاجية ضد قرار إداري بخصم يومين من الأجر مقابل كل يوم غياب، تم تطبيقه بشكل مفاجئ وبأثر رجعي بالتزامن مع استلام الأجور، دون أي إخطار مسبق أو سند قانوني واضح،بحسب ما أفادت المفوضية المصرية للحقوق والحريات، الإثنين،ط. وقالت “المفوضية المصرية” في بيان عبر فيسبوك إنها وثّقت تعرض العمال لضغوط وتهديدات مباشرة من إدارة المصنع لإنهاء الوقفة والعودة للعمل، في مشهد “يعكس بيئة عمل تقوم على الإكراه والترهيب بدلًا من احترام الحقوق الأساسية”. واكدت المفوضية أن ما قامت به إدارة المصنع لا يمكن اعتباره جزاءً إداريًا مشروعًا، حيث إن توقيع أي عقوبة مالية يجب أن يستند إلى لائحة جزاءات معتمدة ومعلنة سلفًا، وأن يتم بعد تحقيق إداري يكفل حق العامل في الدفاع عن نفسه، ودون تطبيق بأثر رجعي. وأضافت أن خصم يومين مقابل يوم غياب، وفرضه بشكل مفاجئ أثناء صرف الرواتب، يعد اقتطاعًا تعسفيًا من الأجر وانتهاكًا صريحًا لقانون العمل رقم 14 لسنة 2025، ويمثل في جوهره استيلاء غير مشروع على مستحقات العمال تحت غطاء إداري. وقالت المفوضية إنها ترى أن الانتهاكات داخل المصنع تتخذ طابعًا جندريًا واضحًا، حيث تتحمل العاملات العبء الأكبر من هذه السياسات. فالإدارة تفرض عملًا إضافيًا إجباريًا يمتد من الثامنة صباحًا وحتى التاسعة مساءً، في مخالفة لضوابط العمل الإضافي التي يشترط القانون أن تكون بموافقة العامل وبمقابل عادل. هذا السهر القسري لا يمثل فقط استنزافًا بدنيًا، بل يعرض العاملات لمخاطر حقيقية أثناء عودتهن ليلًا عبر طرق غير آمنة، بما يشكل تهديدًا مباشرًا لسلامتهن الشخصية. زطالب المفوضية المصرية للحقوق والحريات، بإلغاء كافة الخصومات التعسفية فورًا، ورد المبالغ المقتطعة من أجور العمال، ووقف العمل بأي قرارات جزائية تمس الأجر دون سند قانوني. كما طالبت بتدخل عاجل من وزارة العمل بإيفاد لجنة تفتيش مركزية مستقلة من خارج نطاق مكتب بورسعيد، لإجراء تفتيش مفاجئ على المصنع والتحقيق في شكاوى العمل الجبري وانتهاكات السلامة المهنية. وشددت على ضرورة إنهاء سياسة العمل الإضافي الإجباري، واتخاذ الإجراءات القانونية بحق الإدارة لاستخدامها التهديد بالفصل كوسيلة للإكراه، مع ضمان بيئة عمل آمنة خاصة للعاملات. ودعت المفوضية المصرية إلى إلزام المصنع بتنفيذ التزاماته القانونية تجاه العاملات، وعلى رأسها إنشاء دار حضانة، ووقف أي ممارسات تمييزية أو عقابية مرتبطة بالحمل أو الأمومة. وطالبت أيضا بمراجعة وتعديل القواعد المنظمة لعمل مفتشي العمل داخل المناطق الحرة، بما يضمن تمكينهم من الدخول والتفتيش المفاجئ دون إخطار مسبق، وتدعيم منظومة التفتيش بالكوادر والصلاحيات اللازمة لضمان إنفاذ القانون. | AE48: https://daaarb.com/%D9%88%D9%82%D9%81%D8%A9-%D8%A7%D8%AD%D8%AA%D8%AC%D8%A7%D8%AC%D9%8A%D8%A9-%D9%84%D8%B9%D9%85%D8%A7%D9%84-%D9%85%D8%B5%D9%86%D8%B9-%D8%A3%D9%83%D8%A7%D9%8A-%D8%A8%D8%A8%D9%88%D8%B1%D8%B3%D8%B9%D9%8A/ | AF48: https://manassa.news/news/31211 | AG48: https://www.madamasr.com/2026/04/07/news/%D8%B3%D9%8A%D8%A7%D8%B3%D8%A9/%D8%A8%D8%B9%D8%AF-%D8%AA%D9%87%D8%AF%D9%8A%D8%AF%D8%A7%D8%AA-%D8%A8%D8%A7%D9%84%D9%81%D8%B5%D9%84-%D8%B9%D9%85%D8%A7%D9%84-%D8%A2%D9%83%D8%A7%D9%8A-%D8%A8%D8%A8%D9%88%D8%B1%D8%B3%D8%B9/ | AH48: https://revsoc.me/politics/51752/
A49: 47 | B49: 46119 | C49: ابريل | D49: بورسعيد | E49: إقليم القناه وسيناء | F49: المنطقة الحرة ببورسعيد | G49: مصنع أكاي للملابس الجاهزة | H49: احتجاجات عمال مصنع أكاي للملابس الجاهزة | I49: وقفة احتجاجية واضراب جزئي عن العمل | J49: تظاهرة ميدانية | K49: احتجاجاً علي قرار إداري بخصم يومين من الأجر مقابل كل يوم غياب تم تطبيقه بشكل مفاجئ وبأثر رجعي بالتزامن مع استلام الأجور، دون أي إخطار مسبق أو سند قانوني واضح | L49: مطالب اقتصادية | M49: عمال وعاملات مصنع أكاي للملابس الجاهزة | N49: قطاع خاص وباليومية | O49: 2000 | P49: إدارة مصنع أكاي للملابس الجاهزة | Q49: تعرض العمال لضغوط وتهديدات مباشرة من إدارة المصنع لإنهاء الوقفة والعودة للعمل | R49: 1 | S49: إدارة المصنع | AD49: بعد تهديدات بالفصل.. عمال «آكاي» ببورسعيد ينهون إضرابهم والخصومات مستمرة كتابة أحمد عشماوي7 أبريل 2026 زيارة مصطفى مدبولي لمصنع «آكاي»، ديسمبر 2024 - المصدر: المصدر: صفحة رئاسة مجلس الوزراء أنهى نحو ألفي عامل بمصنع آكاي للملابس الجاهزة، بالمنطقة الصناعية الحرة (الرسوة) جنوبي بورسعيد، أمس، إضرابهم عن العمل، والذي استمر عدة ساعات، احتجاجًا على خصومات كبيرة من رواتب مارس الماضي، بعد احتساب الإدارة جزاء غياب يوم واحد بخصم أجر يومين، حسبما قالت عاملة من المشاركات في الإضراب، لـ«مدى مصر»، موضحة أن العمال عادوا للعمل بعد تهديد الإدارة بفصل المضربين. وأوضحت العاملة أن للشركة مصنعين في نفس المنطقة: «آكاي 1» ويضم الأقسام النهائية للتصنيع، و«آكاي 2»، الذي شهد الإضراب، مشيرة إلى أن عمال المصنع الأول لم يشاركوا في الاحتجاج لأن إدارته لم تُطبق نفس الخصومات، واكتفت بخصم أجر يوم فقط مقابل غياب يوم. وأضافت العاملة أن الإدارة ترفض إعطائهم إجازات من أرصدتهم السنوية، ما يضطر العمال أحيانًا للغياب دون إذن عند حدوث ظرف خاص لهم، مشيرةً إلى أن ذلك يأتي ضمن سياسة الشركة للضغط عليهم لزيادة الإنتاج، والتي تتضمن إجبارهم على العمل لساعات إضافية، بحسب العاملة. المحامي محمد نصر، قال لـ«مدى مصر»، إن ما يحدد مقدار الجزاء الموقّع على العامل هو اللائحة الداخلية للشركة، والتي من المفترض أن يطلع عليها العمال، «عشان يعرفوا الجزاءات، يوم الغياب منصوص عليه بكام.. وغالبًا بيكون ربع يوم»، وفي حالة غياب العامل، بعد امتناع الإدارة عن الموافقة على قيامه بإجازة بناءً على طلبه، رغم أن لديه ما يسمح بذلك من رصيد إجازاته السنوية، فإن ذلك يعتبر «غياب دون إذن»، لكن يمكن للعمال أن يتقدموا بشكاوى إلى مكتب العمل، عند رفض الإدارة إعطائهم إجازاتهم السنوية المستحقة، أو الأجر المقابل لعملهم خلال هذه الأيام، بحسب نصر. ولا يحدد قانون العمل، 14 لسنة 2025، تفاصيل جزاءات الغياب وما يجب أن تلتزم به منشآت العمل في لوائحها الداخلية، وتخضع هذه العملية للقرارات التنفيذية التي يُلزم القانون الجهة الإدارية (وزارة العمل) بإصدارها، وهو ما لم يحدث حتى الآن. كانت الوزارة أصدرت لائحة استرشادية للجزاءات وتنظيم العمل عقب صدور القانون السابق في 2003، وبحسب تلك اللائحة كان جزاء غياب العامل «دون إذن أو عذر مقبول» خصم ربع يوم من أجره، وفي حالة التكرار للمرة الثانية يرتفع الجزاء إلى نصف يوم، ليصل إلى يوم في المرة الثالثة. وبحسب نصر فإن هذه اللائحة «سارية حتى صدور قرار بإلغائها أو صدور لائحة جديدة»، لكن في كل الأحوال فهي «مُجرد لائحة استرشادية غير مُلزمة.. واللوائح المُلزمة هي اللوائح الداخلية للشركات». كانت شركة «آكاي» فصلت تسع عاملات في يناير الماضي، لعدم قدرتهن على العمل لساعات إضافية، رغم تجديد عقودهن السنوية في الشهر نفسه، والتي كانت لا تزال سارية وقت الفصل، حسبما قالت وقتها عاملتان من المفصولات، لـ«مدى مصر». تأسست «آكاي» في 2007، وتعمل في تصنيع الملابس الجاهزة خاصة «الجينز»، بشراكة بين مؤسسة محمد حنفي، والعلامة التجارية التركية «مافي»، التي تمتلك 70% من الشركة، فيما تصدر إنتاج مصنعها إلى الخارج، بحسب الحكومة. | AE49: https://www.madamasr.com/2026/04/07/news/%D8%B3%D9%8A%D8%A7%D8%B3%D8%A9/%D8%A8%D8%B9%D8%AF-%D8%AA%D9%87%D8%AF%D9%8A%D8%AF%D8%A7%D8%AA-%D8%A8%D8%A7%D9%84%D9%81%D8%B5%D9%84-%D8%B9%D9%85%D8%A7%D9%84-%D8%A2%D9%83%D8%A7%D9%8A-%D8%A8%D8%A8%D9%88%D8%B1%D8%B3%D8%B9/ | AF49: https://daaarb.com/%D9%88%D9%82%D9%81%D8%A9-%D8%A7%D8%AD%D8%AA%D8%AC%D8%A7%D8%AC%D9%8A%D8%A9-%D9%84%D8%B9%D9%85%D8%A7%D9%84-%D9%85%D8%B5%D9%86%D8%B9-%D8%A3%D9%83%D8%A7%D9%8A-%D8%A8%D8%A8%D9%88%D8%B1%D8%B3%D8%B9%D9%8A/ | AG49: https://manassa.news/news/31211 | AH49: https://revsoc.me/politics/51752/
A50: 48 | B50: 46119 | C50: ابريل | D50: الغربية | E50: إقليم الدلتا | F50: سمنود | G50: شركة وبريات سمنود | H50: احتجاجات/إضراب عمال وبريات سمنود | I50: إضراب عن العمل | J50: إضراب عن العمل | K50: احتجاجًا على عدم صرف مرتب مارس الماضي، في ظل عدم استجابة الإدارة لمطالبتهم أكثر من مرة بصرف الأجور، حل مشكلة التأمين الصحي بعدما توقفت الهيئة العامة للتأمين الصحي عن تقديم الخدمات العلاجية للعمال، منذ يناير الماضي، بسبب تفاقم مديونيات الشركة لدى الهيئة وامتناعها عن سداد حصتها في التأمينات، رغم استقطاع حصة العمال في التأمين من أجورهم شهريًا، دون تسديدها إلى الهيئة | L50: مطالب اقتصادية | M50: عمال وبريات سمنود | N50: قطاع خاص وباليومية | O50: عشرات | P50: إدارة شركة وبريات سمنود | Q50: دفع فرد من أمن الشركة لعاملة بقوة في صدرها أثناء محاولتها الانضمام للوقفة | R50: 1 | S50: فرد أمن الشركة | AB50: اتهام أمن الشركة بالاعتداء على عاملة | AD50: إضراب "وبريات سمنود" مستمر.. واتهامات لأمن الشركة بالاعتداء على عاملة أخبار وتقارير_ أحمد خليفة منشور الثلاثاء 7 نيسان/أبريل 2026 شارك Also available in English رفض عمال وعاملات شركة وبريات سمنود بمحافظة الغربية فض إضرابهم عن العمل مقابل صرف 50% من راتب مارس/آذار الماضي، مؤكدين على مطلبهم الأساسي بصرف كامل الراتب وضمان عدم تأخره بالإضافة إلى المطالب الأخرى المتعلقة بعودة التأمين الصحي، فيما قالت عاملتان لـ المنصة إن فرد أمن بالشركة اعتدى على عاملة حاولت المشاركة في وقفة احتجاجية في ساحة الشركة. ونقلت العاملتان اللتان شهدتا الواقعة لـ المنصة تفاصيل اعتداء أفراد أمن الشركة على زميلتهن؛ وقالت إحداهن، طالبة عدم نشر اسمها، إنه بينما كانت عاملات قسم الملابس في الدور الثاني يتجهن للانضمام لزملائهن المحتشدين في ساحة الشركة اعترض الأمن طريقهن، ودفع أحد أفراده عاملة بقوة في صدرها ما أدى لسقوطها مغشيًا عليها، قبل أن ينقلها الزملاء والزميلات فورًا إلى مستشفى سمنود العام. وقالت العاملة الثانية، التي طلبت أيضًا عدم نشر اسمها، إن فرد الأمن المتورط في الواقعة معروف عنه إساءة معاملة العمال والعاملات معتمدًا على ارتباطه بصلة قرابة مع مدير أمن الشركة، وأضافت أن زملاء فرد الأمن هربوه قبل تجمع بقية العمال الغاضبين. إلى ذلك، رفض العمال الاستجابة لعرض الإدارة بفض الإضراب مقابل صرف نصف الراتب فقط؛ إذ أكدت إحدى العاملات لـ المنصة، طالبة عدم نشر اسمها، أن العمال تسلموا بالفعل 50% من أجر شهر مارس بنهاية الوردية الأولى أمس الاثنين، لكنهم أصروا على مواصلة الاحتجاج حتى الحصول على كامل الراتب، وضمان انتظام صرفه مستقبلًا، بالإضافة إلى المطالب الأخرى المتعلقة بحل أزمة التأمين الصحي المتوقفة، وصرف علاوة غلاء المعيشة المجمّدة منذ يناير/كانون الثاني الماضي، وضم العلاوات المتأخرة للأجر الأساسي. وبدأ عمال وعاملات شركة وبريات سمنود، أمس، إضرابًا شاملًا عن العمل احتجاجًا على تأخر صرف راتب الشهر الماضي، والمطالبة بعودة خدمات التأمين الصحي التي توقفت منذ مطلع العام الجاري، بعد إخلال الإدارة بوعودها للعمال في إضراب مارس الماضي، بانتظام صرف الراتب وعودة خدمات التأمين الصحي. وفي تصريح سابق، قال عمال لـ المنصة إن إدارة الشركة اعتادت خلال الأشهر الماضية على تأخير الرواتب، وصرف راتب الشهر على ثلاث دفعات، ما يبدد رواتب العمال الذين أصبحوا غير قادرين على الوفاء بالتزامات. وفي 11 مارس الماضي، نظم عاملات قسم الملابس في الشركة احتجاجات شملت وقفات احتجاجية وإضراب جزئي، وطالبن بإنهاء هذا الوضع. وتطورت الاحتجاجات وقتها إلى إضراب شمل كل العمال، انتهى في 18 مارس، بعد صرف راتب شهر فبراير/شباط كاملًا، وتلقيهم وعودًا من الإدارة بانتظام صرف الرواتب وعودة خدمات التأمين الصحي، وهو ما لم يحدث. وحرم أكثر من 600 عامل، أغلبهم من النساء، من الخدمات الطبية والعلاجية منذ أربعة أشهر، بينهم عدد كبير من ذوي الأمراض المزمنة مثل السكري والضغط والربو، بتوقف صرف علاجهم الشهري بالكامل، بسبب المديونية المتراكمة على الشركة لصالح الهيئة العامة للتأمينات، رغم انتظام خصم حصة التأمينات من رواتب العاملين، ما حمّل العمال أعباءً مالية تفوق قدرتهم، حسبما قال عمال لـ المنصة في وقت سابق. وتعرض عمال الشركة لعدة انتهاكات خلال الأعوام الماضية، كان آخرها في أبريل/نيسان من العام الماضي، عندما طبقت الشركة الحد الأدنى للأجور على موظفي الإدارة ومشرفي الأقسام فقط، ما أثار غضب العمال قبل تعميمه لاحقًا رغم وجود مخالفات في تطبيق الحد الأدنى باحتساب البدلات والإضافي كجزء من الحد الأدنى، بحسب عاملين تحدثوا لـ المنصة وقتها. وفي 18 أغسطس/آب الماضي، دخل عمال وبريات سمنود في إضراب عن العمل، استمر 35 يومًا للمطالبة بتطبيق الحد الأدنى للأجور، قبل أن يضطروا لإنهائه تحت التهديد بالفصل والحبس. وألقي القبض في الشهر نفسه على 10 عمال، بينهم القيادي العمالي هشام البنا، واتهمتهم النيابة بـ"التحريض على الإضراب والتجمهر وقلب نظام الحكم"، قبل أن تخلي سبيلهم في أوقات لاحقة، ليتعرض البنا بعدها للفصل التعسفي. | AE50: https://manassa.news/news/31227 | AF50: https://www.madamasr.com/2026/04/06/news/u/%D8%A5%D8%B6%D8%B1%D8%A7%D8%A8-%D8%B9%D9%85%D8%A7%D9%84-%D9%88%D8%A8%D8%B1%D9%8A%D8%A7%D8%AA-%D8%B3%D9%85%D9%86%D9%88%D8%AF-%D8%A7%D8%AD%D8%AA%D8%AC%D8%A7%D8%AC%D9%8B%D8%A7-%D8%B9%D9%84-2/ | AG50: https://daaarb.com/%D8%B9%D9%85%D8%A7%D9%84-%D9%88%D8%A8%D8%B1%D9%8A%D8%A7%D8%AA-%D8%B3%D9%85%D9%86%D9%88%D8%AF-%D9%8A%D8%B6%D8%B1%D8%A8%D9%88%D9%86-%D8%B9%D9%86-%D8%A7%D9%84%D8%B9%D9%85%D9%84-%D8%A7%D8%AD%D8%AA/ | AH50: https://revsoc.me/workers-farmers/51746/ | AI50: https://manassa.news/news/31200 | AJ50: https://revsoc.me/workers-farmers/51764/
A51: 49 | B51: 46120 | C51: ابريل | D51: الغربية | E51: إقليم الدلتا | F51: سمنود | G51: شركة وبريات سمنود | H51: احتجاجات/إضراب عمال وبريات سمنود | I51: إضراب عن العمل | J51: إضراب عن العمل | K51: احتجاجًا على عدم صرف مرتب مارس الماضي، في ظل عدم استجابة الإدارة لمطالبتهم أكثر من مرة بصرف الأجور، حل مشكلة التأمين الصحي بعدما توقفت الهيئة العامة للتأمين الصحي عن تقديم الخدمات العلاجية للعمال، منذ يناير الماضي، بسبب تفاقم مديونيات الشركة لدى الهيئة وامتناعها عن سداد حصتها في التأمينات، رغم استقطاع حصة العمال في التأمين من أجورهم شهريًا، دون تسديدها إلى الهيئة | L51: مطالب اقتصادية | M51: عمال وبريات سمنود | N51: قطاع خاص وباليومية | O51: عشرات | P51: إدارة شركة وبريات سمنود | Q51: تهديد مباشر من رئيس مجلس الإدارة بغلق الشركة 3 أشهر | R51: 1 | S51: إدارة الشركة | AD51: إضراب وبريات سمنود يتصاعد.. تهديد بالإغلاق ورواتب بالتقسيط وعاملة في المستشفى التاريخ الأربعاء 8 أبريل 2026 الكاتب بقلم حمادة الطوخي وجّه رئيس مجلس الإدارة غير التنفيذي “سعد عبد ربه” تهديدًا مباشرًا لعمال وعاملات شركة وبريات سمنود بمحافظة الغربية خلال اليوم الثاني من إضرابهم الثلاثاء 7 أبريل، قائلًا لهم نصًّا «هو ده اللي عندي، يا إما أعمل قرار غلق بثلاث شهور»، وذلك في معرض رفضه صرف راتب مارس كاملًا دفعة واحدة، وفق ما أفادت به مصادر داخل الشركة. بدلًا من الاستجابة لمطالب العمال، قدّمت الإدارة يوم الثلاثاء خطة لتجزئة الصرف على عمال أقسام النسيج والملابس والتحضيرات: 50% صُرفت يوم الثلاثاء، و20% الأربعاء، و30% الثلاثاء القادم. ومن الشهر المقبل، أبلغهم “سعد عبد ربه” أن الأجور ستُصرف على دفعتين؛ 50% يوم 1 في الشهر و50% يوم 12، في تكريس رسمي لنظام تقسيط الراتب بديلًا عن صرفه كاملًا في موعده. وكانت نفس المصادر قد كشفت أن العرض الذي قدّمه سعد عبد ربه يوم الاثنين لم يكن نصف الراتب كما تردد، بل 40% فقط، وهو ما رفضه العمال ودفعهم إلى الاستمرار في الإضراب للوم الثاني على التوالي. داخل المصنع، أفادت المصادر بأن عمال وردية الثلاثاء الساعة الثالثة عصرًا اشتغلوا تحت الضغط ساعتين إلى ثلاث ساعات فحسب قبل أن يتوقفوا، في حين لم تعمل العاملات على الإطلاق وظللن ممتنعات عن تشغيل الماكينات طوال الوردية. وفي أخطر تطورات يوم الثلاثاء، أفاد موقع «المنصة» بأن فردًا من أمن الشركة دفع عاملة بقوة في صدرها حين حاولت الانضمام إلى الوقفة الاحتجاجية في ساحة المصنع. تُضاف إلى كل ذلك مظلمة لم تُحسم منذ أشهر، إذ افادت المصادر أن يُشغّل رئيس مجلس الإدارة في عمالًا بعقود مؤقتة يتقاضون أجورهم كاملة وفي موعدها، بينما يعاني العمال الدائمون التأخير والتجزئة. كانت الشركة التي تمتلك وزارة التخطيط والتعاون الدولي نحو 52% من أسهمها قد شهدت إضرابًا في مارس الماضي، أنهاه العمال في يوم 18 منه بعد صرف راتب فبراير كاملًا وتلقّي وعود بانتظام الأجور وعودة التأمين. لم تمضِ ثلاثة أسابيع حتى خلفت الإدارة بكل تلك الوعود، ليعود الإضراب يوم الاثنين 6 أبريل تحت شعار واحد: “لا رواتب ولا تأمين”. | AE51: https://revsoc.me/workers-farmers/51764/ | AF51: https://www.madamasr.com/2026/04/06/news/u/%D8%A5%D8%B6%D8%B1%D8%A7%D8%A8-%D8%B9%D9%85%D8%A7%D9%84-%D9%88%D8%A8%D8%B1%D9%8A%D8%A7%D8%AA-%D8%B3%D9%85%D9%86%D9%88%D8%AF-%D8%A7%D8%AD%D8%AA%D8%AC%D8%A7%D8%AC%D9%8B%D8%A7-%D8%B9%D9%84-2/ | AG51: https://daaarb.com/%D8%B9%D9%85%D8%A7%D9%84-%D9%88%D8%A8%D8%B1%D9%8A%D8%A7%D8%AA-%D8%B3%D9%85%D9%86%D9%88%D8%AF-%D9%8A%D8%B6%D8%B1%D8%A8%D9%88%D9%86-%D8%B9%D9%86-%D8%A7%D9%84%D8%B9%D9%85%D9%84-%D8%A7%D8%AD%D8%AA/ | AH51: https://revsoc.me/workers-farmers/51746/ | AI51: https://manassa.news/news/31200 | AJ51: https://manassa.news/news/31227
A52: 50 | B52: 46124 | C52: ابريل | D52: القاهرة | E52: إقليم القاهرة الكبري | F52: وراق الحضر | G52: محيط معدية القللي - جزيرة الوراق | H52: احتجاجات أهالي جزيرة الوراق | I52: احتجاج اهالي | J52: تظاهرة ميدانية | K52: احتجاجاً علي احتجاز الأهالي والتضييق الأمني على معدية القللي ومنع حركة الأهالي | L52: مطالب اجتماعية | M52: أهالي جزيرة الوراق | N52: ناشطية اجتماعية | O52: عشرات | P52: قوات الأمن | Q52: القبض علي 2 من اهالي جزيرة الوراق | R52: 1 | S52: قوات الأمن | X52: 2 | Y52: من أهالي جزيرة الوراق | AD52: ليومين متتاليين.. تراشق بالحجارة بين أهالي الوراق والشرطة بسبب تضييقات «المعدية» كتابة بيسان كساب13 أبريل 2026 من مقاطع مصورة لتبادل الرشق بالحجارة بين قوات الأمن وأهالي «الوراق» أمس الأول أفرجت الشرطة عن اثنين من أهالي جزيرة الوراق، احتجزتهما في واقعتين منفصلتين خلال اليومين الماضيين، مما تسبب في تراشق بالحجارة بين قوات الأمن وأهالي الجزيرة بالقرب من معدية القللي في حي وراق الحضر. كانت قوات الأمن المتمركزة عند المعدية، التي تنقل الأهالي من وإلى الجزيرة، احتجزت رجلًا يبلغ من العمر 63 عامًا بعد مشادة كلامية بسبب احتجاجه على استمرار تضييق قوات الأمن طريق الوصول إلى المعدية باستخدام حواجز حديدية. وتسبب هذا في تجمع عدد من الأهالي ورفضهم المغادرة لحين الإفراج عنه، حسبما قال أحد شهود العيان من أهالي الجزيرة لـ«مدى مصر»، الأمر الذي تطور إلى تبادل الرشق بالحجارة، قبل أن ينتهي الموقف بالإفراج عنه. جاءت تلك الواقعة بعد يوم واحد من اشتباكات مماثلة بعد احتجاز أحد الشباب، والاعتداء عليه بالضرب من قبل قوات الأمن في نفس المنطقة، قبل أن يُفرج عنه لاحقًا من قسم الوراق، أمس، بعد تدخل مجموعة من الأهالي لدى «الأمن الوطني». احتجاز الشاب، بحسب المصدر نفسه وهو عضو سابق في مجلس عائلات جزيرة الوراق، جاء عرضًا خلال محاولة القبض على عدد من الشباب الذين حاولوا تمرير مواد البناء خلسة إلى المعدية، قبل أن يحاول الأهالي إطلاق سراحه، وهو ما قابله عدد من جنود قوات الأمن هناك بالرشق بالحجارة لتفريق الأهالي، قبل أن يتطور الأمر للرد من قبل الأهالي بالرد بالمثل. وكانت قوات الأمن قبلها رصدت محاولة تفريغ كميات من الطوب من سيارة ملاكي إلى تروسيكل نقل صغير، فحاولت منعه والقبض على عدد من الشباب الذين كانوا يساعدون بالعملية تمهيدًا لنقلها إلى الجزيرة، في الوقت الذي كان الشاب المقبوض عليه -وهو أحد أهالي الجزيرة- يمر من المكان. ويعد منع دخول مواد البناء إلى الجزيرة ملمحًا أساسيًا لما يعتبره أهالي الوراق حصارًا مفروضًا عليهم من قبل الدولة، منذ سنوات، ضمن محاولات تهجير السكان لإقامة مشروع عقاري فاخر، إذ يفترض أن يضمن هذا المنع وقف أي بناء جديد في الجزيرة، ما يمهد الطريق لتنفيذ المشروع الذي أعلنت عنه الدولة في 2017، ويمنع زيادة قيمة التعويضات للأهالي عن بيوتهم. | AE52: https://www.madamasr.com/2026/04/13/news/%D8%B3%D9%8A%D8%A7%D8%B3%D8%A9/%D9%84%D9%8A%D9%88%D9%85%D9%8A%D9%86-%D9%85%D8%AA%D8%AA%D8%A7%D9%84%D9%8A%D9%8A%D9%86-%D8%AA%D8%B1%D8%A7%D8%B4%D9%82-%D8%A8%D8%A7%D9%84%D8%AD%D8%AC%D8%A7%D8%B1%D8%A9-%D8%A8%D9%8A%D9%86-%D8%A3%D9%87/
A53: 51 | B53: 46125 | C53: ابريل | D53: القاهرة | E53: إقليم القاهرة الكبري | F53: وراق الحضر | G53: محيط معدية القللي - جزيرة الوراق | H53: احتجاجات أهالي جزيرة الوراق | I53: احتجاج اهالي | J53: تظاهرة ميدانية | K53: احتجاجاً علي احتجاز الأهالي والتضييق الأمني على معدية القللي ومنع حركة الأهالي | L53: مطالب اجتماعية | M53: أهالي جزيرة الوراق | N53: ناشطية اجتماعية | O53: عشرات | P53: قوات الأمن | Q53: القبض علي 2 من اهالي جزيرة الوراق | R53: 1 | S53: قوات الأمن | AD53: ليومين متتاليين.. تراشق بالحجارة بين أهالي الوراق والشرطة بسبب تضييقات «المعدية» كتابة بيسان كساب13 أبريل 2026 من مقاطع مصورة لتبادل الرشق بالحجارة بين قوات الأمن وأهالي «الوراق» أمس الأول أفرجت الشرطة عن اثنين من أهالي جزيرة الوراق، احتجزتهما في واقعتين منفصلتين خلال اليومين الماضيين، مما تسبب في تراشق بالحجارة بين قوات الأمن وأهالي الجزيرة بالقرب من معدية القللي في حي وراق الحضر. كانت قوات الأمن المتمركزة عند المعدية، التي تنقل الأهالي من وإلى الجزيرة، احتجزت رجلًا يبلغ من العمر 63 عامًا بعد مشادة كلامية بسبب احتجاجه على استمرار تضييق قوات الأمن طريق الوصول إلى المعدية باستخدام حواجز حديدية. وتسبب هذا في تجمع عدد من الأهالي ورفضهم المغادرة لحين الإفراج عنه، حسبما قال أحد شهود العيان من أهالي الجزيرة لـ«مدى مصر»، الأمر الذي تطور إلى تبادل الرشق بالحجارة، قبل أن ينتهي الموقف بالإفراج عنه. جاءت تلك الواقعة بعد يوم واحد من اشتباكات مماثلة بعد احتجاز أحد الشباب، والاعتداء عليه بالضرب من قبل قوات الأمن في نفس المنطقة، قبل أن يُفرج عنه لاحقًا من قسم الوراق، أمس، بعد تدخل مجموعة من الأهالي لدى «الأمن الوطني». احتجاز الشاب، بحسب المصدر نفسه وهو عضو سابق في مجلس عائلات جزيرة الوراق، جاء عرضًا خلال محاولة القبض على عدد من الشباب الذين حاولوا تمرير مواد البناء خلسة إلى المعدية، قبل أن يحاول الأهالي إطلاق سراحه، وهو ما قابله عدد من جنود قوات الأمن هناك بالرشق بالحجارة لتفريق الأهالي، قبل أن يتطور الأمر للرد من قبل الأهالي بالرد بالمثل. وكانت قوات الأمن قبلها رصدت محاولة تفريغ كميات من الطوب من سيارة ملاكي إلى تروسيكل نقل صغير، فحاولت منعه والقبض على عدد من الشباب الذين كانوا يساعدون بالعملية تمهيدًا لنقلها إلى الجزيرة، في الوقت الذي كان الشاب المقبوض عليه -وهو أحد أهالي الجزيرة- يمر من المكان. ويعد منع دخول مواد البناء إلى الجزيرة ملمحًا أساسيًا لما يعتبره أهالي الوراق حصارًا مفروضًا عليهم من قبل الدولة، منذ سنوات، ضمن محاولات تهجير السكان لإقامة مشروع عقاري فاخر، إذ يفترض أن يضمن هذا المنع وقف أي بناء جديد في الجزيرة، ما يمهد الطريق لتنفيذ المشروع الذي أعلنت عنه الدولة في 2017، ويمنع زيادة قيمة التعويضات للأهالي عن بيوتهم. | AE53: https://www.madamasr.com/2026/04/13/news/%D8%B3%D9%8A%D8%A7%D8%B3%D8%A9/%D9%84%D9%8A%D9%88%D9%85%D9%8A%D9%86-%D9%85%D8%AA%D8%AA%D8%A7%D9%84%D9%8A%D9%8A%D9%86-%D8%AA%D8%B1%D8%A7%D8%B4%D9%82-%D8%A8%D8%A7%D9%84%D8%AD%D8%AC%D8%A7%D8%B1%D8%A9-%D8%A8%D9%8A%D9%86-%D8%A3%D9%87/
A54: 52 | B54: 46128 | C54: ابريل | D54: الإسكندرية | E54: إقليم الاسكندرية | F54: العامرية | G54: شركة مصر العامرية للغزل والنسيج | H54: احتجاجات عمال مصر العامرية للغزل والنسيج | I54: إضراب عن العمل | J54: إضراب عن العمل | K54: المطالبة بزيادة الرواتب، ورفع قيمة حافز الإنتاج إلى 700 جنيه كحد أدنى، وزيادة قيمة بدل المخاطر | L54: مطالب اقتصادية | M54: عمال شركة مصر العامرية للغزل والنسيج | N54: قطاع عام/موظفون | O54: 200 | P54: إدارة شركة مصر العامرية للغزل والنسيج | R54: 0 | AD54: لليوم الثامن.. عمال «العامرية للغزل» يواصلون الإضراب للمطالبة بزيادة الرواتب كتابة أحمد عشماوي23 أبريل 2026 شركة مصر العامرية. أرشيفية يواصل نحو 200 عامل بقسم التجهيز في شركة مصر العامرية للغزل والنسيج بالإسكندرية، الإضراب عن العمل، لليوم الثامن، للمطالبة بزيادة الرواتب، ورفع قيمة حافز الإنتاج إلى 700 جنيه كحد أدنى، وزيادة قيمة بدل المخاطر، حسبما قالت ثلاثة مصادر عمالية من أقسام مختلفة بالشركة، لـ«مدى مصر». وأوضح مصدر من عمال «التجهيز» أن الإضراب الذي يشارك فيه جميع عمال القسم من الدائمين والمؤقتين، بدأ بعدما قررت الإدارة صرف زيادة قدرها 250 جنيهًا للعمال الحاصلين على مؤهلات عليا ومتوسطة فقط، وفي ظل عدم الاستجابة لمطالبهم التي وعدتهم الإدارة ببحثها في الإضراب السابق قبل نحو شهرين، مشيرًا إلى أنهم شغلوا بعض الماكينات، الثلاثاء الماضي، لتبييض بعض الخامات منعًا لتلفها، ثم توقف العمل تمامًا مرة أخرى. وأضاف المصدر أن مشرفي القسم حاولوا، اليوم، إقناع المضربين بالعودة إلى العمل، وهو ما رفضه العمال حتى تحقيق مطالبهم، فكان الرد عليهم «براحتكو.. قعدتكو دي أوفَر لينا [الشركة] من التشغيل واستهلاك غاز»، بحسب المصدر. كان عمال قسمي التجهيز والملابس، نظموا إضرابًا عن العمل، في فبراير الماضي، احتجاجًا على استقطاعات كبيرة من رواتب فبراير، تمثلت في رفع الضرائب، وزيادة المستقطع لصالح التأمينات الاجتماعية، وللمطالبة بعدم احتساب بدلات المنح والأعياد ضمن الحد الأدنى للأجور، والنظر في الترقيات المتأخرة، وتخصيص يوم محدد من كل شهر لاجتماع العمال مع المدير التنفيذي، وتوفير وظائف بالشركة لأبناء العمال وتعليمهم مهام العمل، بالإضافة إلى إتاحة مكافآت البيع والمزادات والمخازن لجميع العمال وعدم قصرها على العاملين بتلك الأقسام فقط. وانتهى الإضراب وقتها، بوعد من المدير التنفيذي للشركة، ببحث مطالبهم مع مالك الشركة، بنك مصر، والرد عليهم في غضون أسبوعين، وهو ما لم يحدث، حسبما قالت المصادر، اليوم، لـ«مدى مصر». | AE54: https://www.madamasr.com/2026/04/23/news/%D8%B3%D9%8A%D8%A7%D8%B3%D8%A9/%D9%84%D9%84%D9%8A%D9%88%D9%85-%D8%A7%D9%84%D8%AB%D8%A7%D9%85%D9%86-%D8%B9%D9%85%D8%A7%D9%84-%D8%A7%D9%84%D8%B9%D8%A7%D9%85%D8%B1%D9%8A%D8%A9-%D9%84%D9%84%D8%BA%D8%B2%D9%84-%D9%8A%D9%88/ | AF54: https://manassa.news/news/31496 | AG54: https://www.ec-rf.net/%D8%A5%D8%B6%D8%B1%D8%A7%D8%A8-%D8%B9%D9%85%D8%A7%D9%84-%D9%82%D8%B3%D9%85-%D8%A7%D9%84%D8%AA%D8%AC%D9%87%D9%8A%D8%B2-%D9%81%D9%8A-%D9%85%D8%B5%D8%B1-%D8%A7%D9%84%D8%B9%D8%A7%D9%85%D8%B1/ | AH54: https://revsoc.me/workers-farmers/52032/ | AI54: https://manassa.news/news/31604
A55: 53 | B55: 46129 | C55: ابريل | D55: الإسكندرية | E55: إقليم الاسكندرية | F55: العامرية | G55: شركة مصر العامرية للغزل والنسيج | H55: احتجاجات عمال مصر العامرية للغزل والنسيج | I55: إضراب عن العمل | J55: إضراب عن العمل | K55: المطالبة بزيادة الرواتب، ورفع قيمة حافز الإنتاج إلى 700 جنيه كحد أدنى، وزيادة قيمة بدل المخاطر | L55: مطالب اقتصادية | M55: عمال شركة مصر العامرية للغزل والنسيج | N55: قطاع عام/موظفون | O55: 200 | P55: إدارة شركة مصر العامرية للغزل والنسيج | R55: 0 | AD55: لليوم الثامن.. عمال «العامرية للغزل» يواصلون الإضراب للمطالبة بزيادة الرواتب كتابة أحمد عشماوي23 أبريل 2026 شركة مصر العامرية. أرشيفية يواصل نحو 200 عامل بقسم التجهيز في شركة مصر العامرية للغزل والنسيج بالإسكندرية، الإضراب عن العمل، لليوم الثامن، للمطالبة بزيادة الرواتب، ورفع قيمة حافز الإنتاج إلى 700 جنيه كحد أدنى، وزيادة قيمة بدل المخاطر، حسبما قالت ثلاثة مصادر عمالية من أقسام مختلفة بالشركة، لـ«مدى مصر». وأوضح مصدر من عمال «التجهيز» أن الإضراب الذي يشارك فيه جميع عمال القسم من الدائمين والمؤقتين، بدأ بعدما قررت الإدارة صرف زيادة قدرها 250 جنيهًا للعمال الحاصلين على مؤهلات عليا ومتوسطة فقط، وفي ظل عدم الاستجابة لمطالبهم التي وعدتهم الإدارة ببحثها في الإضراب السابق قبل نحو شهرين، مشيرًا إلى أنهم شغلوا بعض الماكينات، الثلاثاء الماضي، لتبييض بعض الخامات منعًا لتلفها، ثم توقف العمل تمامًا مرة أخرى. وأضاف المصدر أن مشرفي القسم حاولوا، اليوم، إقناع المضربين بالعودة إلى العمل، وهو ما رفضه العمال حتى تحقيق مطالبهم، فكان الرد عليهم «براحتكو.. قعدتكو دي أوفَر لينا [الشركة] من التشغيل واستهلاك غاز»، بحسب المصدر. كان عمال قسمي التجهيز والملابس، نظموا إضرابًا عن العمل، في فبراير الماضي، احتجاجًا على استقطاعات كبيرة من رواتب فبراير، تمثلت في رفع الضرائب، وزيادة المستقطع لصالح التأمينات الاجتماعية، وللمطالبة بعدم احتساب بدلات المنح والأعياد ضمن الحد الأدنى للأجور، والنظر في الترقيات المتأخرة، وتخصيص يوم محدد من كل شهر لاجتماع العمال مع المدير التنفيذي، وتوفير وظائف بالشركة لأبناء العمال وتعليمهم مهام العمل، بالإضافة إلى إتاحة مكافآت البيع والمزادات والمخازن لجميع العمال وعدم قصرها على العاملين بتلك الأقسام فقط. وانتهى الإضراب وقتها، بوعد من المدير التنفيذي للشركة، ببحث مطالبهم مع مالك الشركة، بنك مصر، والرد عليهم في غضون أسبوعين، وهو ما لم يحدث، حسبما قالت المصادر، اليوم، لـ«مدى مصر». | AE55: https://www.madamasr.com/2026/04/23/news/%D8%B3%D9%8A%D8%A7%D8%B3%D8%A9/%D9%84%D9%84%D9%8A%D9%88%D9%85-%D8%A7%D9%84%D8%AB%D8%A7%D9%85%D9%86-%D8%B9%D9%85%D8%A7%D9%84-%D8%A7%D9%84%D8%B9%D8%A7%D9%85%D8%B1%D9%8A%D8%A9-%D9%84%D9%84%D8%BA%D8%B2%D9%84-%D9%8A%D9%88/ | AF55: https://manassa.news/news/31496 | AG55: https://www.ec-rf.net/%D8%A5%D8%B6%D8%B1%D8%A7%D8%A8-%D8%B9%D9%85%D8%A7%D9%84-%D9%82%D8%B3%D9%85-%D8%A7%D9%84%D8%AA%D8%AC%D9%87%D9%8A%D8%B2-%D9%81%D9%8A-%D9%85%D8%B5%D8%B1-%D8%A7%D9%84%D8%B9%D8%A7%D9%85%D8%B1/ | AH55: https://revsoc.me/workers-farmers/52032/ | AI55: https://manassa.news/news/31604
